Workbook
Name Prix: Prix_CECPA!$A$2:$B$11
Name Prix_Titre: Prix_CECPA!$A$2:$B$2
Name Rend: Rendements_CECPA!$A$2:$B$10
Name Rend_Titre: Rendements_CECPA!$A$2:$B$2

Sheet GuideUtilisation
A1: OBJECTIFS
A2: Cet outil documente plusieurs types de marges bénéficiaires attendus selon la rotation employée. Cet outil se veut une aide à la décision pour le producteur agricole.
A4: DESCRIPTION DES ONGLETS
A5: Saisie | B5: Cet onglet permet de modifier les données initiales de l'entreprise agricole, notamment quant aux prix et aux rendements des différentes cultures. Le producteur peut donc inscrire ses propres prix et le rendement attendu dans les colonnes "Vos prix" et "Vos rendements". Si votre exploitation ne cultive pas cette production, ne rien inscrire dans la colonne "Vos rendements". L'outil considère des gains agronomiques liés à la diversification de la rotation et à l'ajout d'une culture de couverture. Vous pouvez inscrire les gains agronomiques attendus liés à la diversification de la rotation dans la colonne "Vos gains agronomiques". De plus, nous considérons que la culture de couverture permet de compenser pour la fertilisation azotée. Vous pouvez inscrire la compensation azotée attendue dans vos champs. Enfin, cet outil prend en compte que les gains provenant de la diversification de la rotation et de l'ajout de culture de couverture n'est pas instantanné. Ainsi, l'outil permet d'ajuster la portion des gains agronomiques attendus suite au premier cycle de rotation des cultures.
A6: Chanvre / Sarrasin / Orge / Avoine / Blé de printemps / Blé d'automne / Seigle / Seigle hybride / Prairie | B6: Cet onglet présente les modèles utilisés pour générer les coûts de production des cultures. L'utilisateur peut modifier les coûts pour refléter sa situation. Si un poste de dépenses ou de revenus n'est pas modifié par l'utilisateur, le modèle sélectionnera la donnée inscrite dans la région centrale ou périphérique.
A7: Gains agronomiques | B7: Cet onglet présente les différents gains agronomiques attendus lors de la diversification de la rotation et l'ajout de cultures de couverture. Ces données devront être mises à jour périodiquement.
A8: Cultures de couverture | B8: Cet onglet présente les coûts relatifs à la cultures de couverture.
A9: ASRA_Calculs | B9: Le modèle retient les données de l'ASRA pour calculer le prix minimal attendu par le producteur agricole. Les données de cet onglet devront être mis à jour annuellement.
A10: Rendements_CECPA / Prix_CECPA | B10: Le modèle retient les données initiales du CECPA quant au prix et au rendement des différentes cultures. Ces données pourraient être mises à jour périodiquement.
A11: Intermédiaire_Prod-Résultats | B11: Cet onglet lie les données inscrites par l'usager et les résultats.
A12: Résultats détaillés | B12: Cet onglet présente les résultats des marges bénéficiaires brutes, des marges monétaires et des marges nettes pour différentes rotations. Les résultats sont divisés entre ceux obtenus par le modèle (bleu) et ceux incorporant les modifications effectuées par l'usager (orange).
A13: Résultats sommaires | B13: Cet onglet présente les résultats des marges bénéficiaires brutes, des marges monétaires et des marges nettes selon les différents cycles de rotations. Les résultats sont divisés entre ceux obtenus par le modèle (bleu) et ceux incorporant les modifications effectuées par l'usager (orange). Il s'agit d'une récapitulation des résultats.
A15: LIMITES
A16: Il est à noter que cet outil est un outil d'aide à la décision et il doit être utiliser uniquement en ce sens. Avant de prendre des décisions de production, nous recommandons à ce que le producteur consulte son agronome-conseil pour prendre en compte tous les facteurs spécifiques à son entreprise agricole. Toutes décisions prises par les producteurs à l'aide de cet outil sont la responsabilité du producteur agricole et n'engage en aucun cas le groupe Concertation Grains Québec et les auteurs de l'outil.
A18: CONTACTS
A19: Marlène Thiboutot, Concertation Grains Québec.
A20: marlenethiboutot@concertationgrainsquebec.ca
A22: CONCEPTEURS
A23: Le présent outil est la propriété de Lota D. Tamini et de Philippe Leriche. Les propriétaires autorisent le groupe Concertation Grains Québec à diffuser l'outil, mais n'autorisent pas la commercialisation de celui-ci. Toutes autres diffusions ou commercialisations ne peuvent se faire sans l'autorisation écrites de ses propriétaires.

Sheet Saisies
A1: RÉGION | B1: Périphérique
A2: TYPE DE RÉGIE | B2: Biologique
A4: RENDEMENT
A5: Le modèle utilise les rendements ci-dessous pour la région sélectionnée. Si les rendements présents ne reflètent pas ceux observés sur votre ferme, nous vous invitons à les indiquer dans la colonne inscrite à cet effet. Si votre exploitation ne produit pas cette culture, ne rien inscrire dans la colonne.
B6: Rendements utilisés par le modèle (t/ha)
B7: Rendements associés à la région | C7: Vos rendements
A8: Chanvre | B8: =Rendements_CECPA!B3 -> 0.9
A9: Sarrasin | B9: =Rendements_CECPA!B4 -> 1.6
A10: Orge | B10: =Rendements_CECPA!B5 -> 2.5
A11: Avoine | B11: =Rendements_CECPA!B6 -> 2.2
A12: Blé de printemps | B12: =Rendements_CECPA!B8 -> 2.8
A13: Blé d'automne | B13: =Rendements_CECPA!B7 -> 3.5
A14: Seigle | B14: =Rendements_CECPA!B9 -> 2.1
A15: Seigle hybride | B15: =Rendements_CECPA!B10 -> 4.5
A16: Prairie | B16: =Rendements_CECPA!B11 -> 3
A18: PRIX
A19: Le modèle utilise les prix ci-dessous. Si les prix présents ne reflètent pas ceux observés sur votre ferme, nous vous invitons à les indiquer dans la colonne inscrite à cet effet. Si votre exploitation ne produit pas cette culture, ne rien inscrire dans la colonne.
B20: Prix utilisés par le modèle ($/t)
B21: Prix associés à la région | C21: Vos prix
A22: Chanvre | B22: =Prix_CECPA!B3 -> 2935
A23: Sarrasin | B23: =Prix_CECPA!B4 -> 1017.5
A24: Orge | B24: =Prix_CECPA!B5 -> 565
A25: Avoine | B25: =Prix_CECPA!B6 -> 435
A26: Blé de printemps | B26: =Prix_CECPA!B8 -> 569.8
A27: Blé d'automne | B27: =Prix_CECPA!B7 -> 569.8
A28: Seigle | B28: =Prix_CECPA!B9 -> 462.5
A29: Seigle hybride | B29: =Prix_CECPA!B10 -> 462.5
A30: Prairie | B30: =Prix_CECPA!B11 -> 209.09
A32: GAINS AGRONOMIQUES DE LA ROTATION ET CULTURES DE COUVERTURE
A33: Le modèle utilise les gains agronomiques1 ci-dessous. Si ces gains ne reflètent pas ceux observés sur votre ferme, nous vous invitons à les indiquer dans la colonne inscrite à cet effet. Si votre exploitation ne produit pas cette culture, ne rien inscrire dans la colonne. Si aucunes cultures de couverture ou engrais verts ne sont considérés par votre entreprise, inscrire 0 dans la case de gains azotée prévue à cet effet.
B35: Cultures de couverture
A36: Présence de cultures de couverture | B36: Oui
B39: Gains de rendement
B40: Gains de rendement | C40: Vos gains de rendement
A41: Chanvre | B41: 0
A42: Sarrasin | B42: 0
A43: Orge | B43: 0
A44: Avoine | B44: 0
A45: Blé de printemps | B45: 0
A46: Blé d'automne | B46: 0
A47: Seigle | B47: 0
A48: Seigle hybride | B48: 0
A49: Prairie | B49: 0
B51: Gains azotés
B52: Gains azotés | C52: Vos gains azoté
A53: Unités d'azote | B53: =IF(B36="Oui",50,0) -> 50
A54: Coût unitaire de l'azote | B54: 0.7
A56: 1. Les gains agronomiques considérés dans ce modèle correspondent à l'augmentation de rendement attendu par la diversification des rotations et l'ajout d'une culture de couverture et à nombre d'unités d'azote fourni par la culture de couverture.
A58: GAINS PROGRESSIFS
A59: Le modèle considère que les gains agronomiques attendus ne seront pas perçus lors du premier cycle de rotation puisqu'il y a une courbe d'apprentissage lorsque l'on se familiarise avec une nouvelle technique et pour prendre en compte l'amélioration progressive de la terre. Le modèle considère donc des portions des gains agronomiques présentés ici. Si ces gains ne reflètent pas ceux observés sur votre ferme, nous vous invitons à les indiquer dans la colonne inscrite à cet effet.
B60: % de gains agronomiques lors de la première rotation
B61: % de gains agronomiques | C61: % de gains de votre ferme
A62: Gains agronomiques - Cycle 1 | B62: 0
A63: Gains agronomiques - Cycle 2 | B63: 0.5
A64: Gains agronomiques - Cycle 3 | B64: 1
A66: AUTRES PRATIQUES BÉNÉFIQUES
A67: Cette section vous permet d'inscrire d'autres coûts de pratiques de gestion bénéfiques que vous utilisez sur votre production agricole.
B68: Autres coûts
B69: Autres coûts | C69: Vos autres coûts
B70: 0

Sheet Gains agronomiques
A1: Rotation
A2: Année | B2: Lieu | C2: Rotations | D2: Résultats | E2: Sources
A3: 2015 | B3: Guelph, Ontario | C3: A. Monoculture maïs B. Maïs-Maïs-Soya-Soya C. Maïs-Maïs-Luzerne-Luzerne D. Maïs-Maïs-Soya-Blé d'automne E. Maïs-Maïs-Avoine-Orge F. Maïs-Maïs-Soya-Blé d'automne_CC de trèfle rouge dans blé d'automne G. Maïs-Maïs-Avoine_CC de trèfle rouge dans l'avoine-Orge_CC de trèfle rouge dans l'orge | D3: La rotation B n'a aucune différence significative avec la rotation A. La rotation C permet des rendements de maïs 10 % plus élevés. La rotation D n'a aucune différence significative pour le rendement du maïs que la rotation B, mais permet des rendements 14 % plus élevés pour le soya que la rotation B. Les rotations E et F n'ont aucunes différences significatives avec la rotation B. La rotation G permet des rendements de 6 % plus élevés que la rotation B. | E3: Gaudin A.C.M., Tolhurst T.N., Ker A.P., Janovicek K., Tortora C., et al. (2015). Increasing Crop Diversity Mitigates Weather Variations and Improves Yield Stability. Dans Plos One. Vol 10(2). 20 pages.
A4: 2013 | B4: Guelph, Ontario | C4: A. Monoculture maïs B. Maïs-Soya C. Maïs-Soya-Blé d'automne D. Maïs-Soya-Blé d'automne_CC de trèfle rouge dans blé d'automne | D4: La rotation B permet des rendements de maïs entre 5-27 % plus élevée que la monoculture de maïs, et de soya entre 5-17 % plus élevé que la monoculture de soya. La rotation C permet des rendements de maïs de 12 % plus élevé que la rotation B, et des gains de rendements de soya de 10 % plus élevé que la rotation B. L'ajout de trèfle rouge augmente les rendements de 5 %. | E4: Tremblay G. (2016) Bénéfices des rotations en grandes cultures. Drummondville : CÉROM. 42 pages.
A5: 2009 | B5: Pennsylvanie | C5: A. Monoculture maïs B. Maïs-Soya C. 4 X Maïs- 4 X Luzerne D. Maïs-Avoine/Blé- 2 X Trèfle Rouge / Fléole des prés | D5: La rotation C permet des rendement de maïs entre 7 et 12 % plus élevée que la monoculture de maïs.
A6: 2011 | B6: Saint-Hyacinthe et Normandin | C6: A. Monoculture maïs B. Monoculture soya C. Maïs-soya D. Maïs-soya-Blé | D6: La rotation permet des gains de rendements de maïs de 6.8 % lorsqu'il y a labour et de 7.7 % lorsqu'il y a chisel par rapport à la monoculture. La rotation permet des gains de rendement du soya de 6.3 % lorsqu'il y a labour et de 3.5 % lorsqu'il y a chisel par rapport à la monoculture.
A7: 2014 | B7: Beloeil | C7: A. Monoculture de maïs B. Maïs-Soya-Blé C. Maïs-Soya-Blé-3X Prairie D. Prairie | D7: La rotation B permet des gains de rendements du maïs-grain de 14 % par rapport à la monoculture de maïs. La rotation C permet des gains de rendements de maïs-grain de 11 % par rapport à la monoculture de maïs.
A10: Cultures de couverture
A11: Année | B11: Lieu | C11: Cultures de couverture | D11: Résultats | E11: Sources
A12: 2022 | B12: Québec | C12: A. Tous types de cultures de couverture, tout mode d'implantation B. Tous types de cultures de couverture, implantation en dérobé et intercalaire. | D12: Les cultures de couverture en A permettent une augmentation du rendement de maïs de 13 % et des céréales de 22 %. Aucun impact dans le soya. Les cultures de couverture en B permettent une augmentation du rendement de maïs de 11 % et des céréales de 11 %. Aucun impact dans le soya. | E12: Vanasse A., Thibaudeau S. & Weill A. (2022). Guide des cultures de couverture en grandes cultures. Centre de référence en agriculture et agroalimentaire au Québec (CRAAQ). 204 pages.

Sheet Chanvre
E1: $/ha | G1: $/ha
E2: Périphérique | G2: Vos coûts
A4: PRODUITS
A5: Vente | E5: =Saisies!B8*Saisies!B22 -> 2641.5 | G5: =IF(Saisies!C8="",Saisies!B8,Saisies!C8)*IF(Saisies!C22="",Saisies!B22,Saisies!C22) -> 2641.5 | H5: =IF(G5="","",IF(OR(G5>E5*(1+0.5),G5<E5*(1-0.5)),"La valeur saisie diffère grandement des coûts utilisés dans le modèle. Assurez-vous qu'il ne s'agit pas d'une erreur de saisie",""))
A6: Compensation d'assurance stabilisation | E6: =IF(ASRA_Calculs!$B$2<ASRA_Calculs!$C$2,(ASRA_Calculs!$C$2-ASRA_Calculs!$B$2)*ASRA_Calculs!$D$2,0) -> 0 | G6: =IF(ASRA_Calculs!$B$2<ASRA_Calculs!$C$2,(ASRA_Calculs!$C$2-ASRA_Calculs!$B$2)*ASRA_Calculs!$D$2,0) -> 0 | H6: =IF(G6="","",IF(OR(G6>E6*(1+0.5),G6<E6*(1-0.5)),"La valeur saisie diffère grandement des coûts utilisés dans le modèle. Assurez-vous qu'il ne s'agit pas d'une erreur de saisie",""))
A7: Revenus de sous-produits | E7: 0 | H7: =IF(G7="","",IF(OR(G7>E7*(1+0.5),G7<E7*(1-0.5)),"La valeur saisie diffère grandement des coûts utilisés dans le modèle. Assurez-vous qu'il ne s'agit pas d'une erreur de saisie",""))
A8: Agri-Québec et Agri-Investissement | E8: =(E5-E16)*0.042 -> 99.65382 | G8: =(G5-G16)*0.042 -> 110.943
A9: Autres revenus | E9: 100.94 | H9: =IF(G9="","",IF(OR(G9>E9*(1+0.5),G9<E9*(1-0.5)),"La valeur saisie diffère grandement des coûts utilisés dans le modèle. Assurez-vous qu'il ne s'agit pas d'une erreur de saisie",""))
A10: Autres revenus | E10: =SUM(E8:E9) -> 200.59382 | G10: =SUM(G8:G9) -> 110.943
A12: TOTAL PRODUITS | E12: =SUM(E5:E7)+E10 -> 2842.0938 | G12: =SUM(G5:G7)+G10 -> 2752.443
A15: FRAIS MONÉTAIRE
A16: Semences | E16: 268.79
A17: Intrants de cultures | E17: 115.44
A18: Frais de mise en marché | D18: =37.97/0.9 -> 42.188889 | E18: 37.97
A19: Forfait et location | E19: 231.99
A20: Entretien | E20: 140.34
A21: Énergie | D21: =109.13/0.9 -> 121.25556 | E21: 109.13
A22: Taxes et assurances | E22: 68.27
A23: Frais de financement | E23: 113.75
A24: Autres frais | E24: 142.02
B25: Sous-total | E25: =SUM(E16:E24) -> 1227.7 | G25: =SUM(G16:G24) -> 0
A27: MARGE BÉNÉFICIAIRE APRÈS FRAIS MONÉTAIRES (MARGE MONÉTAIRE) | E27: =E12-E25 -> 1614.3938 | G27: =G12-G25 -> 2752.443
A29: FRAIS NON MONÉTAIRE
A30: Amortissements | E30: 398.54
A31: Rénumération du travail de l'exploitant | E31: 395.23 | H31: =IF(G31="","",IF(OR(G31>E31*(1+0.5),G31<E31*(1-0.5)),"La valeur saisie diffère grandement des coûts utilisés dans le modèle. Assurez-vous qu'il ne s'agit pas d'une erreur de saisie",""))
B32: Sous-total | E32: =SUM(E30:E31) -> 793.77 | G32: =SUM(G30:G31) -> 0
A34: MARGE BÉNÉFICIAIRE APRÈS LES AMORTISSEMENTS ET LES RÉNUMÉRATIONS DU TRAVAIL ET DE L'AVOIR (MARGE NETTE) | E34: =E27-E32 -> 820.62382 | G34: =G27-G32 -> 2752.443

Sheet Sarrasin
E1: $/ha | G1: $/ha
E2: Périphérique | G2: Vos coûts
A4: PRODUITS
A5: Vente | E5: =Saisies!B9*Saisies!B23 -> 1628 | G5: =IF(Saisies!C9="",Saisies!B9,Saisies!C9)*IF(Saisies!C23="",Saisies!B23,Saisies!C23) -> 1628 | H5: =IF(G5="","",IF(OR(G5>E5*(1+0.5),G5<E5*(1-0.5)),"La valeur saisie diffère grandement des coûts utilisés dans le modèle. Assurez-vous qu'il ne s'agit pas d'une erreur de saisie",""))
A6: Compensation d'assurance stabilisation | E6: =IF(ASRA_Calculs!$B$3<ASRA_Calculs!$C$3,(ASRA_Calculs!$C$3-ASRA_Calculs!$B$3)*ASRA_Calculs!$D$3,0) -> 0 | G6: =IF(ASRA_Calculs!$B$3<ASRA_Calculs!$C$3,(ASRA_Calculs!$C$3-ASRA_Calculs!$B$3)*ASRA_Calculs!$D$3,0) -> 0 | H6: =IF(G6="","",IF(OR(G6>E6*(1+0.5),G6<E6*(1-0.5)),"La valeur saisie diffère grandement des coûts utilisés dans le modèle. Assurez-vous qu'il ne s'agit pas d'une erreur de saisie",""))
A7: Revenus de sous-produits | E7: 0 | H7: =IF(G7="","",IF(OR(G7>E7*(1+0.5),G7<E7*(1-0.5)),"La valeur saisie diffère grandement des coûts utilisés dans le modèle. Assurez-vous qu'il ne s'agit pas d'une erreur de saisie",""))
A8: Agri-Québec et Agri-Investissement | E8: =(E5-E16)*0.042 -> 63.5187 | G8: =(G5-G16)*0.042 -> 68.376
A9: Autres revenus | E9: 176.08 | H9: =IF(G9="","",IF(OR(G9>E9*(1+0.5),G9<E9*(1-0.5)),"La valeur saisie diffère grandement des coûts utilisés dans le modèle. Assurez-vous qu'il ne s'agit pas d'une erreur de saisie",""))
A10: Autres revenus | E10: =SUM(E8:E9) -> 239.5987 | G10: =SUM(G8:G9) -> 68.376
A12: TOTAL PRODUITS | E12: =SUM(E5:E7)+E10 -> 1867.5987 | G12: =SUM(G5:G7)+G10 -> 1696.376
A15: FRAIS MONÉTAIRE
A16: Semences | E16: 115.65
A17: Intrants de cultures | E17: 48.9
A18: Frais de mise en marché | D18: =44.49/1.6 -> 27.80625 | E18: 44.49
A19: Forfait et location | E19: 145.07
A20: Entretien | E20: 209.65
A21: Énergie | D21: =160.38/1.6 -> 100.2375 | E21: 160.38
A22: Taxes et assurances | E22: 62.77
A23: Frais de financement | E23: 129.24
A24: Autres frais | E24: 77.56
B25: Sous-total | E25: =SUM(E16:E24) -> 993.71 | G25: =SUM(G16:G24) -> 0
A27: MARGE BÉNÉFICIAIRE APRÈS FRAIS MONÉTAIRES (MARGE MONÉTAIRE) | E27: =E12-E25 -> 873.8887 | G27: =G12-G25 -> 1696.376
A29: FRAIS NON MONÉTAIRE
A30: Amortissements | E30: 284.2
A31: Rénumération du travail de l'exploitant | E31: 459.57
B32: Sous-total | E32: =SUM(E30:E31) -> 743.77 | G32: =SUM(G30:G31) -> 0
A34: MARGE BÉNÉFICIAIRE APRÈS LES AMORTISSEMENTS ET LES RÉNUMÉRATIONS DU TRAVAIL ET DE L'AVOIR (MARGE NETTE) | E34: =E27-E32 -> 130.1187 | G34: =G27-G32 -> 1696.376

Sheet Orge
E1: $/ha | G1: $/ha
E2: Périphérique | G2: Vos coûts
A4: PRODUITS
A5: Vente | E5: =Saisies!B10*Saisies!B24 -> 1412.5 | G5: =IF(Saisies!C10="",Saisies!B10,Saisies!C10)*IF(Saisies!C24="",Saisies!B24,Saisies!C24) -> 1412.5 | H5: =IF(G5="","",IF(OR(G5>E5*(1+0.5),G5<E5*(1-0.5)),"La valeur saisie diffère grandement des coûts utilisés dans le modèle. Assurez-vous qu'il ne s'agit pas d'une erreur de saisie",""))
A6: Compensation d'assurance stabilisation | E6: =IF(ASRA_Calculs!$B$4<ASRA_Calculs!$C$4,(ASRA_Calculs!$C$4-ASRA_Calculs!$B$4)*ASRA_Calculs!$D$4,0) -> 0 | G6: =IF(ASRA_Calculs!$B$4<ASRA_Calculs!$C$4,(ASRA_Calculs!$C$4-ASRA_Calculs!$B$4)*ASRA_Calculs!$D$4,0) -> 0 | H6: =IF(G6="","",IF(OR(G6>E6*(1+0.5),G6<E6*(1-0.5)),"La valeur saisie diffère grandement des coûts utilisés dans le modèle. Assurez-vous qu'il ne s'agit pas d'une erreur de saisie",""))
A7: Revenus de sous-produits | E7: 0 | H7: =IF(G7="","",IF(OR(G7>E7*(1+0.5),G7<E7*(1-0.5)),"La valeur saisie diffère grandement des coûts utilisés dans le modèle. Assurez-vous qu'il ne s'agit pas d'une erreur de saisie",""))
A8: Agri-Québec et Agri-Investissement | E8: =(E5+E7-E16)*0.01 -> 11.6701 | G8: =(G5-G16)*0.01 -> 14.125
A9: Autres revenus | E9: 241.96 | H9: =IF(G9="","",IF(OR(G9>E9*(1+0.5),G9<E9*(1-0.5)),"La valeur saisie diffère grandement des coûts utilisés dans le modèle. Assurez-vous qu'il ne s'agit pas d'une erreur de saisie",""))
A10: Autres revenus | E10: =SUM(E8:E9) -> 253.6301 | G10: =SUM(G8:G9) -> 14.125
A12: TOTAL PRODUITS | E12: =SUM(E5:E7)+E10 -> 1666.1301 | G12: =SUM(G5:G7)+G10 -> 1426.625
A15: FRAIS MONÉTAIRE
A16: Semences | E16: 245.49
A17: Intrants de cultures | E17: 64.91
A18: Frais de mise en marché | D18: =14.87/2.5 -> 5.948 | E18: 14.87
A19: Forfait et location | E19: 323.33
A20: Entretien | E20: 204.14
A21: Énergie | D21: =122.32/2.5 -> 48.928 | E21: 122.32
A22: Taxes et assurances | E22: 54.75
A23: Frais de financement | E23: 100.27
A24: Autres frais | E24: 117.74
B25: Sous-total | E25: =SUM(E16:E24) -> 1247.82 | G25: =SUM(G16:G24) -> 0
A27: MARGE BÉNÉFICIAIRE APRÈS FRAIS MONÉTAIRES (MARGE MONÉTAIRE) | E27: =E12-E25 -> 418.3101 | G27: =G12-G25 -> 1426.625
A29: FRAIS NON MONÉTAIRE
A30: Amortissements | E30: 229.13
A31: Rénumération du travail de l'exploitant | E31: 385.78
B32: Sous-total | E32: =SUM(E30:E31) -> 614.91 | G32: =SUM(G30:G31) -> 0
A34: MARGE BÉNÉFICIAIRE APRÈS LES AMORTISSEMENTS ET LES RÉNUMÉRATIONS DU TRAVAIL ET DE L'AVOIR (MARGE NETTE) | E34: =E27-E32 -> -196.5999 | G34: =G27-G32 -> 1426.625

Sheet Avoine
E1: $/ha | G1: $/ha
E2: Périphérique | G2: Vos coûts
A4: PRODUITS
A5: Vente | E5: =Saisies!B11*Saisies!B25 -> 957 | G5: =IF(Saisies!C11="",Saisies!B11,Saisies!C11)*IF(Saisies!C25="",Saisies!B25,Saisies!C25) -> 957 | H5: =IF(G5="","",IF(OR(G5>E5*(1+0.5),G5<E5*(1-0.5)),"La valeur saisie diffère grandement des coûts utilisés dans le modèle. Assurez-vous qu'il ne s'agit pas d'une erreur de saisie",""))
A6: Compensation d'assurance stabilisation | E6: =IF(ASRA_Calculs!$B$5<ASRA_Calculs!$C$5,(ASRA_Calculs!$C$5-ASRA_Calculs!$B$5)*ASRA_Calculs!$D$5,0) -> 0 | G6: =IF(ASRA_Calculs!$B$5<ASRA_Calculs!$C$5,(ASRA_Calculs!$C$5-ASRA_Calculs!$B$5)*ASRA_Calculs!$D$5,0) -> 0 | H6: =IF(G6="","",IF(OR(G6>E6*(1+0.5),G6<E6*(1-0.5)),"La valeur saisie diffère grandement des coûts utilisés dans le modèle. Assurez-vous qu'il ne s'agit pas d'une erreur de saisie",""))
A7: Revenus de sous-produits | E7: 0 | H7: =IF(G7="","",IF(OR(G7>E7*(1+0.5),G7<E7*(1-0.5)),"La valeur saisie diffère grandement des coûts utilisés dans le modèle. Assurez-vous qu'il ne s'agit pas d'une erreur de saisie",""))
A8: Agri-Québec et Agri-Investissement | E8: =(E5+E7-E16)*0.01 -> 8.0924 | G8: =(G5-G16)*0.01 -> 9.57
A9: Autres revenus | E9: 132.27 | H9: =IF(G9="","",IF(OR(G9>E9*(1+0.5),G9<E9*(1-0.5)),"La valeur saisie diffère grandement des coûts utilisés dans le modèle. Assurez-vous qu'il ne s'agit pas d'une erreur de saisie",""))
A10: Autres revenus | E10: =SUM(E8:E9) -> 140.3624 | G10: =SUM(G8:G9) -> 9.57
A12: TOTAL PRODUITS | E12: =SUM(E5:E7)+E10 -> 1097.3624 | G12: =SUM(G5:G7)+G10 -> 966.57
A15: FRAIS MONÉTAIRE
A16: Semences | E16: 147.76 | H16: =IF(G16="","",IF(OR(G16>E16*(1+0.5),G16<E16*(1-0.5)),"La valeur saisie diffère grandement des coûts utilisés dans le modèle. Assurez-vous qu'il ne s'agit pas d'une erreur de saisie",""))
A17: Intrants de cultures | E17: 64.57 | H17: =IF(G17="","",IF(OR(G17>E17*(1+0.5),G17<E17*(1-0.5)),"La valeur saisie diffère grandement des coûts utilisés dans le modèle. Assurez-vous qu'il ne s'agit pas d'une erreur de saisie",""))
A18: Frais de mise en marché | D18: =44.99/2.2 -> 20.45 | E18: 44.99
A19: Forfait et location | E19: 272.22
A20: Entretien | E20: 163.11
A21: Énergie | D21: =119.16/2.2 -> 54.163636 | E21: 119.16 | H21: =IF(G21="","",IF(OR(G21>E21*(1+0.5),G21<E21*(1-0.5)),"La valeur saisie diffère grandement des coûts utilisés dans le modèle. Assurez-vous qu'il ne s'agit pas d'une erreur de saisie",""))
A22: Taxes et assurances | E22: 61.46 | H22: =IF(G22="","",IF(OR(G22>E22*(1+0.5),G22<E22*(1-0.5)),"La valeur saisie diffère grandement des coûts utilisés dans le modèle. Assurez-vous qu'il ne s'agit pas d'une erreur de saisie",""))
A23: Frais de financement | E23: 85.41 | H23: =IF(G23="","",IF(OR(G23>E23*(1+0.5),G23<E23*(1-0.5)),"La valeur saisie diffère grandement des coûts utilisés dans le modèle. Assurez-vous qu'il ne s'agit pas d'une erreur de saisie",""))
A24: Autres frais | E24: 194.85 | H24: =IF(G24="","",IF(OR(G24>E24*(1+0.5),G24<E24*(1-0.5)),"La valeur saisie diffère grandement des coûts utilisés dans le modèle. Assurez-vous qu'il ne s'agit pas d'une erreur de saisie",""))
B25: Sous-total | E25: =SUM(E16:E24) -> 1153.53 | G25: =SUM(G16:G24) -> 0
A27: MARGE BÉNÉFICIAIRE APRÈS FRAIS MONÉTAIRES (MARGE MONÉTAIRE) | E27: =E12-E25 -> -56.1676 | G27: =G12-G25 -> 966.57
A29: FRAIS NON MONÉTAIRE
A30: Amortissements | E30: 170.27 | H30: =IF(G30="","",IF(OR(G30>E30*(1+0.5),G30<E30*(1-0.5)),"La valeur saisie diffère grandement des coûts utilisés dans le modèle. Assurez-vous qu'il ne s'agit pas d'une erreur de saisie",""))
A31: Rénumération du travail de l'exploitant | E31: 346.94 | H31: =IF(G31="","",IF(OR(G31>E31*(1+0.5),G31<E31*(1-0.5)),"La valeur saisie diffère grandement des coûts utilisés dans le modèle. Assurez-vous qu'il ne s'agit pas d'une erreur de saisie",""))
B32: Sous-total | E32: =SUM(E30:E31) -> 517.21 | G32: =SUM(G30:G31) -> 0
A34: MARGE BÉNÉFICIAIRE APRÈS LES AMORTISSEMENTS ET LES RÉNUMÉRATIONS DU TRAVAIL ET DE L'AVOIR (MARGE NETTE) | E34: =E27-E32 -> -573.3776 | G34: =G27-G32 -> 966.57

Sheet Blé_d'automne
E1: $/ha | G1: $/ha
E2: Périphérique | G2: Vos coûts
A4: PRODUITS
A5: Vente | E5: =Saisies!B13*Saisies!B27 -> 1994.3 | G5: =IF(Saisies!C13="",Saisies!B13,Saisies!C13)*IF(Saisies!C27="",Saisies!B27,Saisies!C27) -> 1994.3 | H5: =IF(G5="","",IF(OR(G5>E5*(1+0.5),G5<E5*(1-0.5)),"La valeur saisie diffère grandement des coûts utilisés dans le modèle. Assurez-vous qu'il ne s'agit pas d'une erreur de saisie",""))
A6: Compensation d'assurance stabilisation | E6: =IF(ASRA_Calculs!$B$6<ASRA_Calculs!$C$6,(ASRA_Calculs!$C$6-ASRA_Calculs!$B$6)*ASRA_Calculs!$D$6,0) -> 0 | G6: =IF(ASRA_Calculs!$B$6<ASRA_Calculs!$C$6,(ASRA_Calculs!$C$6-ASRA_Calculs!$B$6)*ASRA_Calculs!$D$6,0) -> 0 | H6: =IF(G6="","",IF(OR(G6>E6*(1+0.5),G6<E6*(1-0.5)),"La valeur saisie diffère grandement des coûts utilisés dans le modèle. Assurez-vous qu'il ne s'agit pas d'une erreur de saisie",""))
A7: Revenus de sous-produits | E7: 0 | H7: =IF(G7="","",IF(OR(G7>E7*(1+0.5),G7<E7*(1-0.5)),"La valeur saisie diffère grandement des coûts utilisés dans le modèle. Assurez-vous qu'il ne s'agit pas d'une erreur de saisie",""))
A8: Agri-Québec et Agri-Investissement | E8: =(E5+E7-E16)*0.01 -> 17.786609 | G8: =(G5-G16)*0.01 -> 19.943
A9: Autres revenus | E9: 85.99 | H9: =IF(G9="","",IF(OR(G9>E9*(1+0.5),G9<E9*(1-0.5)),"La valeur saisie diffère grandement des coûts utilisés dans le modèle. Assurez-vous qu'il ne s'agit pas d'une erreur de saisie",""))
A10: Autres revenus | E10: =SUM(E8:E9) -> 103.77661 | G10: =SUM(G8:G9) -> 19.943
A12: TOTAL PRODUITS | E12: =SUM(E5:E7)+E10 -> 2098.0766 | G12: =SUM(G5:G7)+G10 -> 2014.243
A15: FRAIS MONÉTAIRE
A16: Semences | E16: =231.87*(1-0.07) -> 215.6391 | H16: =IF(G16="","",IF(OR(G16>E16*(1+0.5),G16<E16*(1-0.5)),"La valeur saisie diffère grandement des coûts utilisés dans le modèle. Assurez-vous qu'il ne s'agit pas d'une erreur de saisie",""))
A17: Intrants de cultures | E17: 86.56 | H17: =IF(G17="","",IF(OR(G17>E17*(1+0.5),G17<E17*(1-0.5)),"La valeur saisie diffère grandement des coûts utilisés dans le modèle. Assurez-vous qu'il ne s'agit pas d'une erreur de saisie",""))
A18: Frais de mise en marché | D18: =23.28/3.5 -> 6.6514286 | E18: 23.28
A19: Forfait et location | E19: 103.24
A20: Entretien | E20: 213.57
A21: Énergie | D21: =139.03/3.5 -> 39.722857 | E21: 139.03 | H21: =IF(G21="","",IF(OR(G21>E21*(1+0.5),G21<E21*(1-0.5)),"La valeur saisie diffère grandement des coûts utilisés dans le modèle. Assurez-vous qu'il ne s'agit pas d'une erreur de saisie",""))
A22: Taxes et assurances | E22: 88.19 | H22: =IF(G22="","",IF(OR(G22>E22*(1+0.5),G22<E22*(1-0.5)),"La valeur saisie diffère grandement des coûts utilisés dans le modèle. Assurez-vous qu'il ne s'agit pas d'une erreur de saisie",""))
A23: Frais de financement | E23: 95.61 | H23: =IF(G23="","",IF(OR(G23>E23*(1+0.5),G23<E23*(1-0.5)),"La valeur saisie diffère grandement des coûts utilisés dans le modèle. Assurez-vous qu'il ne s'agit pas d'une erreur de saisie",""))
A24: Autres frais | E24: 141.16 | H24: =IF(G24="","",IF(OR(G24>E24*(1+0.5),G24<E24*(1-0.5)),"La valeur saisie diffère grandement des coûts utilisés dans le modèle. Assurez-vous qu'il ne s'agit pas d'une erreur de saisie",""))
B25: Sous-total | E25: =SUM(E16:E24) -> 1106.2791 | G25: =SUM(G16:G24) -> 0
A27: MARGE BÉNÉFICIAIRE APRÈS FRAIS MONÉTAIRES (MARGE MONÉTAIRE) | E27: =E12-E25 -> 991.79751 | G27: =G12-G25 -> 2014.243
A29: FRAIS NON MONÉTAIRE
A30: Amortissements | E30: 256.24 | H30: =IF(G30="","",IF(OR(G30>E30*(1+0.5),G30<E30*(1-0.5)),"La valeur saisie diffère grandement des coûts utilisés dans le modèle. Assurez-vous qu'il ne s'agit pas d'une erreur de saisie",""))
A31: Rénumération du travail de l'exploitant | E31: 356.22 | H31: =IF(G31="","",IF(OR(G31>E31*(1+0.5),G31<E31*(1-0.5)),"La valeur saisie diffère grandement des coûts utilisés dans le modèle. Assurez-vous qu'il ne s'agit pas d'une erreur de saisie",""))
B32: Sous-total | E32: =SUM(E30:E31) -> 612.46 | G32: =SUM(G30:G31) -> 0
A34: MARGE BÉNÉFICIAIRE APRÈS LES AMORTISSEMENTS ET LES RÉNUMÉRATIONS DU TRAVAIL ET DE L'AVOIR (MARGE NETTE) | E34: =E27-E32 -> 379.33751 | G34: =G27-G32 -> 2014.243

Sheet Blé_printemps
E1: $/ha | G1: $/ha
E2: Périphérique | G2: Vos coûts
A4: PRODUITS
A5: Vente | E5: =Saisies!B12*Saisies!B26 -> 1595.44 | G5: =IF(Saisies!C12="",Saisies!B12,Saisies!C12)*IF(Saisies!C26="",Saisies!B26,Saisies!C26) -> 1595.44 | H5: =IF(G5="","",IF(OR(G5>E5*(1+0.5),G5<E5*(1-0.5)),"La valeur saisie diffère grandement des coûts utilisés dans le modèle. Assurez-vous qu'il ne s'agit pas d'une erreur de saisie",""))
A6: Compensation d'assurance stabilisation | E6: =IF(ASRA_Calculs!$B$6<ASRA_Calculs!$C$6,(ASRA_Calculs!$C$6-ASRA_Calculs!$B$6)*ASRA_Calculs!$D$6,0) -> 0 | G6: =IF(ASRA_Calculs!$B$6<ASRA_Calculs!$C$6,(ASRA_Calculs!$C$6-ASRA_Calculs!$B$6)*ASRA_Calculs!$D$6,0) -> 0 | H6: =IF(G6="","",IF(OR(G6>E6*(1+0.5),G6<E6*(1-0.5)),"La valeur saisie diffère grandement des coûts utilisés dans le modèle. Assurez-vous qu'il ne s'agit pas d'une erreur de saisie",""))
A7: Revenus de sous-produits | E7: 0 | H7: =IF(G7="","",IF(OR(G7>E7*(1+0.5),G7<E7*(1-0.5)),"La valeur saisie diffère grandement des coûts utilisés dans le modèle. Assurez-vous qu'il ne s'agit pas d'une erreur de saisie",""))
A8: Agri-Québec et Agri-Investissement | E8: =(E5+E7-E16)*0.01 -> 13.6357 | G8: =(G5-G16)*0.01 -> 15.9544
A9: Autres revenus | E9: 90.14 | H9: =IF(G9="","",IF(OR(G9>E9*(1+0.5),G9<E9*(1-0.5)),"La valeur saisie diffère grandement des coûts utilisés dans le modèle. Assurez-vous qu'il ne s'agit pas d'une erreur de saisie",""))
A10: Autres revenus | E10: =SUM(E8:E9) -> 103.7757 | G10: =SUM(G8:G9) -> 15.9544
A12: TOTAL PRODUITS | E12: =SUM(E5:E7)+E10 -> 1699.2157 | G12: =SUM(G5:G7)+G10 -> 1611.3944
A15: FRAIS MONÉTAIRE
A16: Semences | E16: =231.87 -> 231.87
A17: Intrants de cultures | E17: 86.56
A18: Frais de mise en marché | D18: =23.28/2.8 -> 8.3142857 | E18: 23.28
A19: Forfait et location | E19: 103.24
A20: Entretien | E20: 213.57
A21: Énergie | D21: =139.03/2.8 -> 49.653571 | E21: 139.03
A22: Taxes et assurances | E22: 88.19
A23: Frais de financement | E23: 95.61
A24: Autres frais | E24: 141.16
B25: Sous-total | E25: =SUM(E16:E24) -> 1122.51 | G25: =SUM(G16:G24) -> 0
A27: MARGE BÉNÉFICIAIRE APRÈS FRAIS MONÉTAIRES (MARGE MONÉTAIRE) | E27: =E12-E25 -> 576.7057 | G27: =G12-G25 -> 1611.3944
A29: FRAIS NON MONÉTAIRE
A30: Amortissements | E30: 256.24
A31: Rénumération du travail de l'exploitant | E31: 356.22 | H31: =IF(G31="","",IF(OR(G31>E31*(1+0.5),G31<E31*(1-0.5)),"La valeur saisie diffère grandement des coûts utilisés dans le modèle. Assurez-vous qu'il ne s'agit pas d'une erreur de saisie",""))
B32: Sous-total | E32: =SUM(E30:E31) -> 612.46 | G32: =SUM(G30:G31) -> 0
A34: MARGE BÉNÉFICIAIRE APRÈS LES AMORTISSEMENTS ET LES RÉNUMÉRATIONS DU TRAVAIL ET DE L'AVOIR (MARGE NETTE) | E34: =E27-E32 -> -35.7543 | G34: =G27-G32 -> 1611.3944

Sheet Seigle
E1: $/ha | G1: $/ha
E2: Périphérique | G2: Vos coûts
A4: PRODUITS
A5: Vente | E5: =Saisies!B14*Saisies!B28 -> 971.25 | G5: =IF(Saisies!C14="",Saisies!B14,Saisies!C14)*IF(Saisies!C28="",Saisies!B28,Saisies!C28) -> 971.25 | H5: =IF(G5="","",IF(OR(G5>E5*(1+0.5),G5<E5*(1-0.5)),"La valeur saisie diffère grandement des coûts utilisés dans le modèle. Assurez-vous qu'il ne s'agit pas d'une erreur de saisie",""))
A6: Compensation d'assurance stabilisation | E6: =IF(ASRA_Calculs!$B$8<ASRA_Calculs!$C$8,(ASRA_Calculs!$C$8-ASRA_Calculs!$B$8)*ASRA_Calculs!$D$8,0) -> 0 | G6: =IF(ASRA_Calculs!$B$8<ASRA_Calculs!$C$8,(ASRA_Calculs!$C$8-ASRA_Calculs!$B$8)*ASRA_Calculs!$D$8,0) -> 0 | H6: =IF(G6="","",IF(OR(G6>E6*(1+0.5),G6<E6*(1-0.5)),"La valeur saisie diffère grandement des coûts utilisés dans le modèle. Assurez-vous qu'il ne s'agit pas d'une erreur de saisie",""))
A7: Revenus de sous-produits | E7: 0 | H7: =IF(G7="","",IF(OR(G7>E7*(1+0.5),G7<E7*(1-0.5)),"La valeur saisie diffère grandement des coûts utilisés dans le modèle. Assurez-vous qu'il ne s'agit pas d'une erreur de saisie",""))
A8: Agri-Québec et Agri-Investissement | E8: =(E5+E7-E16)*0.042 -> 35.19348 | G8: =(G5-G16)*0.042 -> 40.7925
A9: Autres revenus | E9: 276.9 | H9: =IF(G9="","",IF(OR(G9>E9*(1+0.5),G9<E9*(1-0.5)),"La valeur saisie diffère grandement des coûts utilisés dans le modèle. Assurez-vous qu'il ne s'agit pas d'une erreur de saisie",""))
A10: Autres revenus | E10: =SUM(E8:E9) -> 312.09348 | G10: =SUM(G8:G9) -> 40.7925
A12: TOTAL PRODUITS | E12: =SUM(E5:E7)+E10 -> 1283.3435 | G12: =SUM(G5:G7)+G10 -> 1012.0425
A15: FRAIS MONÉTAIRE
A16: Semences | E16: 133.31
A17: Intrants de cultures | E17: 60.05
A18: Frais de mise en marché | D18: =39.03/2.1 -> 18.585714 | E18: 39.03
A19: Forfait et location | E19: 160.85
A20: Entretien | E20: 200.93
A21: Énergie | D21: =106.62/2.1 -> 50.771429 | E21: 106.62
A22: Taxes et assurances | E22: 55.35
A23: Frais de financement | E23: 93.52
A24: Autres frais | E24: 77.24
B25: Sous-total | E25: =SUM(E16:E24) -> 926.9 | G25: =SUM(G16:G24) -> 0
A27: MARGE BÉNÉFICIAIRE APRÈS FRAIS MONÉTAIRES (MARGE MONÉTAIRE) | E27: =E12-E25 -> 356.44348 | G27: =G12-G25 -> 1012.0425
A29: FRAIS NON MONÉTAIRE
A30: Amortissements | E30: 254.5
A31: Rénumération du travail de l'exploitant | E31: 324.72 | H31: =IF(G31="","",IF(OR(G31>E31*(1+0.5),G31<E31*(1-0.5)),"La valeur saisie diffère grandement des coûts utilisés dans le modèle. Assurez-vous qu'il ne s'agit pas d'une erreur de saisie",""))
B32: Sous-total | E32: =SUM(E30:E31) -> 579.22 | G32: =SUM(G30:G31) -> 0
A34: MARGE BÉNÉFICIAIRE APRÈS LES AMORTISSEMENTS ET LES RÉNUMÉRATIONS DU TRAVAIL ET DE L'AVOIR (MARGE NETTE) | E34: =E27-E32 -> -222.77652 | G34: =G27-G32 -> 1012.0425

Sheet Seigle_hybride
E1: $/ha | G1: $/ha
E2: Périphérique | G2: Vos coûts
A4: PRODUITS
A5: Vente | E5: =Saisies!B15*Saisies!B29 -> 2081.25 | G5: =IF(Saisies!C15="",Saisies!B15,Saisies!C15)*IF(Saisies!C29="",Saisies!B29,Saisies!C29) -> 2081.25 | H5: =IF(G5="","",IF(OR(G5>E5*(1+0.5),G5<E5*(1-0.5)),"La valeur saisie diffère grandement des coûts utilisés dans le modèle. Assurez-vous qu'il ne s'agit pas d'une erreur de saisie",""))
A6: Compensation d'assurance stabilisation | E6: =IF(ASRA_Calculs!$B$8<ASRA_Calculs!$C$8,(ASRA_Calculs!$C$8-ASRA_Calculs!$B$8)*ASRA_Calculs!$D$8,0) -> 0 | G6: =IF(ASRA_Calculs!$B$8<ASRA_Calculs!$C$8,(ASRA_Calculs!$C$8-ASRA_Calculs!$B$8)*ASRA_Calculs!$D$8,0) -> 0 | H6: =IF(G6="","",IF(OR(G6>E6*(1+0.5),G6<E6*(1-0.5)),"La valeur saisie diffère grandement des coûts utilisés dans le modèle. Assurez-vous qu'il ne s'agit pas d'une erreur de saisie",""))
A7: Revenus de sous-produits | E7: 0 | H7: =IF(G7="","",IF(OR(G7>E7*(1+0.5),G7<E7*(1-0.5)),"La valeur saisie diffère grandement des coûts utilisés dans le modèle. Assurez-vous qu'il ne s'agit pas d'une erreur de saisie",""))
A8: Agri-Québec et Agri-Investissement | E8: =(E5+E7-E16)*0.042 -> 76.21446 | G8: =(G5-G16)*0.042 -> 87.4125
A9: Autres revenus | E9: 235.88 | H9: =IF(G9="","",IF(OR(G9>E9*(1+0.5),G9<E9*(1-0.5)),"La valeur saisie diffère grandement des coûts utilisés dans le modèle. Assurez-vous qu'il ne s'agit pas d'une erreur de saisie",""))
A10: Autres revenus | E10: =SUM(E8:E9) -> 312.09446 | G10: =SUM(G8:G9) -> 87.4125
A12: TOTAL PRODUITS | E12: =SUM(E5:E7)+E10 -> 2393.3445 | G12: =SUM(G5:G7)+G10 -> 2168.6625
A15: FRAIS MONÉTAIRE
A16: Semences | E16: =133.31*2 -> 266.62 | H16: =IF(G16="","",IF(OR(G16>E16*(1+0.5),G16<E16*(1-0.5)),"La valeur saisie diffère grandement des coûts utilisés dans le modèle. Assurez-vous qu'il ne s'agit pas d'une erreur de saisie",""))
A17: Intrants de cultures | E17: 60.05 | H17: =IF(G17="","",IF(OR(G17>E17*(1+0.5),G17<E17*(1-0.5)),"La valeur saisie diffère grandement des coûts utilisés dans le modèle. Assurez-vous qu'il ne s'agit pas d'une erreur de saisie",""))
A18: Frais de mise en marché | D18: =39.03/4.5 -> 8.6733333 | E18: 39.03
A19: Forfait et location | E19: 160.85
A20: Entretien | E20: 200.93
A21: Énergie | D21: =106.62/4.5 -> 23.693333 | E21: 106.62 | H21: =IF(G21="","",IF(OR(G21>E21*(1+0.5),G21<E21*(1-0.5)),"La valeur saisie diffère grandement des coûts utilisés dans le modèle. Assurez-vous qu'il ne s'agit pas d'une erreur de saisie",""))
A22: Taxes et assurances | E22: 55.35 | H22: =IF(G22="","",IF(OR(G22>E22*(1+0.5),G22<E22*(1-0.5)),"La valeur saisie diffère grandement des coûts utilisés dans le modèle. Assurez-vous qu'il ne s'agit pas d'une erreur de saisie",""))
A23: Frais de financement | E23: 93.52 | H23: =IF(G23="","",IF(OR(G23>E23*(1+0.5),G23<E23*(1-0.5)),"La valeur saisie diffère grandement des coûts utilisés dans le modèle. Assurez-vous qu'il ne s'agit pas d'une erreur de saisie",""))
A24: Autres frais | E24: 77.24 | H24: =IF(G24="","",IF(OR(G24>E24*(1+0.5),G24<E24*(1-0.5)),"La valeur saisie diffère grandement des coûts utilisés dans le modèle. Assurez-vous qu'il ne s'agit pas d'une erreur de saisie",""))
B25: Sous-total | E25: =SUM(E16:E24) -> 1060.21 | G25: =SUM(G16:G24) -> 0
A27: MARGE BÉNÉFICIAIRE APRÈS FRAIS MONÉTAIRES (MARGE MONÉTAIRE) | E27: =E12-E25 -> 1333.1345 | G27: =G12-G25 -> 2168.6625
A29: FRAIS NON MONÉTAIRE
A30: Amortissements | E30: 254.5 | H30: =IF(G30="","",IF(OR(G30>E30*(1+0.5),G30<E30*(1-0.5)),"La valeur saisie diffère grandement des coûts utilisés dans le modèle. Assurez-vous qu'il ne s'agit pas d'une erreur de saisie",""))
A31: Rénumération du travail de l'exploitant | E31: 324.72 | H31: =IF(G31="","",IF(OR(G31>E31*(1+0.5),G31<E31*(1-0.5)),"La valeur saisie diffère grandement des coûts utilisés dans le modèle. Assurez-vous qu'il ne s'agit pas d'une erreur de saisie",""))
B32: Sous-total | E32: =SUM(E30:E31) -> 579.22 | G32: =SUM(G30:G31) -> 0
A34: MARGE BÉNÉFICIAIRE APRÈS LES AMORTISSEMENTS ET LES RÉNUMÉRATIONS DU TRAVAIL ET DE L'AVOIR (MARGE NETTE) | E34: =E27-E32 -> 753.91446 | G34: =G27-G32 -> 2168.6625

Sheet Prairie
E1: $/ha | G1: $/ha
E2: Périphérique | G2: Vos coûts
A4: PRODUITS
A5: Vente | E5: =Saisies!B16*Saisies!B30 -> 627.27 | G5: =IF(Saisies!C16="",Saisies!B16,Saisies!C16)*IF(Saisies!C30="",Saisies!B30,Saisies!C30) -> 627.27 | H5: =IF(G5="","",IF(OR(G5>E5*(1+0.5),G5<E5*(1-0.5)),"La valeur saisie diffère grandement des coûts utilisés dans le modèle. Assurez-vous qu'il ne s'agit pas d'une erreur de saisie",""))
A6: Compensation d'assurance stabilisation | E6: =IF(ASRA_Calculs!$B$9<ASRA_Calculs!$C$9,(ASRA_Calculs!$C$9-ASRA_Calculs!$B$9)*ASRA_Calculs!$D$9,0) -> 0 | G6: =IF(ASRA_Calculs!$B$9<ASRA_Calculs!$C$9,(ASRA_Calculs!$C$9-ASRA_Calculs!$B$9)*ASRA_Calculs!$D$9,0) -> 0 | H6: =IF(G6="","",IF(OR(G6>E6*(1+0.5),G6<E6*(1-0.5)),"La valeur saisie diffère grandement des coûts utilisés dans le modèle. Assurez-vous qu'il ne s'agit pas d'une erreur de saisie",""))
A7: Revenus de sous-produits | E7: 151 | H7: =IF(G7="","",IF(OR(G7>E7*(1+0.5),G7<E7*(1-0.5)),"La valeur saisie diffère grandement des coûts utilisés dans le modèle. Assurez-vous qu'il ne s'agit pas d'une erreur de saisie",""))
A8: Agri-Québec et Agri-Investissement | E8: =(E5+E7-E16)*0.042 -> 31.32654 | G8: =(G5-G16)*0.042 -> 26.34534
A9: Autres revenus | E9: 13 | H9: =IF(G9="","",IF(OR(G9>E9*(1+0.5),G9<E9*(1-0.5)),"La valeur saisie diffère grandement des coûts utilisés dans le modèle. Assurez-vous qu'il ne s'agit pas d'une erreur de saisie",""))
A10: Autres revenus | E10: =SUM(E8:E9) -> 44.32654 | G10: =SUM(G8:G9) -> 26.34534
A12: TOTAL PRODUITS | E12: =SUM(E5:E7)+E10 -> 822.59654 | G12: =SUM(G5:G7)+G10 -> 653.61534
A15: FRAIS MONÉTAIRE
A16: Semences | E16: =27*1.2 -> 32.4
A17: Intrants de cultures | E17: 58
A18: Frais de mise en marché | D18: =0/3.5 -> 0 | E18: 0
A19: Forfait et location | E19: =21+58+126 -> 205
A20: Entretien | E20: 171
A21: Énergie | D21: =122/3 -> 40.666667 | E21: =32+90 -> 122
A22: Taxes et assurances | E22: =52+22 -> 74
A23: Frais de financement | E23: 74
A24: Autres frais | E24: =12+40 -> 52
B25: Sous-total | E25: =SUM(E16:E24) -> 788.4 | G25: =SUM(G16:G24) -> 0
A27: MARGE BÉNÉFICIAIRE APRÈS FRAIS MONÉTAIRES (MARGE MONÉTAIRE) | E27: =E12-E25 -> 34.19654 | G27: =G12-G25 -> 653.61534
A29: FRAIS NON MONÉTAIRE
A30: Amortissements | E30: =171+55 -> 226
A31: Rénumération du travail de l'exploitant | E31: 335 | H31: =IF(G31="","",IF(OR(G31>E31*(1+0.5),G31<E31*(1-0.5)),"La valeur saisie diffère grandement des coûts utilisés dans le modèle. Assurez-vous qu'il ne s'agit pas d'une erreur de saisie",""))
B32: Sous-total | E32: =SUM(E30:E31) -> 561 | G32: =SUM(G30:G31) -> 0
A34: MARGE BÉNÉFICIAIRE APRÈS LES AMORTISSEMENTS ET LES RÉNUMÉRATIONS DU TRAVAIL ET DE L'AVOIR (MARGE NETTE) | E34: =E27-E32 -> -526.80346 | G34: =G27-G32 -> 653.61534

Sheet Cultures de couverture
A1: Mélange avoine-pois précédant un maïs
B2: Quantité (kg/ha) | C2: Prix ($/25kg) | D2: Total ($/ha) | E2: Total ($/ha)
A3: Coûts de semences
A4: Pois fourrager | B4: 90 | C4: 39.5 | D4: =ROUND(B4/25*C4,2) -> 142.2
A5: Avoine | B5: 60 | C5: 37.42 | D5: =ROUND(B5/25*C5,2) -> 89.81
A6: Opérations de semis | E6: =SUM(D4:D5) -> 232.01
A7: Coûts de semis-direct | E7: 54.45
A9: Coût total de la culture de couverture | E9: =E6+E7 -> 286.46
A12: Correspond à un mélange de pois fourrager et avoine. Les doses de semis proviennent du guide des cultures de couverture en grandes cultures provenant du CRAAQ. Le coût des semences provient des références économiques du CRAAQ sur les grains de semences. Le coût du semis-direct provient des références économique du CRAAQ sur la machinerie.

Sheet ASRA_Calculs
A1: 2020-2021 | B1: Revenu stabilisé ajusté | C1: Prix de marché | D1: Rendement du modèle
A2: Chanvre | B2: 0 | C2: 0 | D2: 0
A3: Sarrasin | B3: 0 | C3: 0 | D3: 0
A4: Orge | B4: 240.5 | C4: 240.12 | D4: 3.21
A5: Avoine | B5: 272.29 | C5: 243.64 | D5: 2.8
A6: Blé d'alimentation humaine | B6: 277.09 | C6: 276.01 | D6: 3.73
A7: Blé d'alimentation animale | B7: 257.53 | C7: 283.1 | D7: 3.56
A8: Seigle | B8: 0 | C8: 0 | D8: 0
A9: Prairie | B9: 0 | C9: 0 | D9: 0

Sheet Rendements_CECPA
A1: tm/ha
B2: Périphérique Biologique
A3: Chanvre | B3: 0.9
A4: Sarrasin | B4: 1.6
A5: Orge | B5: 2.5
A6: Avoine | B6: 2.2
A7: Blé d'automne | B7: =ROUND(B8*1.25,1) -> 3.5
A8: Blé de printemps | B8: 2.8
A9: Seigle | B9: 2.1
A10: Seigle hybride d'automne | B10: =B7+1 -> 4.5
A11: Prairie | B11: 3
A13: Région & Régie | B13: =Saisies!B1&" "&Saisies!B2 -> Périphérique Biologique

Sheet Prix_CECPA
A1: $/tm
B2: Périphérique Biologique
A3: Chanvre | B3: 2935
A4: Sarrasin | B4: 1017.5
A5: Orge | B5: 565
A6: Avoine | B6: 435
A7: Blé d'automne | B7: =B8 -> 569.8
A8: Blé de printemps | B8: 569.8
A9: Seigle | B9: 462.5
A10: Seigle hybride | B10: =B9 -> 462.5
A11: Prairie | B11: =ROUND(((50+65)/2)/0.275,2) -> 209.09
A13: Région et Régie | B13: =Saisies!B1&" "&Saisies!B2 -> Périphérique Biologique

Sheet Intermédiaire_Prod-Résultats
D1: Aucun gains agronomiques | AE1: 50 % de gains agronomiques | BF1: 100 % de gains agronomiques
D2: =Saisies!B1 -> Périphérique | E2: Votre ferme | G2: =D2 -> Périphérique | H2: Votre ferme | J2: =G2 -> Périphérique | K2: Votre ferme | M2: =J2 -> Périphérique | N2: Votre ferme | P2: =M2 -> Périphérique | Q2: Votre ferme | S2: =P2 -> Périphérique | T2: Votre ferme | V2: =S2 -> Périphérique | W2: Votre ferme | Y2: =V2 -> Périphérique | Z2: Votre ferme | AB2: =Y2 -> Périphérique | AC2: =Z2 -> Votre ferme | AE2: =D2 -> Périphérique | AF2: Votre ferme | AH2: =AE2 -> Périphérique | AI2: Votre ferme | AK2: =AH2 -> Périphérique | AL2: Votre ferme | AN2: =AK2 -> Périphérique | AO2: Votre ferme | AQ2: =AN2 -> Périphérique | AR2: Votre ferme | AT2: =AQ2 -> Périphérique | AU2: Votre ferme | AW2: =AT2 -> Périphérique | AX2: =AU2 -> Votre ferme | AZ2: =AW2 -> Périphérique | BA2: =AX2 -> Votre ferme | BC2: =AZ2 -> Périphérique | BD2: =BA2 -> Votre ferme | BF2: =AE2 -> Périphérique | BG2: Votre ferme | BI2: =BF2 -> Périphérique | BJ2: Votre ferme | BL2: =BI2 -> Périphérique | BM2: Votre ferme | BO2: =BL2 -> Périphérique | BP2: Votre ferme | BR2: =BO2 -> Périphérique | BS2: Votre ferme | BU2: =BR2 -> Périphérique | BV2: Votre ferme | BX2: =BU2 -> Périphérique | BY2: =BV2 -> Votre ferme | CA2: =BX2 -> Périphérique | CB2: =BY2 -> Votre ferme | CD2: =CA2 -> Périphérique | CE2: =CB2 -> Votre ferme
D3: Chanvre | E3: Chanvre | G3: Sarrasin | H3: Sarrasin | J3: Orge | K3: Orge | M3: Avoine | N3: Avoine | P3: Blé d'automne | Q3: =P3 -> Blé d'automne | S3: Blé de printemps | T3: Blé de printemps | V3: Seigle | W3: Seigle | Y3: Seigle hybride | Z3: Seigle hybride | AB3: Prairie | AC3: Prairie | AE3: Chanvre | AF3: Chanvre | AH3: Sarrasin | AI3: Sarrasin | AK3: Orge | AL3: Orge | AN3: Avoine | AO3: Avoine | AQ3: Blé d'automne | AR3: =AQ3 -> Blé d'automne | AT3: Blé de printemps | AU3: Blé de printemps | AW3: Seigle | AX3: Seigle | AZ3: Seigle hybride | BA3: Seigle hybride | BC3: Prairie | BD3: Prairie | BF3: Chanvre | BG3: Chanvre | BI3: Sarrasin | BJ3: Sarrasin | BL3: Orge | BM3: Orge | BO3: Avoine | BP3: Avoine | BR3: Blé d'automne | BS3: =BR3 -> Blé d'automne | BU3: Blé de printemps | BV3: Blé de printemps | BX3: Seigle | BY3: Seigle | CA3: Seigle hybride | CB3: Seigle hybride | CD3: Prairie | CE3: Prairie
A4: PRODUITS
A5: Vente | D5: =Chanvre!E5*(1+Saisies!B41*Saisies!B62) -> 2641.5 | E5: =IF(Chanvre!G5="",'Intermédiaire_Prod-Résultats'!D5,Chanvre!G5)*(1+IF(Saisies!C41="",Saisies!B41,Saisies!C41)*IF(Saisies!C62="",Saisies!B62,Saisies!C62)) -> 2641.5 | G5: =Sarrasin!E5*(1+Saisies!B42*Saisies!B62) -> 1628 | H5: =IF(Sarrasin!G5="",'Intermédiaire_Prod-Résultats'!G5,Sarrasin!G5)*(1+IF(Saisies!C42="",Saisies!B42,Saisies!C42)*IF(Saisies!C62="",Saisies!B62,Saisies!C62)) -> 1628 | J5: =Orge!E5*(1+Saisies!B43*Saisies!B62) -> 1412.5 | K5: =IF(Orge!G5="",'Intermédiaire_Prod-Résultats'!J5,Orge!G5)*(1+IF(Saisies!C43="",Saisies!B43,Saisies!C43)*IF(Saisies!C62="",Saisies!B62,Saisies!C62)) -> 1412.5 | M5: =Avoine!E5*(1+Saisies!B44*Saisies!B62) -> 957 | N5: =IF(Avoine!G5="",'Intermédiaire_Prod-Résultats'!M5,Avoine!G5)*(1+IF(Saisies!C44="",Saisies!B44,Saisies!C44)*IF(Saisies!C62="",Saisies!B62,Saisies!C62)) -> 957 | P5: ='Blé_d''automne'!E5*(1+Saisies!B46*Saisies!B62) -> 1994.3 | Q5: =IF('Blé_d''automne'!G5="",'Intermédiaire_Prod-Résultats'!P5,'Blé_d''automne'!G5)*(1+IF(Saisies!C46="",Saisies!B46,Saisies!C46)*IF(Saisies!C62="",Saisies!B62,Saisies!C62)) -> 1994.3 | S5: =Blé_printemps!E5*(1+Saisies!B45*Saisies!B62) -> 1595.44 | T5: =IF(Blé_printemps!G5="",'Intermédiaire_Prod-Résultats'!S5,Blé_printemps!G5)*(1+IF(Saisies!C45="",Saisies!B45,Saisies!C45)*IF(Saisies!C62="",Saisies!B62,Saisies!C62)) -> 1595.44 | V5: =Seigle!E5*(1+Saisies!B47*Saisies!B62) -> 971.25 | W5: =IF(Seigle!G5="",'Intermédiaire_Prod-Résultats'!V5,Seigle!G5)*(1+IF(Saisies!C47="",Saisies!B47,Saisies!C47)*IF(Saisies!C62="",Saisies!B62,Saisies!C62)) -> 971.25 | Y5: =Seigle_hybride!E5*(1+Saisies!B48*Saisies!B62) -> 2081.25 | Z5: =IF(Seigle_hybride!G5="",'Intermédiaire_Prod-Résultats'!Y5,Seigle_hybride!G5)*(1+IF(Saisies!C48="",Saisies!B48,Saisies!C48)*IF(Saisies!C62="",Saisies!B62,Saisies!C62)) -> 2081.25 | AB5: =Prairie!E5*(1+Saisies!B49*Saisies!B62) -> 627.27 | AC5: =IF(Prairie!G5="",'Intermédiaire_Prod-Résultats'!AB5,Prairie!G5)*(1+IF(Saisies!C49="",Saisies!B49,Saisies!C49)*IF(Saisies!C62="",Saisies!B62,Saisies!C62)) -> 627.27 | AE5: =Chanvre!E5*(1+Saisies!B41*Saisies!B63) -> 2641.5 | AF5: =IF(Chanvre!G5="",'Intermédiaire_Prod-Résultats'!AE5,Chanvre!G5)*(1+IF(Saisies!C41="",Saisies!B41,Saisies!C41)*IF(Saisies!C63="",Saisies!B63,Saisies!C63)) -> 2641.5 | AH5: =Sarrasin!E5*(1+Saisies!B42*Saisies!B63) -> 1628 | AI5: =IF(Sarrasin!G5="",'Intermédiaire_Prod-Résultats'!AH5,Sarrasin!G5)*(1+IF(Saisies!C42="",Saisies!B42,Saisies!C42)*IF(Saisies!C63="",Saisies!B63,Saisies!C63)) -> 1628 | AK5: =Orge!E5*(1+Saisies!B43*Saisies!B63) -> 1412.5 | AL5: =IF(Orge!G5="",'Intermédiaire_Prod-Résultats'!AK5,Orge!G5)*(1+IF(Saisies!C43="",Saisies!B43,Saisies!C43)*IF(Saisies!C63="",Saisies!B63,Saisies!C63)) -> 1412.5 | AN5: =Avoine!E5*(1+Saisies!B44*Saisies!B63) -> 957 | AO5: =IF(Avoine!G5="",'Intermédiaire_Prod-Résultats'!AN5,Avoine!G5)*(1+IF(Saisies!C44="",Saisies!B44,Saisies!C44)*IF(Saisies!C63="",Saisies!B63,Saisies!C63)) -> 957 | AQ5: ='Blé_d''automne'!E5*(1+Saisies!B46*Saisies!B63) -> 1994.3 | AR5: =IF('Blé_d''automne'!G5="",'Intermédiaire_Prod-Résultats'!AQ5,'Blé_d''automne'!G5)*(1+IF(Saisies!C46="",Saisies!B46,Saisies!C46)*IF(Saisies!C63="",Saisies!B63,Saisies!C63)) -> 1994.3 | AT5: =Blé_printemps!E5*(1+Saisies!B45*Saisies!B63) -> 1595.44 | AU5: =IF(Blé_printemps!G5="",'Intermédiaire_Prod-Résultats'!AT5,Blé_printemps!G5)*(1+IF(Saisies!C45="",Saisies!B45,Saisies!C45)*IF(Saisies!C63="",Saisies!B63,Saisies!C63)) -> 1595.44 | AW5: =Seigle!E5*(1+Saisies!B47*Saisies!B63) -> 971.25 | AX5: =IF(Seigle!G5="",'Intermédiaire_Prod-Résultats'!AW5,Seigle!G5)*(1+IF(Saisies!C47="",Saisies!B47,Saisies!C47)*IF(Saisies!C63="",Saisies!B63,Saisies!C63)) -> 971.25 | AZ5: =Seigle_hybride!E5*(1+Saisies!B48*Saisies!B63) -> 2081.25 | BA5: =IF(Seigle_hybride!G5="",'Intermédiaire_Prod-Résultats'!AZ5,Seigle_hybride!G5)*(1+IF(Saisies!C48="",Saisies!B48,Saisies!C48)*IF(Saisies!C63="",Saisies!B63,Saisies!C63)) -> 2081.25 | BC5: =Prairie!E5*(1+Saisies!B49*Saisies!B63) -> 627.27 | BD5: =IF(Prairie!G5="",'Intermédiaire_Prod-Résultats'!BC5,Prairie!G5)*(1+IF(Saisies!C49="",Saisies!B49,Saisies!C49)*IF(Saisies!C63="",Saisies!B63,Saisies!C63)) -> 627.27 | BF5: =Chanvre!E5*(1+Saisies!B41*Saisies!B64) -> 2641.5 | BG5: =IF(Chanvre!G5="",IF(Saisies!C8="",Saisies!B8,Saisies!C8)*IF(Saisies!C22="",Saisies!B22,Saisies!C22),Chanvre!G5)*(1+IF(Saisies!C41="",Saisies!B41,Saisies!C41)*IF(Saisies!C64="",Saisies!B64,Saisies!C64)) -> 2641.5 | BI5: =Sarrasin!E5*(1+Saisies!B42*Saisies!B64) -> 1628 | BJ5: =IF(Sarrasin!G5="",'Intermédiaire_Prod-Résultats'!BI5,Sarrasin!G5)*(1+IF(Saisies!C42="",Saisies!B42,Saisies!C42)*IF(Saisies!C64="",Saisies!B64,Saisies!C64)) -> 1628 | BL5: =Orge!E5*(1+Saisies!B43*Saisies!B64) -> 1412.5 | BM5: =IF(Orge!G5="",'Intermédiaire_Prod-Résultats'!BL5,Orge!G5)*(1+IF(Saisies!C43="",Saisies!B43,Saisies!C43)*IF(Saisies!C64="",Saisies!B64,Saisies!C64)) -> 1412.5 | BO5: =Avoine!E5*(1+Saisies!B44*Saisies!B64) -> 957 | BP5: =IF(Avoine!G5="",'Intermédiaire_Prod-Résultats'!BO5,Avoine!G5)*(1+IF(Saisies!C44="",Saisies!B44,Saisies!C44)*IF(Saisies!C64="",Saisies!B64,Saisies!C64)) -> 957 | BR5: ='Blé_d''automne'!E5*(1+Saisies!B46*Saisies!B64) -> 1994.3 | BS5: =IF('Blé_d''automne'!G5="",'Intermédiaire_Prod-Résultats'!BR5,'Blé_d''automne'!G5)*(1+IF(Saisies!C46="",Saisies!B46,Saisies!C46)*IF(Saisies!C64="",Saisies!B64,Saisies!C64)) -> 1994.3 | BU5: =Blé_printemps!E5*(1+Saisies!B45*Saisies!B64) -> 1595.44 | BV5: =IF(Blé_printemps!G5="",'Intermédiaire_Prod-Résultats'!BU5,Blé_printemps!G5)*(1+IF(Saisies!C45="",Saisies!B45,Saisies!C45)*IF(Saisies!C64="",Saisies!B64,Saisies!C64)) -> 1595.44 | BX5: =Seigle!E5*(1+Saisies!B47*Saisies!B64) -> 971.25 | BY5: =IF(Seigle!G5="",'Intermédiaire_Prod-Résultats'!BX5,Seigle!G5)*(1+IF(Saisies!C47="",Saisies!B47,Saisies!C47)*IF(Saisies!C64="",Saisies!B64,Saisies!C64)) -> 971.25 | CA5: =Seigle_hybride!E5*(1+Saisies!B48*Saisies!B64) -> 2081.25 | CB5: =IF(Seigle_hybride!G5="",'Intermédiaire_Prod-Résultats'!CA5,Seigle_hybride!G5)*(1+IF(Saisies!C48="",Saisies!B48,Saisies!C48)*IF(Saisies!C64="",Saisies!B64,Saisies!C64)) -> 2081.25 | CD5: =Prairie!E5*(1+Saisies!B49*Saisies!B64) -> 627.27 | CE5: =IF(Prairie!G5="",'Intermédiaire_Prod-Résultats'!CD5,Prairie!G5)*(1+IF(Saisies!C49="",Saisies!B49,Saisies!C49)*IF(Saisies!C64="",Saisies!B64,Saisies!C64)) -> 627.27
A6: Compensation d'assurance stabilisation | D6: =Chanvre!E6 -> 0 | E6: =IF(Chanvre!G6="",'Intermédiaire_Prod-Résultats'!D6,Chanvre!G6) -> 0 | G6: =Sarrasin!E6 -> 0 | H6: =IF(Sarrasin!G6="",'Intermédiaire_Prod-Résultats'!G6,Sarrasin!G6) -> 0 | J6: =Orge!E6 -> 0 | K6: =IF(Orge!G6="",'Intermédiaire_Prod-Résultats'!J6,Orge!G6) -> 0 | M6: =Avoine!E6 -> 0 | N6: =IF(Avoine!G6="",'Intermédiaire_Prod-Résultats'!M6,Avoine!G6) -> 0 | P6: ='Blé_d''automne'!E6 -> 0 | Q6: =IF('Blé_d''automne'!G6="",'Intermédiaire_Prod-Résultats'!P6,'Blé_d''automne'!G6) -> 0 | S6: =Blé_printemps!E6 -> 0 | T6: =IF(Blé_printemps!G6="",'Intermédiaire_Prod-Résultats'!S6,Blé_printemps!G6) -> 0 | V6: =Seigle!E6 -> 0 | W6: =IF(Seigle!G6="",'Intermédiaire_Prod-Résultats'!V6,Seigle!G6) -> 0 | Y6: =Seigle_hybride!E6 -> 0 | Z6: =IF(Seigle_hybride!G6="",'Intermédiaire_Prod-Résultats'!Y6,Seigle_hybride!G6) -> 0 | AB6: =Prairie!E6 -> 0 | AC6: =IF(Prairie!G6="",'Intermédiaire_Prod-Résultats'!AB6,Prairie!G6) -> 0 | AE6: =Chanvre!E6 -> 0 | AF6: =IF(Chanvre!G6="",'Intermédiaire_Prod-Résultats'!AE6,Chanvre!G6) -> 0 | AH6: =Sarrasin!E6 -> 0 | AI6: =IF(Sarrasin!G6="",'Intermédiaire_Prod-Résultats'!AH6,Sarrasin!G6) -> 0 | AK6: =Orge!E6 -> 0 | AL6: =IF(Orge!G6="",'Intermédiaire_Prod-Résultats'!AK6,Orge!G6) -> 0 | AN6: =Avoine!E6 -> 0 | AO6: =IF(Avoine!G6="",'Intermédiaire_Prod-Résultats'!AN6,Avoine!G6) -> 0 | AQ6: ='Blé_d''automne'!E6 -> 0 | AR6: =IF('Blé_d''automne'!G6="",'Intermédiaire_Prod-Résultats'!AQ6,'Blé_d''automne'!G6) -> 0 | AT6: =Blé_printemps!E6 -> 0 | AU6: =IF(Blé_printemps!G6="",'Intermédiaire_Prod-Résultats'!AT6,Blé_printemps!G6) -> 0 | AW6: =Seigle!E6 -> 0 | AX6: =IF(Seigle_hybride!G6="",'Intermédiaire_Prod-Résultats'!AW6,Seigle_hybride!G6) -> 0 | AZ6: =Seigle_hybride!E6 -> 0 | BA6: =IF(Seigle_hybride!G6="",'Intermédiaire_Prod-Résultats'!AZ6,Seigle_hybride!G6) -> 0 | BC6: =Prairie!E6 -> 0 | BD6: =IF(Prairie!G6="",'Intermédiaire_Prod-Résultats'!BC6,Prairie!G6) -> 0 | BF6: =Chanvre!E6 -> 0 | BG6: =IF(Chanvre!G6="",'Intermédiaire_Prod-Résultats'!BF6,Chanvre!G6) -> 0 | BI6: =Sarrasin!E6 -> 0 | BJ6: =IF(Sarrasin!G6="",'Intermédiaire_Prod-Résultats'!BI6,Sarrasin!G6) -> 0 | BL6: =Orge!E6 -> 0 | BM6: =IF(Orge!G6="",'Intermédiaire_Prod-Résultats'!BL6,Orge!G6) -> 0 | BO6: =Avoine!E6 -> 0 | BP6: =IF(Avoine!G6="",'Intermédiaire_Prod-Résultats'!BO6,Avoine!G6) -> 0 | BR6: ='Blé_d''automne'!E6 -> 0 | BS6: =IF('Blé_d''automne'!G6="",'Intermédiaire_Prod-Résultats'!BR6,'Blé_d''automne'!G6) -> 0 | BU6: =Blé_printemps!E6 -> 0 | BV6: =IF(Blé_printemps!G6="",'Intermédiaire_Prod-Résultats'!BU6,Blé_printemps!G6) -> 0 | BX6: =Seigle!E6 -> 0 | BY6: =IF(Seigle!G6="",'Intermédiaire_Prod-Résultats'!BX6,Seigle!G6) -> 0 | CA6: =Seigle_hybride!E6 -> 0 | CB6: =IF(Seigle_hybride!G6="",'Intermédiaire_Prod-Résultats'!CA6,Seigle_hybride!G6) -> 0 | CD6: =Prairie!E6 -> 0 | CE6: =IF(Prairie!G6="",'Intermédiaire_Prod-Résultats'!CD6,Prairie!G6) -> 0
A7: Revenus de sous-produits | D7: =Chanvre!E7 -> 0 | E7: =IF(Chanvre!G7="",'Intermédiaire_Prod-Résultats'!D7,Chanvre!G7) -> 0 | G7: =Sarrasin!E7 -> 0 | H7: =IF(Sarrasin!G7="",'Intermédiaire_Prod-Résultats'!G7,Sarrasin!G7) -> 0 | J7: =Orge!E7 -> 0 | K7: =IF(Orge!G7="",'Intermédiaire_Prod-Résultats'!J7,Orge!G7) -> 0 | M7: =Avoine!E7 -> 0 | N7: =IF(Avoine!G7="",'Intermédiaire_Prod-Résultats'!M7,Avoine!G7) -> 0 | P7: ='Blé_d''automne'!E7 -> 0 | Q7: =IF('Blé_d''automne'!G7="",'Intermédiaire_Prod-Résultats'!P7,'Blé_d''automne'!G7) -> 0 | S7: =Blé_printemps!E7 -> 0 | T7: =IF(Blé_printemps!G7="",'Intermédiaire_Prod-Résultats'!S7,Blé_printemps!G7) -> 0 | V7: =Seigle!E7 -> 0 | W7: =IF(Seigle!G7="",'Intermédiaire_Prod-Résultats'!V7,Seigle!G7) -> 0 | Y7: =Seigle_hybride!E7 -> 0 | Z7: =IF(Seigle_hybride!G7="",'Intermédiaire_Prod-Résultats'!Y7,Seigle_hybride!G7) -> 0 | AB7: =Prairie!E7 -> 151 | AC7: =IF(Prairie!G7="",'Intermédiaire_Prod-Résultats'!AB7,Prairie!G7) -> 151 | AE7: =Chanvre!E7 -> 0 | AF7: =IF(Chanvre!G7="",'Intermédiaire_Prod-Résultats'!AE7,Chanvre!G7) -> 0 | AH7: =Sarrasin!E7 -> 0 | AI7: =IF(Sarrasin!G7="",'Intermédiaire_Prod-Résultats'!AH7,Sarrasin!G7) -> 0 | AK7: =Orge!E7 -> 0 | AL7: =IF(Orge!G7="",'Intermédiaire_Prod-Résultats'!AK7,Orge!G7) -> 0 | AN7: =Avoine!E7 -> 0 | AO7: =IF(Avoine!G7="",'Intermédiaire_Prod-Résultats'!AN7,Avoine!G7) -> 0 | AQ7: ='Blé_d''automne'!E7 -> 0 | AR7: =IF('Blé_d''automne'!G7="",'Intermédiaire_Prod-Résultats'!AQ7,'Blé_d''automne'!G7) -> 0 | AT7: =Blé_printemps!E7 -> 0 | AU7: =IF(Blé_printemps!G7="",'Intermédiaire_Prod-Résultats'!AT7,Blé_printemps!G7) -> 0 | AW7: =Seigle!E7 -> 0 | AX7: =IF(Seigle_hybride!G7="",'Intermédiaire_Prod-Résultats'!AW7,Seigle_hybride!G7) -> 0 | AZ7: =Seigle_hybride!E7 -> 0 | BA7: =IF(Seigle_hybride!G7="",'Intermédiaire_Prod-Résultats'!AZ7,Seigle_hybride!G7) -> 0 | BC7: =Prairie!E7 -> 151 | BD7: =IF(Prairie!G7="",'Intermédiaire_Prod-Résultats'!BC7,Prairie!G7) -> 151 | BF7: =Chanvre!E7 -> 0 | BG7: =IF(Chanvre!G7="",'Intermédiaire_Prod-Résultats'!BF7,Chanvre!G7) -> 0 | BI7: =Sarrasin!E7 -> 0 | BJ7: =IF(Sarrasin!G7="",'Intermédiaire_Prod-Résultats'!BI7,Sarrasin!G7) -> 0 | BL7: =Orge!E7 -> 0 | BM7: =IF(Orge!G7="",'Intermédiaire_Prod-Résultats'!BL7,Orge!G7) -> 0 | BO7: =Avoine!E7 -> 0 | BP7: =IF(Avoine!G7="",'Intermédiaire_Prod-Résultats'!BO7,Avoine!G7) -> 0 | BR7: ='Blé_d''automne'!E7 -> 0 | BS7: =IF('Blé_d''automne'!G7="",'Intermédiaire_Prod-Résultats'!BR7,'Blé_d''automne'!G7) -> 0 | BU7: =Blé_printemps!E7 -> 0 | BV7: =IF(Blé_printemps!G7="",'Intermédiaire_Prod-Résultats'!BU7,Blé_printemps!G7) -> 0 | BX7: =Seigle!E7 -> 0 | BY7: =IF(Seigle!G7="",'Intermédiaire_Prod-Résultats'!BX7,Seigle!G7) -> 0 | CA7: =Seigle_hybride!E7 -> 0 | CB7: =IF(Seigle_hybride!G7="",'Intermédiaire_Prod-Résultats'!CA7,Seigle_hybride!G7) -> 0 | CD7: =Prairie!E7 -> 151 | CE7: =IF(Prairie!G7="",'Intermédiaire_Prod-Résultats'!CD7,Prairie!G7) -> 151
A8: Agri-Québec et Agri-Investissement | D8: =(D5-D15)*0.042 -> 99.65382 | E8: =(E5-E15)*0.042 -> 99.65382 | G8: =(G5-G15)*0.042 -> 63.5187 | H8: =(H5-H15)*0.042 -> 63.5187 | J8: =(J5-J15)*0.01 -> 11.6701 | K8: =(K5-K15)*0.01 -> 11.6701 | M8: =(M5-M15)*0.01 -> 8.0924 | N8: =(N5-N15)*0.01 -> 8.0924 | P8: =(P5-P15)*0.01 -> 17.786609 | Q8: =(Q5-Q15)*0.01 -> 17.786609 | S8: =(S5-S15)*0.01 -> 13.6357 | T8: =(T5-T15)*0.01 -> 13.6357 | V8: =(V5-V15)*0.01 -> 8.3794 | W8: =(W5-W15)*0.01 -> 8.3794 | Y8: =(Y5-Y15)*0.01 -> 18.1463 | Z8: =(Z5-Z15)*0.01 -> 18.1463 | AB8: =(AB5-AB15)*0.01 -> 5.9487 | AC8: =(AC5-AC15)*0.01 -> 5.9487 | AE8: =(AE5-AE15)*0.042 -> 99.65382 | AF8: =(AF5-AF15)*0.042 -> 99.65382 | AH8: =(AH5-AH15)*0.042 -> 63.5187 | AI8: =(AI5-AI15)*0.042 -> 63.5187 | AK8: =(AK5-AK15)*0.01 -> 11.6701 | AL8: =(AL5-AL15)*0.01 -> 11.6701 | AN8: =(AN5-AN15)*0.01 -> 8.0924 | AO8: =(AO5-AO15)*0.01 -> 8.0924 | AQ8: =(AQ5-AQ15)*0.01 -> 17.786609 | AR8: =(AR5-AR15)*0.01 -> 17.786609 | AT8: =(AT5-AT15)*0.01 -> 13.6357 | AU8: =(AU5-AU15)*0.01 -> 13.6357 | AW8: =(AW5-AW15)*0.01 -> 8.3794 | AX8: =(AX5-AX15)*0.01 -> 8.3794 | AZ8: =(AZ5-AZ15)*0.01 -> 18.1463 | BA8: =(BA5-BA15)*0.01 -> 18.1463 | BC8: =(BC5-BC15)*0.01 -> 5.9487 | BD8: =(BD5-BD15)*0.01 -> 5.9487 | BF8: =(BF5-BF15)*0.042 -> 99.65382 | BG8: =(BG5-BG15)*0.042 -> 99.65382 | BI8: =(BI5-BI15)*0.042 -> 63.5187 | BJ8: =(BJ5-BJ15)*0.042 -> 63.5187 | BL8: =(BL5-BL15)*0.01 -> 11.6701 | BM8: =(BM5-BM15)*0.01 -> 11.6701 | BO8: =(BO5-BO15)*0.01 -> 8.0924 | BP8: =(BP5-BP15)*0.01 -> 8.0924 | BR8: =(BR5-BR15)*0.01 -> 17.786609 | BS8: =(BS5-BS15)*0.01 -> 17.786609 | BU8: =(BU5-BU15)*0.01 -> 13.6357 | BV8: =(BV5-BV15)*0.01 -> 13.6357 | BX8: =(BX5-BX15)*0.01 -> 8.3794 | BY8: =(BY5-BY15)*0.01 -> 8.3794 | CA8: =(CA5-CA15)*0.01 -> 18.1463 | CB8: =(CB5-CB15)*0.01 -> 18.1463 | CD8: =(CD5-CD15)*0.01 -> 5.9487 | CE8: =(CE5-CE15)*0.01 -> 5.9487
A9: Autres revenus | D9: =Chanvre!E9 -> 100.94 | E9: =IF(Chanvre!G9="",'Intermédiaire_Prod-Résultats'!D9,Chanvre!G9) -> 100.94 | G9: =Sarrasin!E9 -> 176.08 | H9: =IF(Sarrasin!G9="",'Intermédiaire_Prod-Résultats'!G9,Sarrasin!G9) -> 176.08 | J9: =Orge!E9 -> 241.96 | K9: =IF(Orge!G9="",'Intermédiaire_Prod-Résultats'!J9,Orge!G9) -> 241.96 | M9: =Avoine!E9 -> 132.27 | N9: =IF(Avoine!G9="",'Intermédiaire_Prod-Résultats'!M9,Avoine!G9) -> 132.27 | P9: ='Blé_d''automne'!E9 -> 85.99 | Q9: =IF('Blé_d''automne'!G9="",'Intermédiaire_Prod-Résultats'!P9,'Blé_d''automne'!G9) -> 85.99 | S9: =Blé_printemps!E9 -> 90.14 | T9: =IF(Blé_printemps!G9="",'Intermédiaire_Prod-Résultats'!S9,Blé_printemps!G9) -> 90.14 | V9: =Seigle!E9 -> 276.9 | W9: =IF(Seigle!G9="",'Intermédiaire_Prod-Résultats'!V9,Seigle!G9) -> 276.9 | Y9: =Seigle_hybride!E9 -> 235.88 | Z9: =IF(Seigle_hybride!G9="",'Intermédiaire_Prod-Résultats'!Y9,Seigle_hybride!G9) -> 235.88 | AB9: =Prairie!E9 -> 13 | AC9: =IF(Prairie!G9="",'Intermédiaire_Prod-Résultats'!AB9,Prairie!G9) -> 13 | AE9: =Chanvre!E9 -> 100.94 | AF9: =IF(Chanvre!G9="",'Intermédiaire_Prod-Résultats'!AE9,Chanvre!G9) -> 100.94 | AH9: =Sarrasin!E9 -> 176.08 | AI9: =IF(Sarrasin!G9="",'Intermédiaire_Prod-Résultats'!AH9,Sarrasin!G9) -> 176.08 | AK9: =Orge!E9 -> 241.96 | AL9: =IF(Orge!G9="",'Intermédiaire_Prod-Résultats'!AK9,Orge!G9) -> 241.96 | AN9: =Avoine!E9 -> 132.27 | AO9: =IF(Avoine!G9="",'Intermédiaire_Prod-Résultats'!AN9,Avoine!G9) -> 132.27 | AQ9: ='Blé_d''automne'!E9 -> 85.99 | AR9: =IF('Blé_d''automne'!G9="",'Intermédiaire_Prod-Résultats'!AQ9,'Blé_d''automne'!G9) -> 85.99 | AT9: =Blé_printemps!E9 -> 90.14 | AU9: =IF(Blé_printemps!G9="",'Intermédiaire_Prod-Résultats'!AT9,Blé_printemps!G9) -> 90.14 | AW9: =Seigle!E9 -> 276.9 | AX9: =IF(Seigle_hybride!G9="",'Intermédiaire_Prod-Résultats'!AW9,Seigle_hybride!G9) -> 276.9 | AZ9: =Seigle_hybride!E9 -> 235.88 | BA9: =IF(Seigle_hybride!G9="",'Intermédiaire_Prod-Résultats'!AZ9,Seigle_hybride!G9) -> 235.88 | BC9: =Prairie!E9 -> 13 | BD9: =IF(Prairie!G9="",'Intermédiaire_Prod-Résultats'!BC9,Prairie!G9) -> 13 | BF9: =Chanvre!E9 -> 100.94 | BG9: =IF(Chanvre!G9="",'Intermédiaire_Prod-Résultats'!BF9,Chanvre!G9) -> 100.94 | BI9: =Sarrasin!E9 -> 176.08 | BJ9: =IF(Sarrasin!G9="",'Intermédiaire_Prod-Résultats'!BI9,Sarrasin!G9) -> 176.08 | BL9: =Orge!E9 -> 241.96 | BM9: =IF(Orge!G9="",'Intermédiaire_Prod-Résultats'!BL9,Orge!G9) -> 241.96 | BO9: =Avoine!E9 -> 132.27 | BP9: =IF(Avoine!G9="",'Intermédiaire_Prod-Résultats'!BO9,Avoine!G9) -> 132.27 | BR9: ='Blé_d''automne'!E9 -> 85.99 | BS9: =IF('Blé_d''automne'!G9="",'Intermédiaire_Prod-Résultats'!BR9,'Blé_d''automne'!G9) -> 85.99 | BU9: =Blé_printemps!E9 -> 90.14 | BV9: =IF(Blé_printemps!G9="",'Intermédiaire_Prod-Résultats'!BU9,Blé_printemps!G9) -> 90.14 | BX9: =Seigle!E9 -> 276.9 | BY9: =IF(Seigle!G9="",'Intermédiaire_Prod-Résultats'!BX9,Seigle!G9) -> 276.9 | CA9: =Seigle_hybride!E9 -> 235.88 | CB9: =IF(Seigle_hybride!G9="",'Intermédiaire_Prod-Résultats'!CA9,Seigle_hybride!G9) -> 235.88 | CD9: =Prairie!E9 -> 13 | CE9: =IF(Prairie!G9="",'Intermédiaire_Prod-Résultats'!CD9,Prairie!G9) -> 13
D10: =SUM(D5:D9) -> 2842.0938 | E10: =SUM(E5:E9) -> 2842.0938 | G10: =SUM(G5:G9) -> 1867.5987 | H10: =SUM(H5:H9) -> 1867.5987 | J10: =SUM(J5:J9) -> 1666.1301 | K10: =SUM(K5:K9) -> 1666.1301 | M10: =SUM(M5:M9) -> 1097.3624 | N10: =SUM(N5:N9) -> 1097.3624 | P10: =SUM(P5:P9) -> 2098.0766 | Q10: =SUM(Q5:Q9) -> 2098.0766 | S10: =SUM(S5:S9) -> 1699.2157 | T10: =SUM(T5:T9) -> 1699.2157 | V10: =SUM(V5:V9) -> 1256.5294 | W10: =SUM(W5:W9) -> 1256.5294 | Y10: =SUM(Y5:Y9) -> 2335.2763 | Z10: =SUM(Z5:Z9) -> 2335.2763 | AB10: =SUM(AB5:AB9) -> 797.2187 | AC10: =SUM(AC5:AC9) -> 797.2187 | AE10: =SUM(AE5:AE9) -> 2842.0938 | AF10: =SUM(AF5:AF9) -> 2842.0938 | AH10: =SUM(AH5:AH9) -> 1867.5987 | AI10: =SUM(AI5:AI9) -> 1867.5987 | AK10: =SUM(AK5:AK9) -> 1666.1301 | AL10: =SUM(AL5:AL9) -> 1666.1301 | AN10: =SUM(AN5:AN9) -> 1097.3624 | AO10: =SUM(AO5:AO9) -> 1097.3624 | AQ10: =SUM(AQ5:AQ9) -> 2098.0766 | AR10: =SUM(AR5:AR9) -> 2098.0766 | AT10: =SUM(AT5:AT9) -> 1699.2157 | AU10: =SUM(AU5:AU9) -> 1699.2157 | AW10: =SUM(AW5:AW9) -> 1256.5294 | AX10: =SUM(AX5:AX9) -> 1256.5294 | AZ10: =SUM(AZ5:AZ9) -> 2335.2763 | BA10: =SUM(BA5:BA9) -> 2335.2763 | BC10: =SUM(BC5:BC9) -> 797.2187 | BD10: =SUM(BD5:BD9) -> 797.2187 | BF10: =SUM(BF5:BF9) -> 2842.0938 | BG10: =SUM(BG5:BG9) -> 2842.0938 | BI10: =SUM(BI5:BI9) -> 1867.5987 | BJ10: =SUM(BJ5:BJ9) -> 1867.5987 | BL10: =SUM(BL5:BL9) -> 1666.1301 | BM10: =SUM(BM5:BM9) -> 1666.1301 | BO10: =SUM(BO5:BO9) -> 1097.3624 | BP10: =SUM(BP5:BP9) -> 1097.3624 | BR10: =SUM(BR5:BR9) -> 2098.0766 | BS10: =SUM(BS5:BS9) -> 2098.0766 | BU10: =SUM(BU5:BU9) -> 1699.2157 | BV10: =SUM(BV5:BV9) -> 1699.2157 | BX10: =SUM(BX5:BX9) -> 1256.5294 | BY10: =SUM(BY5:BY9) -> 1256.5294 | CA10: =SUM(CA5:CA9) -> 2335.2763 | CB10: =SUM(CB5:CB9) -> 2335.2763 | CD10: =SUM(CD5:CD9) -> 797.2187 | CE10: =SUM(CE5:CE9) -> 797.2187
A11: TOTAL PRODUITS
A14: FRAIS MONÉTAIRE
A15: Semences | D15: =Chanvre!E16 -> 268.79 | E15: =IF(Chanvre!G16="",'Intermédiaire_Prod-Résultats'!D15,Chanvre!G16) -> 268.79 | G15: =Sarrasin!E16 -> 115.65 | H15: =IF(Sarrasin!G16="",'Intermédiaire_Prod-Résultats'!G15,Sarrasin!G16) -> 115.65 | J15: =Orge!E16 -> 245.49 | K15: =IF(Orge!G16="",'Intermédiaire_Prod-Résultats'!J15,Orge!G16) -> 245.49 | M15: =Avoine!E16 -> 147.76 | N15: =IF(Avoine!G16="",'Intermédiaire_Prod-Résultats'!M15,Avoine!G16) -> 147.76 | P15: ='Blé_d''automne'!E16 -> 215.6391 | Q15: =IF('Blé_d''automne'!G16="",'Intermédiaire_Prod-Résultats'!P15,'Blé_d''automne'!G16) -> 215.6391 | S15: =Blé_printemps!E16 -> 231.87 | T15: =IF(Blé_printemps!G16="",'Intermédiaire_Prod-Résultats'!S15,Blé_printemps!G16) -> 231.87 | V15: =Seigle!E16 -> 133.31 | W15: =IF(Seigle!G16="",'Intermédiaire_Prod-Résultats'!V15,Seigle!G16) -> 133.31 | Y15: =Seigle_hybride!E16 -> 266.62 | Z15: =IF(Seigle_hybride!G16="",'Intermédiaire_Prod-Résultats'!Y15,Seigle_hybride!G16) -> 266.62 | AB15: =Prairie!E16 -> 32.4 | AC15: =IF(Prairie!G16="",'Intermédiaire_Prod-Résultats'!AB15,Prairie!G16) -> 32.4 | AE15: =Chanvre!E16 -> 268.79 | AF15: =IF(Chanvre!G16="",'Intermédiaire_Prod-Résultats'!AE15,Chanvre!G16) -> 268.79 | AH15: =Sarrasin!E16 -> 115.65 | AI15: =IF(Sarrasin!G16="",'Intermédiaire_Prod-Résultats'!AH15,Sarrasin!G16) -> 115.65 | AK15: =Orge!E16 -> 245.49 | AL15: =IF(Orge!G16="",'Intermédiaire_Prod-Résultats'!AK15,Orge!G16) -> 245.49 | AN15: =Avoine!E16 -> 147.76 | AO15: =IF(Avoine!G16="",'Intermédiaire_Prod-Résultats'!AN15,Avoine!G16) -> 147.76 | AQ15: ='Blé_d''automne'!E16 -> 215.6391 | AR15: =IF('Blé_d''automne'!G16="",'Intermédiaire_Prod-Résultats'!AQ15,'Blé_d''automne'!G16) -> 215.6391 | AT15: =Blé_printemps!E16 -> 231.87 | AU15: =IF(Blé_printemps!G16="",'Intermédiaire_Prod-Résultats'!AT15,Blé_printemps!G16) -> 231.87 | AW15: =Seigle!E16 -> 133.31 | AX15: =IF(Seigle!G16="",'Intermédiaire_Prod-Résultats'!AW15,Seigle!G16) -> 133.31 | AZ15: =Seigle_hybride!E16 -> 266.62 | BA15: =IF(Seigle_hybride!G16="",'Intermédiaire_Prod-Résultats'!AZ15,Seigle_hybride!G16) -> 266.62 | BC15: =Prairie!E16 -> 32.4 | BD15: =IF(Prairie!G16="",'Intermédiaire_Prod-Résultats'!BC15,Prairie!G16) -> 32.4 | BF15: =Chanvre!E16 -> 268.79 | BG15: =IF(Chanvre!G16="",'Intermédiaire_Prod-Résultats'!BF15,Chanvre!G16) -> 268.79 | BI15: =Sarrasin!E16 -> 115.65 | BJ15: =IF(Sarrasin!G16="",'Intermédiaire_Prod-Résultats'!BI15,Sarrasin!G16) -> 115.65 | BL15: =Orge!E16 -> 245.49 | BM15: =IF(Orge!G16="",'Intermédiaire_Prod-Résultats'!BL15,Orge!G16) -> 245.49 | BO15: =Avoine!E16 -> 147.76 | BP15: =IF(Avoine!G16="",'Intermédiaire_Prod-Résultats'!BO15,Avoine!G16) -> 147.76 | BR15: ='Blé_d''automne'!E16 -> 215.6391 | BS15: =IF('Blé_d''automne'!G16="",'Intermédiaire_Prod-Résultats'!BR15,'Blé_d''automne'!G16) -> 215.6391 | BU15: =Blé_printemps!E16 -> 231.87 | BV15: =IF(Blé_printemps!G16="",'Intermédiaire_Prod-Résultats'!BU15,Blé_printemps!G16) -> 231.87 | BX15: =Seigle!E16 -> 133.31 | BY15: =IF(Seigle!G16="",'Intermédiaire_Prod-Résultats'!BX15,Seigle!G16) -> 133.31 | CA15: =Seigle_hybride!E16 -> 266.62 | CB15: =IF(Seigle_hybride!G16="",'Intermédiaire_Prod-Résultats'!CA15,Seigle_hybride!G16) -> 266.62 | CD15: =Prairie!E16 -> 32.4 | CE15: =IF(Prairie!G16="",'Intermédiaire_Prod-Résultats'!CD15,Prairie!G16) -> 32.4
A16: Intrants de cultures | D16: =Chanvre!E17 -> 115.44 | E16: =IF(Chanvre!G17="",'Intermédiaire_Prod-Résultats'!D16,Chanvre!G17) -> 115.44 | G16: =Sarrasin!E17 -> 48.9 | H16: =IF(Sarrasin!G17="",'Intermédiaire_Prod-Résultats'!G16,Sarrasin!G17) -> 48.9 | J16: =Orge!E17 -> 64.91 | K16: =IF(Orge!G17="",'Intermédiaire_Prod-Résultats'!J16,Orge!G17) -> 64.91 | M16: =Avoine!E17 -> 64.57 | N16: =IF(Avoine!G17="",'Intermédiaire_Prod-Résultats'!M16,Avoine!G17) -> 64.57 | P16: ='Blé_d''automne'!E17 -> 86.56 | Q16: =IF('Blé_d''automne'!G17="",'Intermédiaire_Prod-Résultats'!P16,'Blé_d''automne'!G17) -> 86.56 | S16: =Blé_printemps!E17 -> 86.56 | T16: =IF(Blé_printemps!G17="",'Intermédiaire_Prod-Résultats'!S16,Blé_printemps!G17) -> 86.56 | V16: =Seigle!E17 -> 60.05 | W16: =IF(Seigle!G17="",'Intermédiaire_Prod-Résultats'!V16,Seigle!G17) -> 60.05 | Y16: =Seigle_hybride!E17 -> 60.05 | Z16: =IF(Seigle_hybride!G17="",'Intermédiaire_Prod-Résultats'!Y16,Seigle_hybride!G17) -> 60.05 | AB16: =Prairie!E17-Saisies!B53*Saisies!B54*Saisies!B62 -> 58 | AC16: =IF(Prairie!G17="",'Intermédiaire_Prod-Résultats'!AB16,Prairie!G17-IF(Saisies!C53="",Saisies!B53,Saisies!C53)*IF(Saisies!C54="",Saisies!B54,Saisies!C54)*IF(Saisies!C62="",Saisies!B62,Saisies!C62)) -> 58 | AE16: =Chanvre!E17 -> 115.44 | AF16: =IF(Chanvre!G17="",Chanvre!E17,Chanvre!G17) -> 115.44 | AH16: =Sarrasin!E17 -> 48.9 | AI16: =IF(Sarrasin!G17="",'Intermédiaire_Prod-Résultats'!AH16,Sarrasin!G17) -> 48.9 | AK16: =Orge!E17 -> 64.91 | AL16: =IF(Orge!G17="",'Intermédiaire_Prod-Résultats'!AK16,Orge!G17) -> 64.91 | AN16: =Avoine!E17 -> 64.57 | AO16: =IF(Avoine!G17="",'Intermédiaire_Prod-Résultats'!AN16,Avoine!G17) -> 64.57 | AQ16: ='Blé_d''automne'!E17 -> 86.56 | AR16: =IF('Blé_d''automne'!G17="",'Intermédiaire_Prod-Résultats'!AQ16,'Blé_d''automne'!G17) -> 86.56 | AT16: =Blé_printemps!E17 -> 86.56 | AU16: =IF(Blé_printemps!G17="",'Intermédiaire_Prod-Résultats'!AT16,Blé_printemps!G17) -> 86.56 | AW16: =Seigle!E17 -> 60.05 | AX16: =IF(Seigle!G17="",'Intermédiaire_Prod-Résultats'!AW16,Seigle!G17) -> 60.05 | AZ16: =Seigle_hybride!E17 -> 60.05 | BA16: =IF(Seigle_hybride!G17="",'Intermédiaire_Prod-Résultats'!AZ16,Seigle_hybride!G17) -> 60.05 | BC16: =Prairie!E17-Saisies!B53*Saisies!B54*Saisies!B63 -> 40.5 | BD16: =IF(Prairie!G17="",'Intermédiaire_Prod-Résultats'!BC16,Prairie!G17-IF(Saisies!C53="",Saisies!B53,Saisies!C53)*IF(Saisies!C54="",Saisies!B54,Saisies!C54)*IF(Saisies!C63="",Saisies!B63,Saisies!C63)) -> 40.5 | BF16: =Chanvre!E17 -> 115.44 | BG16: =IF(Chanvre!G17="",Chanvre!E17,Chanvre!G17) -> 115.44 | BI16: =Sarrasin!E17 -> 48.9 | BJ16: =IF(Sarrasin!G17="",'Intermédiaire_Prod-Résultats'!BI16,Sarrasin!G17) -> 48.9 | BL16: =Orge!E17 -> 64.91 | BM16: =IF(Orge!G17="",'Intermédiaire_Prod-Résultats'!BL16,Orge!G17) -> 64.91 | BO16: =Avoine!E17 -> 64.57 | BP16: =IF(Avoine!G17="",'Intermédiaire_Prod-Résultats'!BO16,Avoine!G17) -> 64.57 | BR16: ='Blé_d''automne'!E17 -> 86.56 | BS16: =IF('Blé_d''automne'!G17="",'Intermédiaire_Prod-Résultats'!BR16,'Blé_d''automne'!G17) -> 86.56 | BU16: =Blé_printemps!E17 -> 86.56 | BV16: =IF(Blé_printemps!G17="",'Intermédiaire_Prod-Résultats'!BU16,Blé_printemps!G17) -> 86.56 | BX16: =Seigle!E17 -> 60.05 | BY16: =IF(Seigle!G17="",'Intermédiaire_Prod-Résultats'!BX16,Seigle!G17) -> 60.05 | CA16: =Seigle_hybride!E17 -> 60.05 | CB16: =IF(Seigle_hybride!G17="",'Intermédiaire_Prod-Résultats'!CA16,Seigle_hybride!G17) -> 60.05 | CD16: =Prairie!E17-Saisies!B53*Saisies!B54*Saisies!B64 -> 23 | CE16: =IF(Prairie!G17="",'Intermédiaire_Prod-Résultats'!CD16,Prairie!G17-IF(Saisies!C53="",Saisies!B53,Saisies!C53)*IF(Saisies!C54="",Saisies!B54,Saisies!C54)*IF(Saisies!C64="",Saisies!B64,Saisies!C64)) -> 23
A17: Frais de mise en marché | D17: =Chanvre!D18*Saisies!B8*(1+Saisies!B41*Saisies!B62) -> 37.97 | E17: =IF(Chanvre!G18="",Chanvre!D18*IF(Saisies!C8="",Saisies!B8,Saisies!C8),Chanvre!G18)*(1+IF(Saisies!C41="",Saisies!B41,Saisies!C41)*IF(Saisies!C62="",Saisies!B62,Saisies!C62)) -> 37.97 | G17: =Sarrasin!D18*Saisies!B9*(1+Saisies!B42*Saisies!B62) -> 44.49 | H17: =IF(Sarrasin!G18="",Sarrasin!D18*IF(Saisies!C9="",Saisies!B9,Saisies!C9),Sarrasin!G18)*(1+IF(Saisies!C42="",Saisies!B42,Saisies!C42)*IF(Saisies!C62="",Saisies!B62,Saisies!C62)) -> 44.49 | J17: =Orge!D18*Saisies!B10*(1+Saisies!B43*Saisies!B62) -> 14.87 | K17: =IF(Orge!G18="",Orge!D18*IF(Saisies!C10="",Saisies!B10,Saisies!C10),Orge!G18)*(1+IF(Saisies!C43="",Saisies!B43,Saisies!C43)*IF(Saisies!C62="",Saisies!B62,Saisies!C62)) -> 14.87 | M17: =Avoine!D18*Saisies!B11*(1+Saisies!B44*Saisies!B62) -> 44.99 | N17: =IF(Avoine!G18="",Avoine!D18*IF(Saisies!C11="",Saisies!B11,Saisies!C11),Avoine!G18)*(1+IF(Saisies!C44="",Saisies!B44,Saisies!C44)*IF(Saisies!C62="",Saisies!B62,Saisies!C62)) -> 44.99 | P17: ='Blé_d''automne'!D18*Saisies!B13*(1+Saisies!B46*Saisies!B62) -> 23.28 | Q17: =IF('Blé_d''automne'!G18="",'Blé_d''automne'!D18*IF(Saisies!C13="",Saisies!B13,Saisies!C13),'Blé_d''automne'!G18)*(1+IF(Saisies!C46="",Saisies!B46,Saisies!C46)*IF(Saisies!C62="",Saisies!B62,Saisies!C62)) -> 23.28 | S17: =Blé_printemps!D18*Saisies!B12*(1+Saisies!B45*Saisies!B62) -> 23.28 | T17: =IF(Blé_printemps!G18="",Blé_printemps!D18*IF(Saisies!C12="",Saisies!B12,Saisies!C12),Blé_printemps!G18)*(1+IF(Saisies!C45="",Saisies!B45,Saisies!C45)*IF(Saisies!C62="",Saisies!B62,Saisies!C62)) -> 23.28 | V17: =Seigle!D18*Saisies!B14*(1+Saisies!B47*Saisies!B62) -> 39.03 | W17: =IF(Seigle!G18="",Seigle!D18*IF(Saisies!C14="",Saisies!B14,Saisies!C14),Seigle!G18)*(1+IF(Saisies!C47="",Saisies!B47,Saisies!C47)*IF(Saisies!C62="",Saisies!B62,Saisies!C62)) -> 39.03 | Y17: =Seigle_hybride!D18*Saisies!B15*(1+Saisies!B48*Saisies!B62) -> 39.03 | Z17: =IF(Seigle_hybride!G18="",Seigle_hybride!D18*IF(Saisies!C15="",Saisies!B15,Saisies!C15),Seigle_hybride!G18)*(1+IF(Saisies!C48="",Saisies!B48,Saisies!C48)*IF(Saisies!C62="",Saisies!B62,Saisies!C62)) -> 39.03 | AB17: =Prairie!D18*Saisies!B16*(1+Saisies!B49*Saisies!B62) -> 0 | AC17: =IF(Prairie!G18="",Prairie!D18*IF(Saisies!C16="",Saisies!B16,Saisies!C16),Prairie!G18)*(1+IF(Saisies!C49="",Saisies!B49,Saisies!C49)*IF(Saisies!C62="",Saisies!B62,Saisies!C62)) -> 0 | AE17: =(Chanvre!D18*Saisies!B8)*(1+Saisies!B41*Saisies!B63) -> 37.97 | AF17: =IF(Chanvre!G18="",Chanvre!D18*IF(Saisies!C8="",Saisies!B8,Saisies!C8),Chanvre!G18)*(1+IF(Saisies!C41="",Saisies!B41,Saisies!C41)*IF(Saisies!C63="",Saisies!B63,Saisies!C63)) -> 37.97 | AH17: =(Sarrasin!D18*Saisies!B9)*(1+Saisies!B42*Saisies!B63) -> 44.49 | AI17: =IF(Sarrasin!G18="",Sarrasin!D18*IF(Saisies!C9="",Saisies!B9,Saisies!C9),Sarrasin!G18)*(1+IF(Saisies!C42="",Saisies!B42,Saisies!C42)*IF(Saisies!C63="",Saisies!B63,Saisies!C63)) -> 44.49 | AK17: =(Orge!D18*Saisies!B10)*(1+Saisies!B43*Saisies!B63) -> 14.87 | AL17: =IF(Orge!G18="",Orge!D18*IF(Saisies!C10="",Saisies!B10,Saisies!C10),Orge!G18)*(1+IF(Saisies!C43="",Saisies!B43,Saisies!C43)*IF(Saisies!C63="",Saisies!B63,Saisies!C63)) -> 14.87 | AN17: =Avoine!D18*Saisies!B11 -> 44.99 | AO17: =IF(Avoine!G18="",Avoine!D18*IF(Saisies!C11="",Saisies!B11,Saisies!C11),Avoine!G18)*(1+IF(Saisies!C44="",Saisies!B44,Saisies!C44)*IF(Saisies!C63="",Saisies!B63,Saisies!C63)) -> 44.99 | AQ17: =('Blé_d''automne'!D18*Saisies!B13)*(1+Saisies!B46*Saisies!B63) -> 23.28 | AR17: =IF('Blé_d''automne'!G18="",'Blé_d''automne'!D18*IF(Saisies!C13="",Saisies!B13,Saisies!C13),'Blé_d''automne'!G18)*(1+IF(Saisies!C46="",Saisies!B46,Saisies!C46)*IF(Saisies!C63="",Saisies!B63,Saisies!C63)) -> 23.28 | AT17: =(Blé_printemps!D18*Saisies!B12)*(1+Saisies!B45*Saisies!B63) -> 23.28 | AU17: =IF(Blé_printemps!G18="",Blé_printemps!D18*IF(Saisies!C12="",Saisies!B12,Saisies!C12),Blé_printemps!G18)*(1+IF(Saisies!C45="",Saisies!B45,Saisies!C45)*IF(Saisies!C63="",Saisies!B63,Saisies!C63)) -> 23.28 | AW17: =(Seigle!D18*Saisies!B14)*(1+Saisies!B47*Saisies!B63) -> 39.03 | AX17: =IF(Seigle!G18="",Seigle!D18*IF(Saisies!C14="",Saisies!B14,Saisies!C14),Seigle!G18)*(1+IF(Saisies!C47="",Saisies!B47,Saisies!C47)*IF(Saisies!C63="",Saisies!B63,Saisies!C63)) -> 39.03 | AZ17: =(Seigle_hybride!D18*Saisies!B15)*(1+Saisies!B48*Saisies!B63) -> 39.03 | BA17: =IF(Seigle_hybride!G18="",Seigle_hybride!D18*IF(Saisies!C15="",Saisies!B15,Saisies!C15),Seigle_hybride!G18)*(1+IF(Saisies!C48="",Saisies!B48,Saisies!C48)*IF(Saisies!C63="",Saisies!B63,Saisies!C63)) -> 39.03 | BC17: =(Prairie!D18*Saisies!B16)*(1+Saisies!B49*Saisies!B63) -> 0 | BD17: =IF(Prairie!G18="",Prairie!D18*IF(Saisies!C16="",Saisies!B16,Saisies!C16),Prairie!G18)*(1+IF(Saisies!C49="",Saisies!B49,Saisies!C49)*IF(Saisies!C63="",Saisies!B63,Saisies!C63)) -> 0 | BF17: =(Chanvre!D18*Saisies!B8)*(1+Saisies!B41*Saisies!B64) -> 37.97 | BG17: =IF(Chanvre!G18="",Chanvre!D18*IF(Saisies!C8="",Saisies!B8,Saisies!C8),Chanvre!G18)*(1+IF(Saisies!C41="",Saisies!B41,Saisies!C41)*IF(Saisies!C64="",Saisies!B64,Saisies!C64)) -> 37.97 | BI17: =(Sarrasin!D18*Saisies!B9)*(1+Saisies!B42*Saisies!B64) -> 44.49 | BJ17: =IF(Sarrasin!G18="",Sarrasin!D18*IF(Saisies!C9="",Saisies!B9,Saisies!C9),Sarrasin!G18)*(1+IF(Saisies!C42="",Saisies!B42,Saisies!C42)*IF(Saisies!C64="",Saisies!B64,Saisies!C64)) -> 44.49 | BL17: =(Orge!D18*Saisies!B10)*(1+Saisies!B43*Saisies!B64) -> 14.87 | BM17: =IF(Orge!G18="",Orge!D18*IF(Saisies!C10="",Saisies!B10,Saisies!C10),Orge!G18)*(1+IF(Saisies!C43="",Saisies!B43,Saisies!C43)*IF(Saisies!C64="",Saisies!B64,Saisies!C64)) -> 14.87 | BO17: =(Avoine!D18*Saisies!B11)*(1+Saisies!B44*Saisies!B64) -> 44.99 | BP17: =IF(Avoine!G18="",Avoine!D18*IF(Saisies!C11="",Saisies!B11,Saisies!C11),Avoine!G18)*(1+IF(Saisies!C44="",Saisies!B44,Saisies!C44)*IF(Saisies!C64="",Saisies!B64,Saisies!C64)) -> 44.99 | BR17: =('Blé_d''automne'!D18*Saisies!B13)*(1+Saisies!B46*Saisies!B64) -> 23.28 | BS17: =IF('Blé_d''automne'!G18="",'Blé_d''automne'!D18*IF(Saisies!C13="",Saisies!B13,Saisies!C13),'Blé_d''automne'!G18)*(1+IF(Saisies!C46="",Saisies!B46,Saisies!C46)*IF(Saisies!C64="",Saisies!B64,Saisies!C64)) -> 23.28 | BU17: =(Blé_printemps!D18*Saisies!B12)*(1+Saisies!B45*Saisies!B64) -> 23.28 | BV17: =IF(Blé_printemps!G18="",Blé_printemps!D18*IF(Saisies!C12="",Saisies!B12,Saisies!C12),Blé_printemps!G18)*(1+IF(Saisies!C45="",Saisies!B45,Saisies!C45)*IF(Saisies!C64="",Saisies!B64,Saisies!C64)) -> 23.28 | BX17: =(Seigle!D18*Saisies!B14)*(1+Saisies!B47*Saisies!B64) -> 39.03 | BY17: =IF(Seigle!G18="",Seigle!D18*IF(Saisies!C14="",Saisies!B14,Saisies!C14),Seigle!G18)*(1+IF(Saisies!C47="",Saisies!B47,Saisies!C47)*IF(Saisies!C64="",Saisies!B64,Saisies!C64)) -> 39.03 | CA17: =(Seigle_hybride!D18*Saisies!B15)*(1+Saisies!B48*Saisies!B64) -> 39.03 | CB17: =IF(Seigle_hybride!G18="",Seigle_hybride!D18*IF(Saisies!C15="",Saisies!B15,Saisies!C15),Seigle_hybride!G18)*(1+IF(Saisies!C48="",Saisies!B48,Saisies!C48)*IF(Saisies!C64="",Saisies!B64,Saisies!C64)) -> 39.03 | CD17: =(Prairie!D18*Saisies!B16)*(1+Saisies!B49*Saisies!B64) -> 0 | CE17: =IF(Prairie!G18="",Prairie!D18*IF(Saisies!C16="",Saisies!B16,Saisies!C16),Prairie!G18)*(1+IF(Saisies!C49="",Saisies!B49,Saisies!C49)*IF(Saisies!C64="",Saisies!B64,Saisies!C64)) -> 0
A18: Forfait et location | D18: =Chanvre!E19 -> 231.99 | E18: =IF(Chanvre!G22="",'Intermédiaire_Prod-Résultats'!D18,Chanvre!G22) -> 231.99 | G18: =Sarrasin!E19 -> 145.07 | H18: =IF(Sarrasin!G19="",'Intermédiaire_Prod-Résultats'!G18,Sarrasin!G19) -> 145.07 | J18: =Orge!E19 -> 323.33 | K18: =IF(Orge!G19="",'Intermédiaire_Prod-Résultats'!J18,Orge!G19) -> 323.33 | M18: =Avoine!E19 -> 272.22 | N18: =IF(Avoine!G19="",'Intermédiaire_Prod-Résultats'!M18,Avoine!G19) -> 272.22 | P18: ='Blé_d''automne'!E19 -> 103.24 | Q18: =IF('Blé_d''automne'!G19="",'Intermédiaire_Prod-Résultats'!P18,'Blé_d''automne'!G19) -> 103.24 | S18: =Blé_printemps!E19 -> 103.24 | T18: =IF(Blé_printemps!G19="",'Intermédiaire_Prod-Résultats'!S18,Blé_printemps!G19) -> 103.24 | V18: =Seigle!E19 -> 160.85 | W18: =IF(Seigle!G19="",'Intermédiaire_Prod-Résultats'!V18,Seigle!G19) -> 160.85 | Y18: =Seigle_hybride!E19 -> 160.85 | Z18: =IF(Seigle_hybride!G19="",'Intermédiaire_Prod-Résultats'!Y18,Seigle_hybride!G19) -> 160.85 | AB18: =Prairie!E19 -> 205 | AC18: =IF(Prairie!G19="",'Intermédiaire_Prod-Résultats'!AB18,Prairie!G19) -> 205 | AE18: =Chanvre!E19 -> 231.99 | AF18: =IF(Chanvre!G22="",'Intermédiaire_Prod-Résultats'!AE18,Chanvre!G22) -> 231.99 | AH18: =Sarrasin!E19 -> 145.07 | AI18: =IF(Sarrasin!G19="",'Intermédiaire_Prod-Résultats'!AH18,Sarrasin!G19) -> 145.07 | AK18: =Orge!E19 -> 323.33 | AL18: =IF(Orge!G19="",'Intermédiaire_Prod-Résultats'!AK18,Orge!G19) -> 323.33 | AN18: =Avoine!E19 -> 272.22 | AO18: =IF(Avoine!G19="",'Intermédiaire_Prod-Résultats'!AN18,Avoine!G19) -> 272.22 | AQ18: ='Blé_d''automne'!E19 -> 103.24 | AR18: =IF('Blé_d''automne'!G19="",'Intermédiaire_Prod-Résultats'!AQ18,'Blé_d''automne'!G19) -> 103.24 | AT18: =Blé_printemps!E19 -> 103.24 | AU18: =IF(Blé_printemps!G19="",'Intermédiaire_Prod-Résultats'!AT18,Blé_printemps!G19) -> 103.24 | AW18: =Seigle!E19 -> 160.85 | AX18: =IF(Seigle!G19="",'Intermédiaire_Prod-Résultats'!AW18,Seigle!G19) -> 160.85 | AZ18: =Seigle_hybride!E19 -> 160.85 | BA18: =IF(Seigle_hybride!G19="",'Intermédiaire_Prod-Résultats'!AZ18,Seigle_hybride!G19) -> 160.85 | BC18: =Prairie!E19 -> 205 | BD18: =IF(Prairie!G19="",'Intermédiaire_Prod-Résultats'!BC18,Prairie!G19) -> 205 | BF18: =Chanvre!E19 -> 231.99 | BG18: =IF(Chanvre!G19="",'Intermédiaire_Prod-Résultats'!BF18,Chanvre!G19) -> 231.99 | BI18: =Sarrasin!E19 -> 145.07 | BJ18: =IF(Sarrasin!G19="",'Intermédiaire_Prod-Résultats'!BI18,Sarrasin!G19) -> 145.07 | BL18: =Orge!E19 -> 323.33 | BM18: =IF(Orge!G19="",'Intermédiaire_Prod-Résultats'!BL18,Orge!G19) -> 323.33 | BO18: =Avoine!E19 -> 272.22 | BP18: =IF(Avoine!G19="",'Intermédiaire_Prod-Résultats'!BO18,Avoine!G19) -> 272.22 | BR18: ='Blé_d''automne'!E19 -> 103.24 | BS18: =IF('Blé_d''automne'!G19="",'Intermédiaire_Prod-Résultats'!BR18,'Blé_d''automne'!G19) -> 103.24 | BU18: =Blé_printemps!E19 -> 103.24 | BV18: =IF(Blé_printemps!G19="",'Intermédiaire_Prod-Résultats'!BU18,Blé_printemps!G19) -> 103.24 | BX18: =Seigle!E19 -> 160.85 | BY18: =IF(Seigle!G19="",'Intermédiaire_Prod-Résultats'!BX18,Seigle!G19) -> 160.85 | CA18: =Seigle_hybride!E19 -> 160.85 | CB18: =IF(Seigle_hybride!G19="",'Intermédiaire_Prod-Résultats'!CA18,Seigle_hybride!G19) -> 160.85 | CD18: =Prairie!E19 -> 205 | CE18: =IF(Prairie!G19="",'Intermédiaire_Prod-Résultats'!CD18,Prairie!G19) -> 205
A19: Entretien | D19: =Chanvre!E20 -> 140.34 | E19: =IF(Chanvre!G23="",'Intermédiaire_Prod-Résultats'!D19,Chanvre!G23) -> 140.34 | G19: =Sarrasin!E20 -> 209.65 | H19: =IF(Sarrasin!G20="",'Intermédiaire_Prod-Résultats'!G19,Sarrasin!G20) -> 209.65 | J19: =Orge!E20 -> 204.14 | K19: =IF(Orge!G20="",'Intermédiaire_Prod-Résultats'!J19,Orge!G20) -> 204.14 | M19: =Avoine!E20 -> 163.11 | N19: =IF(Avoine!G20="",'Intermédiaire_Prod-Résultats'!M19,Avoine!G20) -> 163.11 | P19: ='Blé_d''automne'!E20 -> 213.57 | Q19: =IF('Blé_d''automne'!G20="",'Intermédiaire_Prod-Résultats'!P19,'Blé_d''automne'!G20) -> 213.57 | S19: =Blé_printemps!E20 -> 213.57 | T19: =IF(Blé_printemps!G20="",'Intermédiaire_Prod-Résultats'!S19,Blé_printemps!G20) -> 213.57 | V19: =Seigle!E20 -> 200.93 | W19: =IF(Seigle!G20="",'Intermédiaire_Prod-Résultats'!V19,Seigle!G20) -> 200.93 | Y19: =Seigle_hybride!E20 -> 200.93 | Z19: =IF(Seigle_hybride!G20="",'Intermédiaire_Prod-Résultats'!Y19,Seigle_hybride!G20) -> 200.93 | AB19: =Prairie!E20 -> 171 | AC19: =IF(Prairie!G20="",'Intermédiaire_Prod-Résultats'!AB19,Prairie!G20) -> 171 | AE19: =Chanvre!E20 -> 140.34 | AF19: =IF(Chanvre!G23="",'Intermédiaire_Prod-Résultats'!AE19,Chanvre!G23) -> 140.34 | AH19: =Sarrasin!E20 -> 209.65 | AI19: =IF(Sarrasin!G20="",'Intermédiaire_Prod-Résultats'!AH19,Sarrasin!G20) -> 209.65 | AK19: =Orge!E20 -> 204.14 | AL19: =IF(Orge!G20="",'Intermédiaire_Prod-Résultats'!AK19,Orge!G20) -> 204.14 | AN19: =Avoine!E20 -> 163.11 | AO19: =IF(Avoine!G20="",'Intermédiaire_Prod-Résultats'!AN19,Avoine!G20) -> 163.11 | AQ19: ='Blé_d''automne'!E20 -> 213.57 | AR19: =IF('Blé_d''automne'!G20="",'Intermédiaire_Prod-Résultats'!AQ19,'Blé_d''automne'!G20) -> 213.57 | AT19: =Blé_printemps!E20 -> 213.57 | AU19: =IF(Blé_printemps!G20="",'Intermédiaire_Prod-Résultats'!AT19,Blé_printemps!G20) -> 213.57 | AW19: =Seigle!E20 -> 200.93 | AX19: =IF(Seigle!G20="",'Intermédiaire_Prod-Résultats'!AW19,Seigle!G20) -> 200.93 | AZ19: =Seigle_hybride!E20 -> 200.93 | BA19: =IF(Seigle_hybride!G20="",'Intermédiaire_Prod-Résultats'!AZ19,Seigle_hybride!G20) -> 200.93 | BC19: =Prairie!E20 -> 171 | BD19: =IF(Prairie!G20="",'Intermédiaire_Prod-Résultats'!BC19,Prairie!G20) -> 171 | BF19: =Chanvre!E20 -> 140.34 | BG19: =IF(Chanvre!G20="",'Intermédiaire_Prod-Résultats'!BF19,Chanvre!G20) -> 140.34 | BI19: =Sarrasin!E20 -> 209.65 | BJ19: =IF(Sarrasin!G20="",'Intermédiaire_Prod-Résultats'!BI19,Sarrasin!G20) -> 209.65 | BL19: =Orge!E20 -> 204.14 | BM19: =IF(Orge!G20="",'Intermédiaire_Prod-Résultats'!BL19,Orge!G20) -> 204.14 | BO19: =Avoine!E20 -> 163.11 | BP19: =IF(Avoine!G20="",'Intermédiaire_Prod-Résultats'!BO19,Avoine!G20) -> 163.11 | BR19: ='Blé_d''automne'!E20 -> 213.57 | BS19: =IF('Blé_d''automne'!G20="",'Intermédiaire_Prod-Résultats'!BR19,'Blé_d''automne'!G20) -> 213.57 | BU19: =Blé_printemps!E20 -> 213.57 | BV19: =IF(Blé_printemps!G20="",'Intermédiaire_Prod-Résultats'!BU19,Blé_printemps!G20) -> 213.57 | BX19: =Seigle!E20 -> 200.93 | BY19: =IF(Seigle!G20="",'Intermédiaire_Prod-Résultats'!BX19,Seigle!G20) -> 200.93 | CA19: =Seigle_hybride!E20 -> 200.93 | CB19: =IF(Seigle_hybride!G20="",'Intermédiaire_Prod-Résultats'!CA19,Seigle_hybride!G20) -> 200.93 | CD19: =Prairie!E20 -> 171 | CE19: =IF(Prairie!G20="",'Intermédiaire_Prod-Résultats'!CD19,Prairie!G20) -> 171
A20: Énergie | D20: =Chanvre!D21*Saisies!B8*(1+Saisies!B41*Saisies!B62) -> 109.13 | E20: =IF(Chanvre!G21="",Chanvre!D21*IF(Saisies!C8="",Saisies!B8,Saisies!C8),Chanvre!G21)*(1+IF(Saisies!C41="",Saisies!B41,Saisies!C41)*IF(Saisies!C62="",Saisies!B62,Saisies!C62)) -> 109.13 | G20: =Sarrasin!D21*Saisies!B9*(1+Saisies!B42*Saisies!B62) -> 160.38 | H20: =IF(Sarrasin!G21="",Sarrasin!D21*IF(Saisies!C9="",Saisies!B9,Saisies!C9),Sarrasin!G21)*(1+IF(Saisies!C42="",Saisies!B42,Saisies!C42)*IF(Saisies!C62="",Saisies!B62,Saisies!C62)) -> 160.38 | J20: =Orge!D21*Saisies!B10*(1+Saisies!B43*Saisies!B62) -> 122.32 | K20: =IF(Orge!G21="",Orge!D21*IF(Saisies!C10="",Saisies!B10,Saisies!C10),Orge!G21)*(1+IF(Saisies!C43="",Saisies!B43,Saisies!C43)*IF(Saisies!C62="",Saisies!B62,Saisies!C62)) -> 122.32 | M20: =Avoine!D21*Saisies!B11*(1+Saisies!B44*Saisies!B62) -> 119.16 | N20: =IF(Avoine!G21="",Avoine!D21*IF(Saisies!C11="",Saisies!B11,Saisies!C11),Avoine!G21)*(1+IF(Saisies!C44="",Saisies!B44,Saisies!C44)*IF(Saisies!C62="",Saisies!B62,Saisies!C62)) -> 119.16 | P20: ='Blé_d''automne'!D21*Saisies!B13*(1+Saisies!B46*Saisies!B62) -> 139.03 | Q20: =IF('Blé_d''automne'!G21="",'Blé_d''automne'!D21*IF(Saisies!C13="",Saisies!B13,Saisies!C13),'Blé_d''automne'!G21)*(1+IF(Saisies!C46="",Saisies!B46,Saisies!C46)*IF(Saisies!C62="",Saisies!B62,Saisies!C62)) -> 139.03 | S20: =Blé_printemps!D21*Saisies!B12*(1+Saisies!B45*Saisies!B62) -> 139.03 | T20: =IF(Blé_printemps!G21="",Blé_printemps!D21*IF(Saisies!C12="",Saisies!B12,Saisies!C12),Blé_printemps!G21)*(1+IF(Saisies!C45="",Saisies!B45,Saisies!C45)*IF(Saisies!C62="",Saisies!B62,Saisies!C62)) -> 139.03 | V20: =Seigle!D21*Saisies!B14*(1+Saisies!B47*Saisies!B62) -> 106.62 | W20: =IF(Seigle!G21="",Seigle!D21*IF(Saisies!C14="",Saisies!B14,Saisies!C14),Seigle!G21)*(1+IF(Saisies!C47="",Saisies!B47,Saisies!C47)*IF(Saisies!C62="",Saisies!B62,Saisies!C62)) -> 106.62 | Y20: =Seigle_hybride!D21*Saisies!B15*(1+Saisies!B48*Saisies!B62) -> 106.62 | Z20: =IF(Seigle_hybride!G21="",Seigle_hybride!D21*IF(Saisies!C15="",Saisies!B15,Saisies!C15),Seigle_hybride!G21)*(1+IF(Saisies!C48="",Saisies!B48,Saisies!C48)*IF(Saisies!C62="",Saisies!B62,Saisies!C62)) -> 106.62 | AB20: =Prairie!D21*Saisies!B16*(1+Saisies!B49*Saisies!B62) -> 122 | AC20: =IF(Prairie!G21="",Prairie!D21*IF(Saisies!C16="",Saisies!B16,Saisies!C16),Prairie!G21)*(1+IF(Saisies!C49="",Saisies!B49,Saisies!C49)*IF(Saisies!C62="",Saisies!B62,Saisies!C62)) -> 122 | AE20: =(Chanvre!D21*Saisies!B8)*(1+Saisies!B41*Saisies!B63) -> 109.13 | AF20: =IF(Chanvre!G21="",Chanvre!D21*IF(Saisies!C8="",Saisies!B8,Saisies!C8),Chanvre!G21)*(1+IF(Saisies!C41="",Saisies!B41,Saisies!C41)*IF(Saisies!C63="",Saisies!B63,Saisies!C63)) -> 109.13 | AH20: =(Sarrasin!D21*Saisies!B9)*(1+Saisies!B42*Saisies!B63) -> 160.38 | AI20: =IF(Sarrasin!G21="",Sarrasin!D21*IF(Saisies!C9="",Saisies!B9,Saisies!C9),Sarrasin!G21)*(1+IF(Saisies!C42="",Saisies!B42,Saisies!C42)*IF(Saisies!C63="",Saisies!B63,Saisies!C63)) -> 160.38 | AK20: =(Orge!D21*Saisies!B10)*(1+Saisies!B43*Saisies!B63) -> 122.32 | AL20: =IF(Orge!G21="",Orge!D21*IF(Saisies!C10="",Saisies!B10,Saisies!C10),Orge!G21)*(1+IF(Saisies!C43="",Saisies!B43,Saisies!C43)*IF(Saisies!C63="",Saisies!B63,Saisies!C63)) -> 122.32 | AN20: =Avoine!D21*Saisies!B11 -> 119.16 | AO20: =IF(Avoine!G21="",Avoine!D21*IF(Saisies!C11="",Saisies!B11,Saisies!C11),Avoine!G21)*(1+IF(Saisies!C44="",Saisies!B44,Saisies!C44)*IF(Saisies!C63="",Saisies!B63,Saisies!C63)) -> 119.16 | AQ20: =('Blé_d''automne'!D21*Saisies!B13)*(1+Saisies!B46*Saisies!B63) -> 139.03 | AR20: =IF('Blé_d''automne'!G21="",'Blé_d''automne'!D21*IF(Saisies!C13="",Saisies!B13,Saisies!C13),'Blé_d''automne'!G21)*(1+IF(Saisies!C46="",Saisies!B46,Saisies!C46)*IF(Saisies!C63="",Saisies!B63,Saisies!C63)) -> 139.03 | AT20: =(Blé_printemps!D21*Saisies!B12)*(1+Saisies!B45*Saisies!B63) -> 139.03 | AU20: =IF(Blé_printemps!G21="",Blé_printemps!D21*IF(Saisies!C12="",Saisies!B12,Saisies!C12),Blé_printemps!G21)*(1+IF(Saisies!C45="",Saisies!B45,Saisies!C45)*IF(Saisies!C63="",Saisies!B63,Saisies!C63)) -> 139.03 | AW20: =(Seigle!D21*Saisies!B14)*(1+Saisies!B47*Saisies!B63) -> 106.62 | AX20: =IF(Seigle!G21="",Seigle!D21*IF(Saisies!C14="",Saisies!B14,Saisies!C14),Seigle!G21)*(1+IF(Saisies!C47="",Saisies!B47,Saisies!C47)*IF(Saisies!C63="",Saisies!B63,Saisies!C63)) -> 106.62 | AZ20: =(Seigle_hybride!D21*Saisies!B15)*(1+Saisies!B48*Saisies!B63) -> 106.62 | BA20: =IF(Seigle_hybride!G21="",Seigle_hybride!D21*IF(Saisies!C15="",Saisies!B15,Saisies!C15),Seigle_hybride!G21)*(1+IF(Saisies!C48="",Saisies!B48,Saisies!C48)*IF(Saisies!C63="",Saisies!B63,Saisies!C63)) -> 106.62 | BC20: =(Prairie!D21*Saisies!B16)*(1+Saisies!B49*Saisies!B63) -> 122 | BD20: =IF(Prairie!G21="",Prairie!D21*IF(Saisies!C16="",Saisies!B16,Saisies!C16),Prairie!G21)*(1+IF(Saisies!C49="",Saisies!B49,Saisies!C49)*IF(Saisies!C63="",Saisies!B63,Saisies!C63)) -> 122 | BF20: =(Chanvre!D21*Saisies!B8)*(1+Saisies!B41*Saisies!B64) -> 109.13 | BG20: =IF(Chanvre!G21="",Chanvre!D21*IF(Saisies!C8="",Saisies!B8,Saisies!C8),Chanvre!G21)*(1+IF(Saisies!C41="",Saisies!B41,Saisies!C41)*IF(Saisies!C64="",Saisies!B64,Saisies!C64)) -> 109.13 | BI20: =(Sarrasin!D21*Saisies!B9)*(1+Saisies!B42*Saisies!B64) -> 160.38 | BJ20: =IF(Sarrasin!G21="",Sarrasin!D21*IF(Saisies!C9="",Saisies!B9,Saisies!C9),Sarrasin!G21)*(1+IF(Saisies!C42="",Saisies!B42,Saisies!C42)*IF(Saisies!C64="",Saisies!B64,Saisies!C64)) -> 160.38 | BL20: =(Orge!D21*Saisies!B10)*(1+Saisies!B43*Saisies!B64) -> 122.32 | BM20: =IF(Orge!G21="",Orge!D21*IF(Saisies!C10="",Saisies!B10,Saisies!C10),Orge!G21)*(1+IF(Saisies!C43="",Saisies!B43,Saisies!C43)*IF(Saisies!C64="",Saisies!B64,Saisies!C64)) -> 122.32 | BO20: =(Avoine!D21*Saisies!B11)*(1+Saisies!B44*Saisies!B64) -> 119.16 | BP20: =IF(Avoine!G21="",Avoine!D21*IF(Saisies!C11="",Saisies!B11,Saisies!C11),Avoine!G21)*(1+IF(Saisies!C44="",Saisies!B44,Saisies!C44)*IF(Saisies!C64="",Saisies!B64,Saisies!C64)) -> 119.16 | BR20: =('Blé_d''automne'!D21*Saisies!B13)*(1+Saisies!B46*Saisies!B64) -> 139.03 | BS20: =IF('Blé_d''automne'!G21="",'Blé_d''automne'!D21*IF(Saisies!C13="",Saisies!B13,Saisies!C13),'Blé_d''automne'!G21)*(1+IF(Saisies!C46="",Saisies!B46,Saisies!C46)*IF(Saisies!C64="",Saisies!B64,Saisies!C64)) -> 139.03 | BU20: =(Blé_printemps!D21*Saisies!B12)*(1+Saisies!B45*Saisies!B64) -> 139.03 | BV20: =IF(Blé_printemps!G21="",Blé_printemps!D21*IF(Saisies!C12="",Saisies!B12,Saisies!C12),Blé_printemps!G21)*(1+IF(Saisies!C45="",Saisies!B45,Saisies!C45)*IF(Saisies!C64="",Saisies!B64,Saisies!C64)) -> 139.03 | BX20: =(Seigle!D21*Saisies!B14)*(1+Saisies!B47*Saisies!B64) -> 106.62 | BY20: =IF(Seigle!G21="",Seigle!D21*IF(Saisies!C14="",Saisies!B14,Saisies!C14),Seigle!G21)*(1+IF(Saisies!C47="",Saisies!B47,Saisies!C47)*IF(Saisies!C64="",Saisies!B64,Saisies!C64)) -> 106.62 | CA20: =(Seigle_hybride!D21*Saisies!B15)*(1+Saisies!B48*Saisies!B64) -> 106.62 | CB20: =IF(Seigle_hybride!G21="",Seigle_hybride!D21*IF(Saisies!C15="",Saisies!B15,Saisies!C15),Seigle_hybride!G21)*(1+IF(Saisies!C48="",Saisies!B48,Saisies!C48)*IF(Saisies!C64="",Saisies!B64,Saisies!C64)) -> 106.62 | CD20: =(Prairie!D21*Saisies!B16)*(1+Saisies!B49*Saisies!B64) -> 122 | CE20: =IF(Prairie!G21="",Prairie!D21*IF(Saisies!C16="",Saisies!B16,Saisies!C16),Prairie!G21)*(1+IF(Saisies!C49="",Saisies!B49,Saisies!C49)*IF(Saisies!C64="",Saisies!B64,Saisies!C64)) -> 122
A21: Taxes et assurances | D21: =Chanvre!E22 -> 68.27 | E21: =IF(Chanvre!G22="",'Intermédiaire_Prod-Résultats'!D21,Chanvre!G22) -> 68.27 | G21: =Sarrasin!E22 -> 62.77 | H21: =IF(Sarrasin!G22="",'Intermédiaire_Prod-Résultats'!G21,Sarrasin!G22) -> 62.77 | J21: =Orge!E22 -> 54.75 | K21: =IF(Orge!G22="",'Intermédiaire_Prod-Résultats'!J21,Orge!G22) -> 54.75 | M21: =Avoine!E22 -> 61.46 | N21: =IF(Avoine!G22="",'Intermédiaire_Prod-Résultats'!M21,Avoine!G22) -> 61.46 | P21: ='Blé_d''automne'!E22 -> 88.19 | Q21: =IF('Blé_d''automne'!G22="",'Intermédiaire_Prod-Résultats'!P21,'Blé_d''automne'!G22) -> 88.19 | S21: =Blé_printemps!E22 -> 88.19 | T21: =IF(Blé_printemps!G22="",'Intermédiaire_Prod-Résultats'!S21,Blé_printemps!G22) -> 88.19 | V21: =Seigle!E22 -> 55.35 | W21: =IF(Seigle!G22="",'Intermédiaire_Prod-Résultats'!V21,Seigle!G22) -> 55.35 | Y21: =Seigle_hybride!E22 -> 55.35 | Z21: =IF(Seigle_hybride!G22="",'Intermédiaire_Prod-Résultats'!Y21,Seigle_hybride!G22) -> 55.35 | AB21: =Prairie!E22 -> 74 | AC21: =IF(Prairie!G22="",'Intermédiaire_Prod-Résultats'!AB21,Prairie!G22) -> 74 | AE21: =Chanvre!E22 -> 68.27 | AF21: =IF(Chanvre!G22="",'Intermédiaire_Prod-Résultats'!AE21,Chanvre!G22) -> 68.27 | AH21: =Sarrasin!E22 -> 62.77 | AI21: =IF(Sarrasin!G22="",'Intermédiaire_Prod-Résultats'!AH21,Sarrasin!G22) -> 62.77 | AK21: =Orge!E22 -> 54.75 | AL21: =IF(Orge!G22="",'Intermédiaire_Prod-Résultats'!AK21,Orge!G22) -> 54.75 | AN21: =Avoine!E22 -> 61.46 | AO21: =IF(Avoine!G22="",'Intermédiaire_Prod-Résultats'!AN21,Avoine!G22) -> 61.46 | AQ21: ='Blé_d''automne'!E22 -> 88.19 | AR21: =IF('Blé_d''automne'!G22="",'Intermédiaire_Prod-Résultats'!AQ21,'Blé_d''automne'!G22) -> 88.19 | AT21: =Blé_printemps!E22 -> 88.19 | AU21: =IF(Blé_printemps!G22="",'Intermédiaire_Prod-Résultats'!AT21,Blé_printemps!G22) -> 88.19 | AW21: =Seigle!E22 -> 55.35 | AX21: =IF(Seigle!G22="",'Intermédiaire_Prod-Résultats'!AW21,Seigle!G22) -> 55.35 | AZ21: =Seigle_hybride!E22 -> 55.35 | BA21: =IF(Seigle_hybride!G22="",'Intermédiaire_Prod-Résultats'!AZ21,Seigle_hybride!G22) -> 55.35 | BC21: =Prairie!E22 -> 74 | BD21: =IF(Prairie!G22="",'Intermédiaire_Prod-Résultats'!BC21,Prairie!G22) -> 74 | BF21: =Chanvre!E22 -> 68.27 | BG21: =IF(Chanvre!G22="",'Intermédiaire_Prod-Résultats'!BF21,Chanvre!G22) -> 68.27 | BI21: =Sarrasin!E22 -> 62.77 | BJ21: =IF(Sarrasin!G22="",'Intermédiaire_Prod-Résultats'!BI21,Sarrasin!G22) -> 62.77 | BL21: =Orge!E22 -> 54.75 | BM21: =IF(Orge!G22="",'Intermédiaire_Prod-Résultats'!BL21,Orge!G22) -> 54.75 | BO21: =Avoine!E22 -> 61.46 | BP21: =IF(Avoine!G22="",'Intermédiaire_Prod-Résultats'!BO21,Avoine!G22) -> 61.46 | BR21: ='Blé_d''automne'!E22 -> 88.19 | BS21: =IF('Blé_d''automne'!G22="",'Intermédiaire_Prod-Résultats'!BR21,'Blé_d''automne'!G22) -> 88.19 | BU21: =Blé_printemps!E22 -> 88.19 | BV21: =IF(Blé_printemps!G22="",'Intermédiaire_Prod-Résultats'!BU21,Blé_printemps!G22) -> 88.19 | BX21: =Seigle!E22 -> 55.35 | BY21: =IF(Seigle!G22="",'Intermédiaire_Prod-Résultats'!BX21,Seigle!G22) -> 55.35 | CA21: =Seigle_hybride!E22 -> 55.35 | CB21: =IF(Seigle_hybride!G22="",'Intermédiaire_Prod-Résultats'!CA21,Seigle_hybride!G22) -> 55.35 | CD21: =Prairie!E22 -> 74 | CE21: =IF(Prairie!G22="",'Intermédiaire_Prod-Résultats'!CD21,Prairie!G22) -> 74
A22: Frais de financement | D22: =Chanvre!E23 -> 113.75 | E22: =IF(Chanvre!G23="",'Intermédiaire_Prod-Résultats'!D22,Chanvre!G23) -> 113.75 | G22: =Sarrasin!E23 -> 129.24 | H22: =IF(Sarrasin!G23="",'Intermédiaire_Prod-Résultats'!G22,Sarrasin!G23) -> 129.24 | J22: =Orge!E23 -> 100.27 | K22: =IF(Orge!G23="",'Intermédiaire_Prod-Résultats'!J22,Orge!G23) -> 100.27 | M22: =Avoine!E23 -> 85.41 | N22: =IF(Avoine!G23="",'Intermédiaire_Prod-Résultats'!M22,Avoine!G23) -> 85.41 | P22: ='Blé_d''automne'!E23 -> 95.61 | Q22: =IF('Blé_d''automne'!G23="",'Intermédiaire_Prod-Résultats'!P22,'Blé_d''automne'!G23) -> 95.61 | S22: =Blé_printemps!E23 -> 95.61 | T22: =IF(Blé_printemps!G23="",'Intermédiaire_Prod-Résultats'!S22,Blé_printemps!G23) -> 95.61 | V22: =Seigle!E23 -> 93.52 | W22: =IF(Seigle!G23="",'Intermédiaire_Prod-Résultats'!V22,Seigle!G23) -> 93.52 | Y22: =Seigle_hybride!E23 -> 93.52 | Z22: =IF(Seigle_hybride!G23="",'Intermédiaire_Prod-Résultats'!Y22,Seigle_hybride!G23) -> 93.52 | AB22: =Prairie!E23 -> 74 | AC22: =IF(Prairie!G23="",'Intermédiaire_Prod-Résultats'!AB22,Prairie!G23) -> 74 | AE22: =Chanvre!E23 -> 113.75 | AF22: =IF(Chanvre!G23="",'Intermédiaire_Prod-Résultats'!AE22,Chanvre!G23) -> 113.75 | AH22: =Sarrasin!E23 -> 129.24 | AI22: =IF(Sarrasin!G23="",'Intermédiaire_Prod-Résultats'!AH22,Sarrasin!G23) -> 129.24 | AK22: =Orge!E23 -> 100.27 | AL22: =IF(Orge!G23="",'Intermédiaire_Prod-Résultats'!AK22,Orge!G23) -> 100.27 | AN22: =Avoine!E23 -> 85.41 | AO22: =IF(Avoine!G23="",'Intermédiaire_Prod-Résultats'!AN22,Avoine!G23) -> 85.41 | AQ22: ='Blé_d''automne'!E23 -> 95.61 | AR22: =IF('Blé_d''automne'!G23="",'Intermédiaire_Prod-Résultats'!AQ22,'Blé_d''automne'!G23) -> 95.61 | AT22: =Blé_printemps!E23 -> 95.61 | AU22: =IF(Blé_printemps!G23="",'Intermédiaire_Prod-Résultats'!AT22,Blé_printemps!G23) -> 95.61 | AW22: =Seigle!E23 -> 93.52 | AX22: =IF(Seigle!G23="",'Intermédiaire_Prod-Résultats'!AW22,Seigle!G23) -> 93.52 | AZ22: =Seigle_hybride!E23 -> 93.52 | BA22: =IF(Seigle_hybride!G23="",'Intermédiaire_Prod-Résultats'!AZ22,Seigle_hybride!G23) -> 93.52 | BC22: =Prairie!E23 -> 74 | BD22: =IF(Prairie!G23="",'Intermédiaire_Prod-Résultats'!BC22,Prairie!G23) -> 74 | BF22: =Chanvre!E23 -> 113.75 | BG22: =IF(Chanvre!G23="",'Intermédiaire_Prod-Résultats'!BF22,Chanvre!G23) -> 113.75 | BI22: =Sarrasin!E23 -> 129.24 | BJ22: =IF(Sarrasin!G23="",'Intermédiaire_Prod-Résultats'!BI22,Sarrasin!G23) -> 129.24 | BL22: =Orge!E23 -> 100.27 | BM22: =IF(Orge!G23="",'Intermédiaire_Prod-Résultats'!BL22,Orge!G23) -> 100.27 | BO22: =Avoine!E23 -> 85.41 | BP22: =IF(Avoine!G23="",'Intermédiaire_Prod-Résultats'!BO22,Avoine!G23) -> 85.41 | BR22: ='Blé_d''automne'!E23 -> 95.61 | BS22: =IF('Blé_d''automne'!G23="",'Intermédiaire_Prod-Résultats'!BR22,'Blé_d''automne'!G23) -> 95.61 | BU22: =Blé_printemps!E23 -> 95.61 | BV22: =IF(Blé_printemps!G23="",'Intermédiaire_Prod-Résultats'!BU22,Blé_printemps!G23) -> 95.61 | BX22: =Seigle!E23 -> 93.52 | BY22: =IF(Seigle!G23="",'Intermédiaire_Prod-Résultats'!BX22,Seigle!G23) -> 93.52 | CA22: =Seigle_hybride!E23 -> 93.52 | CB22: =IF(Seigle_hybride!G23="",'Intermédiaire_Prod-Résultats'!CA22,Seigle_hybride!G23) -> 93.52 | CD22: =Prairie!E23 -> 74 | CE22: =IF(Prairie!G23="",'Intermédiaire_Prod-Résultats'!CD22,Prairie!G23) -> 74
A23: Autres frais | D23: =Chanvre!E24 -> 142.02 | E23: =IF(Chanvre!G24="",'Intermédiaire_Prod-Résultats'!D23,Chanvre!G24) -> 142.02 | G23: =Sarrasin!E24 -> 77.56 | H23: =IF(Sarrasin!G24="",'Intermédiaire_Prod-Résultats'!G23,Sarrasin!G24) -> 77.56 | J23: =Orge!E24 -> 117.74 | K23: =IF(Orge!G24="",'Intermédiaire_Prod-Résultats'!J23,Orge!G24) -> 117.74 | M23: =Avoine!E24 -> 194.85 | N23: =IF(Avoine!G24="",'Intermédiaire_Prod-Résultats'!M23,Avoine!G24) -> 194.85 | P23: ='Blé_d''automne'!E24 -> 141.16 | Q23: =IF('Blé_d''automne'!G24="",'Intermédiaire_Prod-Résultats'!P23,'Blé_d''automne'!G24) -> 141.16 | S23: =Blé_printemps!E24 -> 141.16 | T23: =IF(Blé_printemps!G24="",'Intermédiaire_Prod-Résultats'!S23,Blé_printemps!G24) -> 141.16 | V23: =Seigle!E24 -> 77.24 | W23: =IF(Seigle!G24="",'Intermédiaire_Prod-Résultats'!V23,Seigle!G24) -> 77.24 | Y23: =Seigle_hybride!E24 -> 77.24 | Z23: =IF(Seigle_hybride!G24="",'Intermédiaire_Prod-Résultats'!Y23,Seigle_hybride!G24) -> 77.24 | AB23: =Prairie!E24+Saisies!B70/2 -> 52 | AC23: =IF(Prairie!G24="",'Intermédiaire_Prod-Résultats'!AB23,Prairie!G24)+Saisies!C70/2 -> 52 | AE23: =Chanvre!E24 -> 142.02 | AF23: =IF(Chanvre!G24="",'Intermédiaire_Prod-Résultats'!AE23,Chanvre!G24) -> 142.02 | AH23: =Sarrasin!E24 -> 77.56 | AI23: =IF(Sarrasin!G24="",'Intermédiaire_Prod-Résultats'!AH23,Sarrasin!G24) -> 77.56 | AK23: =Orge!E24 -> 117.74 | AL23: =IF(Orge!G24="",'Intermédiaire_Prod-Résultats'!AK23,Orge!G24) -> 117.74 | AN23: =Avoine!E24 -> 194.85 | AO23: =IF(Avoine!G24="",'Intermédiaire_Prod-Résultats'!AN23,Avoine!G24) -> 194.85 | AQ23: ='Blé_d''automne'!E24 -> 141.16 | AR23: =IF('Blé_d''automne'!G24="",'Intermédiaire_Prod-Résultats'!AQ23,'Blé_d''automne'!G24) -> 141.16 | AT23: =Blé_printemps!E24 -> 141.16 | AU23: =IF(Blé_printemps!G24="",'Intermédiaire_Prod-Résultats'!AT23,Blé_printemps!G24) -> 141.16 | AW23: =Seigle!E24 -> 77.24 | AX23: =IF(Seigle!G24="",'Intermédiaire_Prod-Résultats'!AW23,Seigle!G24) -> 77.24 | AZ23: =Seigle_hybride!E24 -> 77.24 | BA23: =IF(Seigle_hybride!G24="",'Intermédiaire_Prod-Résultats'!AZ23,Seigle_hybride!G24) -> 77.24 | BC23: =Prairie!E24+Saisies!B70/2 -> 52 | BD23: =IF(Prairie!G24="",'Intermédiaire_Prod-Résultats'!BC23,Prairie!G24)+Saisies!C70/2 -> 52 | BF23: =Chanvre!E24 -> 142.02 | BG23: =IF(Chanvre!G24="",'Intermédiaire_Prod-Résultats'!BF23,Chanvre!G24) -> 142.02 | BI23: =Sarrasin!E24 -> 77.56 | BJ23: =IF(Sarrasin!G24="",'Intermédiaire_Prod-Résultats'!BI23,Sarrasin!G24) -> 77.56 | BL23: =Orge!E24 -> 117.74 | BM23: =IF(Orge!G24="",'Intermédiaire_Prod-Résultats'!BL23,Orge!G24) -> 117.74 | BO23: =Avoine!E24 -> 194.85 | BP23: =IF(Avoine!G24="",'Intermédiaire_Prod-Résultats'!BO23,Avoine!G24) -> 194.85 | BR23: ='Blé_d''automne'!E24 -> 141.16 | BS23: =IF('Blé_d''automne'!G24="",'Intermédiaire_Prod-Résultats'!BR23,'Blé_d''automne'!G24) -> 141.16 | BU23: =Blé_printemps!E24 -> 141.16 | BV23: =IF(Blé_printemps!G24="",'Intermédiaire_Prod-Résultats'!BU23,Blé_printemps!G24) -> 141.16 | BX23: =Seigle!E24 -> 77.24 | BY23: =IF(Seigle!G24="",'Intermédiaire_Prod-Résultats'!BX23,Seigle!G24) -> 77.24 | CA23: =Seigle_hybride!E24 -> 77.24 | CB23: =IF(Seigle_hybride!G24="",'Intermédiaire_Prod-Résultats'!CA23,Seigle_hybride!G24) -> 77.24 | CD23: =Prairie!E24+Saisies!B70/2 -> 52 | CE23: =IF(Prairie!G24="",'Intermédiaire_Prod-Résultats'!CD23,Prairie!G24)+Saisies!C70/2 -> 52
D24: =SUM(D15:D23) -> 1227.7 | E24: =SUM(E15:E23) -> 1227.7 | G24: =SUM(G15:G23) -> 993.71 | H24: =SUM(H15:H23) -> 993.71 | J24: =SUM(J15:J23) -> 1247.82 | K24: =SUM(K15:K23) -> 1247.82 | M24: =SUM(M15:M23) -> 1153.53 | N24: =SUM(N15:N23) -> 1153.53 | P24: =SUM(P15:P23) -> 1106.2791 | Q24: =SUM(Q15:Q23) -> 1106.2791 | S24: =SUM(S15:S23) -> 1122.51 | T24: =SUM(T15:T23) -> 1122.51 | V24: =SUM(V15:V23) -> 926.9 | W24: =SUM(W15:W23) -> 926.9 | Y24: =SUM(Y15:Y23) -> 1060.21 | Z24: =SUM(Z15:Z23) -> 1060.21 | AB24: =SUM(AB15:AB23) -> 788.4 | AC24: =SUM(AC15:AC23) -> 788.4 | AE24: =SUM(AE15:AE23) -> 1227.7 | AF24: =SUM(AF15:AF23) -> 1227.7 | AH24: =SUM(AH15:AH23) -> 993.71 | AI24: =SUM(AI15:AI23) -> 993.71 | AK24: =SUM(AK15:AK23) -> 1247.82 | AL24: =SUM(AL15:AL23) -> 1247.82 | AN24: =SUM(AN15:AN23) -> 1153.53 | AO24: =SUM(AO15:AO23) -> 1153.53 | AQ24: =SUM(AQ15:AQ23) -> 1106.2791 | AR24: =SUM(AR15:AR23) -> 1106.2791 | AT24: =SUM(AT15:AT23) -> 1122.51 | AU24: =SUM(AU15:AU23) -> 1122.51 | AW24: =SUM(AW15:AW23) -> 926.9 | AX24: =SUM(AX15:AX23) -> 926.9 | AZ24: =SUM(AZ15:AZ23) -> 1060.21 | BA24: =SUM(BA15:BA23) -> 1060.21 | BC24: =SUM(BC15:BC23) -> 770.9 | BD24: =SUM(BD15:BD23) -> 770.9 | BF24: =SUM(BF15:BF23) -> 1227.7 | BG24: =SUM(BG15:BG23) -> 1227.7 | BI24: =SUM(BI15:BI23) -> 993.71 | BJ24: =SUM(BJ15:BJ23) -> 993.71 | BL24: =SUM(BL15:BL23) -> 1247.82 | BM24: =SUM(BM15:BM23) -> 1247.82 | BO24: =SUM(BO15:BO23) -> 1153.53 | BP24: =SUM(BP15:BP23) -> 1153.53 | BR24: =SUM(BR15:BR23) -> 1106.2791 | BS24: =SUM(BS15:BS23) -> 1106.2791 | BU24: =SUM(BU15:BU23) -> 1122.51 | BV24: =SUM(BV15:BV23) -> 1122.51 | BX24: =SUM(BX15:BX23) -> 926.9 | BY24: =SUM(BY15:BY23) -> 926.9 | CA24: =SUM(CA15:CA23) -> 1060.21 | CB24: =SUM(CB15:CB23) -> 1060.21 | CD24: =SUM(CD15:CD23) -> 753.4 | CE24: =SUM(CE15:CE23) -> 753.4
A25: MARGE BÉNÉFICIAIRE APRÈS FRAIS MONÉTAIRES (MARGE MONÉTAIRE) | D25: =D10-D24 -> 1614.3938 | E25: =E10-E24 -> 1614.3938 | G25: =G10-G24 -> 873.8887 | H25: =H10-H24 -> 873.8887 | J25: =J10-J24 -> 418.3101 | K25: =K10-K24 -> 418.3101 | M25: =M10-M24 -> -56.1676 | N25: =N10-N24 -> -56.1676 | P25: =P10-P24 -> 991.79751 | Q25: =Q10-Q24 -> 991.79751 | S25: =S10-S24 -> 576.7057 | T25: =T10-T24 -> 576.7057 | V25: =V10-V24 -> 329.6294 | W25: =W10-W24 -> 329.6294 | Y25: =Y10-Y24 -> 1275.0663 | Z25: =Z10-Z24 -> 1275.0663 | AB25: =AB10-AB24 -> 8.8187 | AC25: =AC10-AC24 -> 8.8187 | AE25: =AE10-AE24 -> 1614.3938 | AF25: =AF10-AF24 -> 1614.3938 | AH25: =AH10-AH24 -> 873.8887 | AI25: =AI10-AI24 -> 873.8887 | AK25: =AK10-AK24 -> 418.3101 | AL25: =AL10-AL24 -> 418.3101 | AN25: =AN10-AN24 -> -56.1676 | AO25: =AO10-AO24 -> -56.1676 | AQ25: =AQ10-AQ24 -> 991.79751 | AR25: =AR10-AR24 -> 991.79751 | AT25: =AT10-AT24 -> 576.7057 | AU25: =AU10-AU24 -> 576.7057 | AW25: =AW10-AW24 -> 329.6294 | AX25: =AX10-AX24 -> 329.6294 | AZ25: =AZ10-AZ24 -> 1275.0663 | BA25: =BA10-BA24 -> 1275.0663 | BC25: =BC10-BC24 -> 26.3187 | BD25: =BD10-BD24 -> 26.3187 | BF25: =BF10-BF24 -> 1614.3938 | BG25: =BG10-BG24 -> 1614.3938 | BI25: =BI10-BI24 -> 873.8887 | BJ25: =BJ10-BJ24 -> 873.8887 | BL25: =BL10-BL24 -> 418.3101 | BM25: =BM10-BM24 -> 418.3101 | BO25: =BO10-BO24 -> -56.1676 | BP25: =BP10-BP24 -> -56.1676 | BR25: =BR10-BR24 -> 991.79751 | BS25: =BS10-BS24 -> 991.79751 | BU25: =BU10-BU24 -> 576.7057 | BV25: =BV10-BV24 -> 576.7057 | BX25: =BX10-BX24 -> 329.6294 | BY25: =BY10-BY24 -> 329.6294 | CA25: =CA10-CA24 -> 1275.0663 | CB25: =CB10-CB24 -> 1275.0663 | CD25: =CD10-CD24 -> 43.8187 | CE25: =CE10-CE24 -> 43.8187
A28: FRAIS NON MONÉTAIRE
A29: Amortissements | D29: =Chanvre!E30 -> 398.54 | E29: =IF(Chanvre!G30="",'Intermédiaire_Prod-Résultats'!D29,Chanvre!G30) -> 398.54 | G29: =Sarrasin!E30 -> 284.2 | H29: =IF(Sarrasin!G30="",'Intermédiaire_Prod-Résultats'!G29,Sarrasin!G30) -> 284.2 | J29: =Orge!E30 -> 229.13 | K29: =IF(Orge!G30="",'Intermédiaire_Prod-Résultats'!J29,Orge!G30) -> 229.13 | M29: =Avoine!E30 -> 170.27 | N29: =IF(Avoine!G30="",'Intermédiaire_Prod-Résultats'!M29,Avoine!G30) -> 170.27 | P29: ='Blé_d''automne'!E30 -> 256.24 | Q29: =IF('Blé_d''automne'!G30="",'Intermédiaire_Prod-Résultats'!P29,'Blé_d''automne'!G30) -> 256.24 | S29: =Blé_printemps!E30 -> 256.24 | T29: =IF(Blé_printemps!G30="",'Intermédiaire_Prod-Résultats'!S29,Blé_printemps!G30) -> 256.24 | V29: =Seigle!E30 -> 254.5 | W29: =IF(Seigle!G30="",'Intermédiaire_Prod-Résultats'!V29,Seigle!G30) -> 254.5 | Y29: =Seigle_hybride!E30 -> 254.5 | Z29: =IF(Seigle_hybride!G30="",'Intermédiaire_Prod-Résultats'!Y29,Seigle_hybride!G30) -> 254.5 | AB29: =Prairie!E30 -> 226 | AC29: =IF(Prairie!G30="",'Intermédiaire_Prod-Résultats'!AB29,Prairie!G30) -> 226 | AE29: =Chanvre!E30 -> 398.54 | AF29: =IF(Chanvre!G30="",'Intermédiaire_Prod-Résultats'!AE29,Chanvre!G30) -> 398.54 | AH29: =Sarrasin!E30 -> 284.2 | AI29: =IF(Sarrasin!G30="",'Intermédiaire_Prod-Résultats'!AH29,Sarrasin!G30) -> 284.2 | AK29: =Orge!E30 -> 229.13 | AL29: =IF(Orge!G30="",'Intermédiaire_Prod-Résultats'!AK29,Orge!G30) -> 229.13 | AN29: =Avoine!E30 -> 170.27 | AO29: =IF(Avoine!G30="",'Intermédiaire_Prod-Résultats'!AN29,Avoine!G30) -> 170.27 | AQ29: ='Blé_d''automne'!E30 -> 256.24 | AR29: =IF('Blé_d''automne'!G30="",'Intermédiaire_Prod-Résultats'!AQ29,'Blé_d''automne'!G30) -> 256.24 | AT29: =Blé_printemps!E30 -> 256.24 | AU29: =IF(Blé_printemps!G30="",'Intermédiaire_Prod-Résultats'!AT29,Blé_printemps!G30) -> 256.24 | AW29: =Seigle!E30 -> 254.5 | AX29: =IF(Seigle!G30="",'Intermédiaire_Prod-Résultats'!AW29,Seigle!G30) -> 254.5 | AZ29: =Seigle_hybride!E30 -> 254.5 | BA29: =IF(Seigle_hybride!G30="",'Intermédiaire_Prod-Résultats'!AZ29,Seigle_hybride!G30) -> 254.5 | BC29: =Prairie!E30 -> 226 | BD29: =IF(Prairie!G30="",'Intermédiaire_Prod-Résultats'!BC29,Prairie!G30) -> 226 | BF29: =Chanvre!E30 -> 398.54 | BG29: =IF(Chanvre!G30="",'Intermédiaire_Prod-Résultats'!BF29,Chanvre!G30) -> 398.54 | BI29: =Sarrasin!E30 -> 284.2 | BJ29: =IF(Sarrasin!G30="",'Intermédiaire_Prod-Résultats'!BI29,Sarrasin!G30) -> 284.2 | BL29: =Orge!E30 -> 229.13 | BM29: =IF(Orge!G30="",'Intermédiaire_Prod-Résultats'!BL29,Orge!G30) -> 229.13 | BO29: =Avoine!E30 -> 170.27 | BP29: =IF(Avoine!G30="",'Intermédiaire_Prod-Résultats'!BO29,Avoine!G30) -> 170.27 | BR29: ='Blé_d''automne'!E30 -> 256.24 | BS29: =IF('Blé_d''automne'!G30="",'Intermédiaire_Prod-Résultats'!BR29,'Blé_d''automne'!G30) -> 256.24 | BU29: =Blé_printemps!E30 -> 256.24 | BV29: =IF(Blé_printemps!G30="",'Intermédiaire_Prod-Résultats'!BU29,Blé_printemps!G30) -> 256.24 | BX29: =Seigle!E30 -> 254.5 | BY29: =IF(Seigle!G30="",'Intermédiaire_Prod-Résultats'!BX29,Seigle!G30) -> 254.5 | CA29: =Seigle_hybride!E30 -> 254.5 | CB29: =IF(Seigle_hybride!G30="",'Intermédiaire_Prod-Résultats'!CA29,Seigle_hybride!G30) -> 254.5 | CD29: =Prairie!E30 -> 226 | CE29: =IF(Prairie!G30="",'Intermédiaire_Prod-Résultats'!CD29,Prairie!G30) -> 226
A30: Rénumération du travail de l'exploitant | D30: =Chanvre!E31 -> 395.23 | E30: =IF(Chanvre!G31="",'Intermédiaire_Prod-Résultats'!D30,Chanvre!G31) -> 395.23 | G30: =Sarrasin!E31 -> 459.57 | H30: =IF(Sarrasin!G31="",'Intermédiaire_Prod-Résultats'!G30,Sarrasin!G31) -> 459.57 | J30: =Orge!E31 -> 385.78 | K30: =IF(Orge!G31="",'Intermédiaire_Prod-Résultats'!J30,Orge!G31) -> 385.78 | M30: =Avoine!E31 -> 346.94 | N30: =IF(Avoine!G31="",'Intermédiaire_Prod-Résultats'!M30,Avoine!G31) -> 346.94 | P30: ='Blé_d''automne'!E31 -> 356.22 | Q30: =IF('Blé_d''automne'!G31="",'Intermédiaire_Prod-Résultats'!P30,'Blé_d''automne'!G31) -> 356.22 | S30: =Blé_printemps!E31 -> 356.22 | T30: =IF(Blé_printemps!G31="",'Intermédiaire_Prod-Résultats'!S30,Blé_printemps!G31) -> 356.22 | V30: =Seigle!E31 -> 324.72 | W30: =IF(Seigle!G31="",'Intermédiaire_Prod-Résultats'!V30,Seigle!G31) -> 324.72 | Y30: =Seigle_hybride!E31 -> 324.72 | Z30: =IF(Seigle_hybride!G31="",'Intermédiaire_Prod-Résultats'!Y30,Seigle_hybride!G31) -> 324.72 | AB30: =Prairie!E31 -> 335 | AC30: =IF(Prairie!G31="",'Intermédiaire_Prod-Résultats'!AB30,Prairie!G31) -> 335 | AE30: =Chanvre!E31 -> 395.23 | AF30: =IF(Chanvre!G31="",'Intermédiaire_Prod-Résultats'!AE30,Chanvre!G31) -> 395.23 | AH30: =Sarrasin!E31 -> 459.57 | AI30: =IF(Sarrasin!G31="",'Intermédiaire_Prod-Résultats'!AH30,Sarrasin!G31) -> 459.57 | AK30: =Orge!E31 -> 385.78 | AL30: =IF(Orge!G31="",'Intermédiaire_Prod-Résultats'!AK30,Orge!G31) -> 385.78 | AN30: =Avoine!E31 -> 346.94 | AO30: =IF(Avoine!G31="",'Intermédiaire_Prod-Résultats'!AN30,Avoine!G31) -> 346.94 | AQ30: ='Blé_d''automne'!E31 -> 356.22 | AR30: =IF('Blé_d''automne'!G31="",'Intermédiaire_Prod-Résultats'!AQ30,'Blé_d''automne'!G31) -> 356.22 | AT30: =Blé_printemps!E31 -> 356.22 | AU30: =IF(Blé_printemps!G31="",'Intermédiaire_Prod-Résultats'!AT30,Blé_printemps!G31) -> 356.22 | AW30: =Seigle!E31 -> 324.72 | AX30: =IF(Seigle!G31="",'Intermédiaire_Prod-Résultats'!AW30,Seigle!G31) -> 324.72 | AZ30: =Seigle_hybride!E31 -> 324.72 | BA30: =IF(Seigle_hybride!G31="",'Intermédiaire_Prod-Résultats'!AZ30,Seigle_hybride!G31) -> 324.72 | BC30: =Prairie!E31 -> 335 | BD30: =IF(Prairie!G31="",'Intermédiaire_Prod-Résultats'!BC30,Prairie!G31) -> 335 | BF30: =Chanvre!E31 -> 395.23 | BG30: =IF(Chanvre!G31="",'Intermédiaire_Prod-Résultats'!BF30,Chanvre!G31) -> 395.23 | BI30: =Sarrasin!E31 -> 459.57 | BJ30: =IF(Sarrasin!G31="",'Intermédiaire_Prod-Résultats'!BI30,Sarrasin!G31) -> 459.57 | BL30: =Orge!E31 -> 385.78 | BM30: =IF(Orge!G31="",'Intermédiaire_Prod-Résultats'!BL30,Orge!G31) -> 385.78 | BO30: =Avoine!E31 -> 346.94 | BP30: =IF(Avoine!G31="",'Intermédiaire_Prod-Résultats'!BO30,Avoine!G31) -> 346.94 | BR30: ='Blé_d''automne'!E31 -> 356.22 | BS30: =IF('Blé_d''automne'!G31="",'Intermédiaire_Prod-Résultats'!BR30,'Blé_d''automne'!G31) -> 356.22 | BU30: =Blé_printemps!E31 -> 356.22 | BV30: =IF(Blé_printemps!G31="",'Intermédiaire_Prod-Résultats'!BU30,Blé_printemps!G31) -> 356.22 | BX30: =Seigle!E31 -> 324.72 | BY30: =IF(Seigle!G31="",'Intermédiaire_Prod-Résultats'!BX30,Seigle!G31) -> 324.72 | CA30: =Seigle_hybride!E31 -> 324.72 | CB30: =IF(Seigle_hybride!G31="",'Intermédiaire_Prod-Résultats'!CA30,Seigle_hybride!G31) -> 324.72 | CD30: =Prairie!E31 -> 335 | CE30: =IF(Prairie!G31="",'Intermédiaire_Prod-Résultats'!CD30,Prairie!G31) -> 335
A32: MARGE BÉNÉFICIAIRE APRÈS LES AMORTISSEMENTS ET LES RÉNUMÉRATIONS DU TRAVAIL (MARGE NETTE) | D32: =D25-SUM(D29:D30) -> 820.62382 | E32: =E25-SUM(E29:E30) -> 820.62382 | G32: =G25-SUM(G29:G30) -> 130.1187 | H32: =H25-SUM(H29:H30) -> 130.1187 | J32: =J25-SUM(J29:J30) -> -196.5999 | K32: =K25-SUM(K29:K30) -> -196.5999 | M32: =M25-SUM(M29:M30) -> -573.3776 | N32: =N25-SUM(N29:N30) -> -573.3776 | P32: =P25-SUM(P29:P30) -> 379.33751 | Q32: =Q25-SUM(Q29:Q30) -> 379.33751 | S32: =S25-SUM(S29:S30) -> -35.7543 | T32: =T25-SUM(T29:T30) -> -35.7543 | V32: =V25-SUM(V29:V30) -> -249.5906 | W32: =W25-SUM(W29:W30) -> -249.5906 | Y32: =Y25-SUM(Y29:Y30) -> 695.8463 | Z32: =Z25-SUM(Z29:Z30) -> 695.8463 | AB32: =AB25-SUM(AB29:AB30) -> -552.1813 | AC32: =AC25-SUM(AC29:AC30) -> -552.1813 | AE32: =AE25-SUM(AE29:AE30) -> 820.62382 | AF32: =AF25-SUM(AF29:AF30) -> 820.62382 | AH32: =AH25-SUM(AH29:AH30) -> 130.1187 | AI32: =AI25-SUM(AI29:AI30) -> 130.1187 | AK32: =AK25-SUM(AK29:AK30) -> -196.5999 | AL32: =AL25-SUM(AL29:AL30) -> -196.5999 | AN32: =AN25-SUM(AN29:AN30) -> -573.3776 | AO32: =AO25-SUM(AO29:AO30) -> -573.3776 | AQ32: =AQ25-SUM(AQ29:AQ30) -> 379.33751 | AR32: =AR25-SUM(AR29:AR30) -> 379.33751 | AT32: =AT25-SUM(AT29:AT30) -> -35.7543 | AU32: =AU25-SUM(AU29:AU30) -> -35.7543 | AW32: =AW25-SUM(AW29:AW30) -> -249.5906 | AX32: =AX25-SUM(AX29:AX30) -> -249.5906 | AZ32: =AZ25-SUM(AZ29:AZ30) -> 695.8463 | BA32: =BA25-SUM(BA29:BA30) -> 695.8463 | BC32: =BC25-SUM(BC29:BC30) -> -534.6813 | BD32: =BD25-SUM(BD29:BD30) -> -534.6813 | BF32: =BF25-SUM(BF29:BF30) -> 820.62382 | BG32: =BG25-SUM(BG29:BG30) -> 820.62382 | BI32: =BI25-SUM(BI29:BI30) -> 130.1187 | BJ32: =BJ25-SUM(BJ29:BJ30) -> 130.1187 | BL32: =BL25-SUM(BL29:BL30) -> -196.5999 | BM32: =BM25-SUM(BM29:BM30) -> -196.5999 | BO32: =BO25-SUM(BO29:BO30) -> -573.3776 | BP32: =BP25-SUM(BP29:BP30) -> -573.3776 | BR32: =BR25-SUM(BR29:BR30) -> 379.33751 | BS32: =BS25-SUM(BS29:BS30) -> 379.33751 | BU32: =BU25-SUM(BU29:BU30) -> -35.7543 | BV32: =BV25-SUM(BV29:BV30) -> -35.7543 | BX32: =BX25-SUM(BX29:BX30) -> -249.5906 | BY32: =BY25-SUM(BY29:BY30) -> -249.5906 | CA32: =CA25-SUM(CA29:CA30) -> 695.8463 | CB32: =CB25-SUM(CB29:CB30) -> 695.8463 | CD32: =CD25-SUM(CD29:CD30) -> -517.1813 | CE32: =CE25-SUM(CE29:CE30) -> -517.1813

Sheet Résultats_détaillés
A1: RÉSULTATS DU MODÈLE | V1: Résultats de votre ferme
A2: Marge bénéficiaire après frais monétaires (marge monétaires) | V2: Marge bénéficiaire après frais monétaires (marge monétaires)
B3: Cycle 1 | G3: Cycle 2 | L3: Cycle 3 | W3: Cycle 1 | AB3: Cycle 2 | AG3: Cycle 3
A4: ROTATIONS | B4: An 1 | C4: An 2 | D4: An 3 | E4: An 4 | F4: An 5 | G4: An 6 | H4: An 7 | I4: An 8 | J4: An 9 | K4: An 10 | L4: An 11 | M4: An 12 | N4: An 13 | O4: An 14 | P4: An 15 | Q4: An 16 | R4: An 17 | S4: An 18 | T4: Moyenne annuelle | V4: ROTATIONS | W4: An 1 | X4: An 2 | Y4: An 3 | Z4: An 4 | AA4: An 5 | AB4: An 6 | AC4: An 7 | AD4: An 8 | AE4: An 9 | AF4: An 10 | AG4: An 11 | AH4: An 12 | AI4: An 13 | AJ4: An 14 | AK4: An 15 | AL4: An 16 | AM4: An 17 | AN4: An 18 | AO4: Moyenne annuelle
A5: CHANVRE - BLÉ DE PRINTEMPS PANIFIABLE - AVOINE - SARRASIN - ENGRAIS VERTS | B5: ='Intermédiaire_Prod-Résultats'!D25 -> 1614.3938 | C5: ='Intermédiaire_Prod-Résultats'!S25 -> 576.7057 | D5: ='Intermédiaire_Prod-Résultats'!M25 -> -56.1676 | E5: ='Intermédiaire_Prod-Résultats'!G25 -> 873.8887 | F5: =-'Cultures de couverture'!E9+Saisies!B53*Saisies!B54+Saisies!B70 -> -251.46 | G5: ='Intermédiaire_Prod-Résultats'!AE25 -> 1614.3938 | H5: ='Intermédiaire_Prod-Résultats'!AT25 -> 576.7057 | I5: ='Intermédiaire_Prod-Résultats'!AN25 -> -56.1676 | J5: ='Intermédiaire_Prod-Résultats'!AH25 -> 873.8887 | K5: =-'Cultures de couverture'!E9+Saisies!B53*Saisies!B54+Saisies!B70 -> -251.46 | L5: ='Intermédiaire_Prod-Résultats'!BF25 -> 1614.3938 | M5: ='Intermédiaire_Prod-Résultats'!BU25 -> 576.7057 | N5: ='Intermédiaire_Prod-Résultats'!BO25 -> -56.1676 | O5: ='Intermédiaire_Prod-Résultats'!BI25 -> 873.8887 | P5: =-'Cultures de couverture'!E9+Saisies!B53*Saisies!B54+Saisies!B70 -> -251.46 | Q5: - | R5: - | S5: - | T5: =AVERAGE(B5:S5) -> 551.47212 | V5: =A5 -> CHANVRE - BLÉ DE PRINTEMPS PANIFIABLE - AVOINE - SARRASIN - ENGRAIS VERTS | W5: ='Intermédiaire_Prod-Résultats'!E25 -> 1614.3938 | X5: ='Intermédiaire_Prod-Résultats'!T25 -> 576.7057 | Y5: ='Intermédiaire_Prod-Résultats'!N25 -> -56.1676 | Z5: ='Intermédiaire_Prod-Résultats'!H25 -> 873.8887 | AA5: =-'Cultures de couverture'!$E$9+(IF(Saisies!$C$53="",Saisies!$B$53,Saisies!$C$53)*IF(Saisies!$C$54="",Saisies!$B$54,Saisies!$C$54))+IF(Saisies!$C$70="",Saisies!$B$70,Saisies!$C$70) -> -251.46 | AB5: ='Intermédiaire_Prod-Résultats'!AF25 -> 1614.3938 | AC5: ='Intermédiaire_Prod-Résultats'!AU25 -> 576.7057 | AD5: ='Intermédiaire_Prod-Résultats'!AO25 -> -56.1676 | AE5: ='Intermédiaire_Prod-Résultats'!AI25 -> 873.8887 | AF5: =-'Cultures de couverture'!$E$9+(IF(Saisies!$C$53="",Saisies!$B$53,Saisies!$C$53)*IF(Saisies!$C$54="",Saisies!$B$54,Saisies!$C$54))+IF(Saisies!$C$70="",Saisies!$B$70,Saisies!$C$70) -> -251.46 | AG5: ='Intermédiaire_Prod-Résultats'!BG25 -> 1614.3938 | AH5: ='Intermédiaire_Prod-Résultats'!BV25 -> 576.7057 | AI5: ='Intermédiaire_Prod-Résultats'!BP25 -> -56.1676 | AJ5: ='Intermédiaire_Prod-Résultats'!BJ25 -> 873.8887 | AK5: =-'Cultures de couverture'!$E$9+(IF(Saisies!$C$53="",Saisies!$B$53,Saisies!$C$53)*IF(Saisies!$C$54="",Saisies!$B$54,Saisies!$C$54))+IF(Saisies!$C$70="",Saisies!$B$70,Saisies!$C$70) -> -251.46 | AL5: - | AM5: - | AN5: - | AO5: =AVERAGE(W5:AN5) -> 551.47212
A6: CHANVRE - BLÉ D'AUTOMNE PANIFIABLE - AVOINE - SARRASIN - ENGRAIS VERTS | B6: ='Intermédiaire_Prod-Résultats'!D25 -> 1614.3938 | C6: ='Intermédiaire_Prod-Résultats'!P25 -> 991.79751 | D6: ='Intermédiaire_Prod-Résultats'!M25 -> -56.1676 | E6: ='Intermédiaire_Prod-Résultats'!G25 -> 873.8887 | F6: =-'Cultures de couverture'!E9+Saisies!B53*Saisies!B54+Saisies!B70 -> -251.46 | G6: ='Intermédiaire_Prod-Résultats'!AE25 -> 1614.3938 | H6: ='Intermédiaire_Prod-Résultats'!AQ25 -> 991.79751 | I6: ='Intermédiaire_Prod-Résultats'!AN25 -> -56.1676 | J6: ='Intermédiaire_Prod-Résultats'!AH25 -> 873.8887 | K6: =-'Cultures de couverture'!E9+Saisies!B53*Saisies!B54+Saisies!B70 -> -251.46 | L6: ='Intermédiaire_Prod-Résultats'!BF25 -> 1614.3938 | M6: ='Intermédiaire_Prod-Résultats'!BR25 -> 991.79751 | N6: ='Intermédiaire_Prod-Résultats'!BO25 -> -56.1676 | O6: ='Intermédiaire_Prod-Résultats'!BI25 -> 873.8887 | P6: =-'Cultures de couverture'!E9+Saisies!B53*Saisies!B54+Saisies!B70 -> -251.46 | Q6: - | R6: - | S6: - | T6: =AVERAGE(B6:S6) -> 634.49049 | V6: =A6 -> CHANVRE - BLÉ D'AUTOMNE PANIFIABLE - AVOINE - SARRASIN - ENGRAIS VERTS | W6: ='Intermédiaire_Prod-Résultats'!E25 -> 1614.3938 | X6: ='Intermédiaire_Prod-Résultats'!Q25 -> 991.79751 | Y6: ='Intermédiaire_Prod-Résultats'!N25 -> -56.1676 | Z6: ='Intermédiaire_Prod-Résultats'!H25 -> 873.8887 | AA6: =-'Cultures de couverture'!$E$9+(IF(Saisies!$C$53="",Saisies!$B$53,Saisies!$C$53)*IF(Saisies!$C$54="",Saisies!$B$54,Saisies!$C$54))+IF(Saisies!$C$70="",Saisies!$B$70,Saisies!$C$70) -> -251.46 | AB6: ='Intermédiaire_Prod-Résultats'!AF25 -> 1614.3938 | AC6: ='Intermédiaire_Prod-Résultats'!AR25 -> 991.79751 | AD6: ='Intermédiaire_Prod-Résultats'!AO25 -> -56.1676 | AE6: ='Intermédiaire_Prod-Résultats'!AI25 -> 873.8887 | AF6: =-'Cultures de couverture'!$E$9+(IF(Saisies!$C$53="",Saisies!$B$53,Saisies!$C$53)*IF(Saisies!$C$54="",Saisies!$B$54,Saisies!$C$54))+IF(Saisies!$C$70="",Saisies!$B$70,Saisies!$C$70) -> -251.46 | AG6: ='Intermédiaire_Prod-Résultats'!BG25 -> 1614.3938 | AH6: ='Intermédiaire_Prod-Résultats'!BS25 -> 991.79751 | AI6: ='Intermédiaire_Prod-Résultats'!BP25 -> -56.1676 | AJ6: ='Intermédiaire_Prod-Résultats'!BJ25 -> 873.8887 | AK6: =-'Cultures de couverture'!$E$9+(IF(Saisies!$C$53="",Saisies!$B$53,Saisies!$C$53)*IF(Saisies!$C$54="",Saisies!$B$54,Saisies!$C$54))+IF(Saisies!$C$70="",Saisies!$B$70,Saisies!$C$70) -> -251.46 | AL6: - | AM6: - | AN6: - | AO6: =AVERAGE(W6:AN6) -> 634.49049
A7: CHANVRE - ORGE - AVOINE - SARRASIN - ENGRAIS VERTS | B7: ='Intermédiaire_Prod-Résultats'!D25 -> 1614.3938 | C7: ='Intermédiaire_Prod-Résultats'!J25 -> 418.3101 | D7: ='Intermédiaire_Prod-Résultats'!M25 -> -56.1676 | E7: ='Intermédiaire_Prod-Résultats'!G25 -> 873.8887 | F7: =-'Cultures de couverture'!E9+Saisies!B53*Saisies!B54+Saisies!B70 -> -251.46 | G7: ='Intermédiaire_Prod-Résultats'!AE25 -> 1614.3938 | H7: ='Intermédiaire_Prod-Résultats'!AK25 -> 418.3101 | I7: ='Intermédiaire_Prod-Résultats'!AN25 -> -56.1676 | J7: ='Intermédiaire_Prod-Résultats'!AH25 -> 873.8887 | K7: =-'Cultures de couverture'!E9+Saisies!B53*Saisies!B54+Saisies!B70 -> -251.46 | L7: ='Intermédiaire_Prod-Résultats'!BF25 -> 1614.3938 | M7: ='Intermédiaire_Prod-Résultats'!BL25 -> 418.3101 | N7: ='Intermédiaire_Prod-Résultats'!BO25 -> -56.1676 | O7: ='Intermédiaire_Prod-Résultats'!BI25 -> 873.8887 | P7: =-'Cultures de couverture'!E9+Saisies!B53*Saisies!B54+Saisies!B70 -> -251.46 | Q7: - | R7: - | S7: - | T7: =AVERAGE(B7:S7) -> 519.793 | V7: =A7 -> CHANVRE - ORGE - AVOINE - SARRASIN - ENGRAIS VERTS | W7: ='Intermédiaire_Prod-Résultats'!E25 -> 1614.3938 | X7: ='Intermédiaire_Prod-Résultats'!K25 -> 418.3101 | Y7: ='Intermédiaire_Prod-Résultats'!N25 -> -56.1676 | Z7: ='Intermédiaire_Prod-Résultats'!H25 -> 873.8887 | AA7: =-'Cultures de couverture'!$E$9+(IF(Saisies!$C$53="",Saisies!$B$53,Saisies!$C$53)*IF(Saisies!$C$54="",Saisies!$B$54,Saisies!$C$54))+IF(Saisies!$C$70="",Saisies!$B$70,Saisies!$C$70) -> -251.46 | AB7: ='Intermédiaire_Prod-Résultats'!AF25 -> 1614.3938 | AC7: ='Intermédiaire_Prod-Résultats'!AL25 -> 418.3101 | AD7: ='Intermédiaire_Prod-Résultats'!AO25 -> -56.1676 | AE7: ='Intermédiaire_Prod-Résultats'!AI25 -> 873.8887 | AF7: =-'Cultures de couverture'!$E$9+(IF(Saisies!$C$53="",Saisies!$B$53,Saisies!$C$53)*IF(Saisies!$C$54="",Saisies!$B$54,Saisies!$C$54))+IF(Saisies!$C$70="",Saisies!$B$70,Saisies!$C$70) -> -251.46 | AG7: ='Intermédiaire_Prod-Résultats'!BG25 -> 1614.3938 | AH7: ='Intermédiaire_Prod-Résultats'!BM25 -> 418.3101 | AI7: ='Intermédiaire_Prod-Résultats'!BP25 -> -56.1676 | AJ7: ='Intermédiaire_Prod-Résultats'!BJ25 -> 873.8887 | AK7: =-'Cultures de couverture'!$E$9+(IF(Saisies!$C$53="",Saisies!$B$53,Saisies!$C$53)*IF(Saisies!$C$54="",Saisies!$B$54,Saisies!$C$54))+IF(Saisies!$C$70="",Saisies!$B$70,Saisies!$C$70) -> -251.46 | AL7: - | AM7: - | AN7: - | AO7: =AVERAGE(W7:AN7) -> 519.793
A8: CHANVRE - SEIGLE - AVOINE - SARRASIN - ENGRAIS VERTS | B8: ='Intermédiaire_Prod-Résultats'!D25 -> 1614.3938 | C8: ='Intermédiaire_Prod-Résultats'!V25 -> 329.6294 | D8: ='Intermédiaire_Prod-Résultats'!M25 -> -56.1676 | E8: ='Intermédiaire_Prod-Résultats'!G25 -> 873.8887 | F8: =-'Cultures de couverture'!E9+Saisies!B53*Saisies!B54+Saisies!B70 -> -251.46 | G8: ='Intermédiaire_Prod-Résultats'!AE25 -> 1614.3938 | H8: ='Intermédiaire_Prod-Résultats'!AW25 -> 329.6294 | I8: ='Intermédiaire_Prod-Résultats'!AN25 -> -56.1676 | J8: ='Intermédiaire_Prod-Résultats'!AH25 -> 873.8887 | K8: =-'Cultures de couverture'!E9+Saisies!B53*Saisies!B54+Saisies!B70 -> -251.46 | L8: ='Intermédiaire_Prod-Résultats'!BF25 -> 1614.3938 | M8: ='Intermédiaire_Prod-Résultats'!BX25 -> 329.6294 | N8: ='Intermédiaire_Prod-Résultats'!BO25 -> -56.1676 | O8: ='Intermédiaire_Prod-Résultats'!BI25 -> 873.8887 | P8: =-'Cultures de couverture'!E9+Saisies!B53*Saisies!B54+Saisies!B70 -> -251.46 | Q8: - | R8: - | S8: - | T8: =AVERAGE(B8:S8) -> 502.05686 | V8: =A8 -> CHANVRE - SEIGLE - AVOINE - SARRASIN - ENGRAIS VERTS | W8: ='Intermédiaire_Prod-Résultats'!E25 -> 1614.3938 | X8: ='Intermédiaire_Prod-Résultats'!W25 -> 329.6294 | Y8: ='Intermédiaire_Prod-Résultats'!N25 -> -56.1676 | Z8: ='Intermédiaire_Prod-Résultats'!H25 -> 873.8887 | AA8: =-'Cultures de couverture'!$E$9+(IF(Saisies!$C$53="",Saisies!$B$53,Saisies!$C$53)*IF(Saisies!$C$54="",Saisies!$B$54,Saisies!$C$54))+IF(Saisies!$C$70="",Saisies!$B$70,Saisies!$C$70) -> -251.46 | AB8: ='Intermédiaire_Prod-Résultats'!AF25 -> 1614.3938 | AC8: ='Intermédiaire_Prod-Résultats'!AX25 -> 329.6294 | AD8: ='Intermédiaire_Prod-Résultats'!AO25 -> -56.1676 | AE8: ='Intermédiaire_Prod-Résultats'!AI25 -> 873.8887 | AF8: =-'Cultures de couverture'!$E$9+(IF(Saisies!$C$53="",Saisies!$B$53,Saisies!$C$53)*IF(Saisies!$C$54="",Saisies!$B$54,Saisies!$C$54))+IF(Saisies!$C$70="",Saisies!$B$70,Saisies!$C$70) -> -251.46 | AG8: ='Intermédiaire_Prod-Résultats'!BG25 -> 1614.3938 | AH8: ='Intermédiaire_Prod-Résultats'!BY25 -> 329.6294 | AI8: ='Intermédiaire_Prod-Résultats'!BP25 -> -56.1676 | AJ8: ='Intermédiaire_Prod-Résultats'!BJ25 -> 873.8887 | AK8: =-'Cultures de couverture'!$E$9+(IF(Saisies!$C$53="",Saisies!$B$53,Saisies!$C$53)*IF(Saisies!$C$54="",Saisies!$B$54,Saisies!$C$54))+IF(Saisies!$C$70="",Saisies!$B$70,Saisies!$C$70) -> -251.46 | AL8: - | AM8: - | AN8: - | AO8: =AVERAGE(W8:AN8) -> 502.05686
A9: CHANVRE - SEIGLE HYBRIDE D'AUTOMNE - AVOINE - SARRASIN - ENGRAIS VERTS | B9: ='Intermédiaire_Prod-Résultats'!D25 -> 1614.3938 | C9: ='Intermédiaire_Prod-Résultats'!Y25 -> 1275.0663 | D9: ='Intermédiaire_Prod-Résultats'!M25 -> -56.1676 | E9: ='Intermédiaire_Prod-Résultats'!G25 -> 873.8887 | F9: =-'Cultures de couverture'!E9+Saisies!B53*Saisies!B54+Saisies!B70 -> -251.46 | G9: ='Intermédiaire_Prod-Résultats'!AE25 -> 1614.3938 | H9: ='Intermédiaire_Prod-Résultats'!AZ25 -> 1275.0663 | I9: ='Intermédiaire_Prod-Résultats'!AN25 -> -56.1676 | J9: ='Intermédiaire_Prod-Résultats'!AH25 -> 873.8887 | K9: =-'Cultures de couverture'!E9+Saisies!B53*Saisies!B54+Saisies!B70 -> -251.46 | L9: ='Intermédiaire_Prod-Résultats'!BF25 -> 1614.3938 | M9: ='Intermédiaire_Prod-Résultats'!CA25 -> 1275.0663 | N9: ='Intermédiaire_Prod-Résultats'!BO25 -> -56.1676 | O9: ='Intermédiaire_Prod-Résultats'!BI25 -> 873.8887 | P9: =-'Cultures de couverture'!E9+Saisies!B53*Saisies!B54+Saisies!B70 -> -251.46 | Q9: - | R9: - | S9: - | T9: =AVERAGE(B9:S9) -> 691.14424 | V9: =A9 -> CHANVRE - SEIGLE HYBRIDE D'AUTOMNE - AVOINE - SARRASIN - ENGRAIS VERTS | W9: ='Intermédiaire_Prod-Résultats'!E25 -> 1614.3938 | X9: ='Intermédiaire_Prod-Résultats'!Z25 -> 1275.0663 | Y9: ='Intermédiaire_Prod-Résultats'!N25 -> -56.1676 | Z9: ='Intermédiaire_Prod-Résultats'!H25 -> 873.8887 | AA9: =-'Cultures de couverture'!$E$9+(IF(Saisies!$C$53="",Saisies!$B$53,Saisies!$C$53)*IF(Saisies!$C$54="",Saisies!$B$54,Saisies!$C$54))+IF(Saisies!$C$70="",Saisies!$B$70,Saisies!$C$70) -> -251.46 | AB9: ='Intermédiaire_Prod-Résultats'!AF25 -> 1614.3938 | AC9: ='Intermédiaire_Prod-Résultats'!BA25 -> 1275.0663 | AD9: ='Intermédiaire_Prod-Résultats'!AO25 -> -56.1676 | AE9: ='Intermédiaire_Prod-Résultats'!AI25 -> 873.8887 | AF9: =-'Cultures de couverture'!$E$9+(IF(Saisies!$C$53="",Saisies!$B$53,Saisies!$C$53)*IF(Saisies!$C$54="",Saisies!$B$54,Saisies!$C$54))+IF(Saisies!$C$70="",Saisies!$B$70,Saisies!$C$70) -> -251.46 | AG9: ='Intermédiaire_Prod-Résultats'!BG25 -> 1614.3938 | AH9: ='Intermédiaire_Prod-Résultats'!CB25 -> 1275.0663 | AI9: ='Intermédiaire_Prod-Résultats'!BP25 -> -56.1676 | AJ9: ='Intermédiaire_Prod-Résultats'!BJ25 -> 873.8887 | AK9: =-'Cultures de couverture'!$E$9+(IF(Saisies!$C$53="",Saisies!$B$53,Saisies!$C$53)*IF(Saisies!$C$54="",Saisies!$B$54,Saisies!$C$54))+IF(Saisies!$C$70="",Saisies!$B$70,Saisies!$C$70) -> -251.46 | AL9: - | AM9: - | AN9: - | AO9: =AVERAGE(W9:AN9) -> 691.14424
A10: BLÉ DE PRINTEMPS PANIFIABLE - AVOINE - BLÉ DE PRINTEMPS PANIFIABLE - PRAIRIE (2 ANS) | B10: ='Intermédiaire_Prod-Résultats'!S25 -> 576.7057 | C10: ='Intermédiaire_Prod-Résultats'!M25 -> -56.1676 | D10: ='Intermédiaire_Prod-Résultats'!S25 -> 576.7057 | E10: ='Intermédiaire_Prod-Résultats'!AB25 -> 8.8187 | F10: ='Intermédiaire_Prod-Résultats'!AB25 -> 8.8187 | G10: ='Intermédiaire_Prod-Résultats'!AT25 -> 576.7057 | H10: ='Intermédiaire_Prod-Résultats'!AN25 -> -56.1676 | I10: ='Intermédiaire_Prod-Résultats'!AT25 -> 576.7057 | J10: ='Intermédiaire_Prod-Résultats'!BC25 -> 26.3187 | K10: ='Intermédiaire_Prod-Résultats'!BC25 -> 26.3187 | L10: ='Intermédiaire_Prod-Résultats'!BU25 -> 576.7057 | M10: ='Intermédiaire_Prod-Résultats'!BO25 -> -56.1676 | N10: ='Intermédiaire_Prod-Résultats'!BU25 -> 576.7057 | O10: ='Intermédiaire_Prod-Résultats'!CD25 -> 43.8187 | P10: ='Intermédiaire_Prod-Résultats'!CD25 -> 43.8187 | Q10: - | R10: - | S10: - | T10: =AVERAGE(B10:S10) -> 229.97624 | V10: =A10 -> BLÉ DE PRINTEMPS PANIFIABLE - AVOINE - BLÉ DE PRINTEMPS PANIFIABLE - PRAIRIE (2 ANS) | W10: ='Intermédiaire_Prod-Résultats'!T25 -> 576.7057 | X10: ='Intermédiaire_Prod-Résultats'!N25 -> -56.1676 | Y10: ='Intermédiaire_Prod-Résultats'!T25 -> 576.7057 | Z10: ='Intermédiaire_Prod-Résultats'!AC25 -> 8.8187 | AA10: ='Intermédiaire_Prod-Résultats'!AC25 -> 8.8187 | AB10: ='Intermédiaire_Prod-Résultats'!AU25 -> 576.7057 | AC10: ='Intermédiaire_Prod-Résultats'!AO25 -> -56.1676 | AD10: ='Intermédiaire_Prod-Résultats'!AU25 -> 576.7057 | AE10: ='Intermédiaire_Prod-Résultats'!BD25 -> 26.3187 | AF10: ='Intermédiaire_Prod-Résultats'!BD25 -> 26.3187 | AG10: ='Intermédiaire_Prod-Résultats'!BV25 -> 576.7057 | AH10: ='Intermédiaire_Prod-Résultats'!BP25 -> -56.1676 | AI10: ='Intermédiaire_Prod-Résultats'!BV25 -> 576.7057 | AJ10: ='Intermédiaire_Prod-Résultats'!CE25 -> 43.8187 | AK10: ='Intermédiaire_Prod-Résultats'!CE25 -> 43.8187 | AL10: - | AM10: - | AN10: - | AO10: =AVERAGE(W10:AN10) -> 229.97624
A11: BLÉ D'AUTOMNE PANIFIABLE - AVOINE - BLÉ DE PRINTEMPS PANIFIABLE- PRAIRIES (2 ANS) | B11: ='Intermédiaire_Prod-Résultats'!P25 -> 991.79751 | C11: ='Intermédiaire_Prod-Résultats'!M25 -> -56.1676 | D11: ='Intermédiaire_Prod-Résultats'!S25 -> 576.7057 | E11: ='Intermédiaire_Prod-Résultats'!AB25 -> 8.8187 | F11: ='Intermédiaire_Prod-Résultats'!AB25 -> 8.8187 | G11: ='Intermédiaire_Prod-Résultats'!AQ25 -> 991.79751 | H11: ='Intermédiaire_Prod-Résultats'!AN25 -> -56.1676 | I11: ='Intermédiaire_Prod-Résultats'!AT25 -> 576.7057 | J11: ='Intermédiaire_Prod-Résultats'!BC25 -> 26.3187 | K11: ='Intermédiaire_Prod-Résultats'!BC25 -> 26.3187 | L11: ='Intermédiaire_Prod-Résultats'!BR25 -> 991.79751 | M11: ='Intermédiaire_Prod-Résultats'!BO25 -> -56.1676 | N11: ='Intermédiaire_Prod-Résultats'!BU25 -> 576.7057 | O11: ='Intermédiaire_Prod-Résultats'!CD25 -> 43.8187 | P11: ='Intermédiaire_Prod-Résultats'!CD25 -> 43.8187 | Q11: - | R11: - | S11: - | T11: =AVERAGE(B11:S11) -> 312.9946 | V11: =A11 -> BLÉ D'AUTOMNE PANIFIABLE - AVOINE - BLÉ DE PRINTEMPS PANIFIABLE- PRAIRIES (2 ANS) | W11: ='Intermédiaire_Prod-Résultats'!Q25 -> 991.79751 | X11: ='Intermédiaire_Prod-Résultats'!N25 -> -56.1676 | Y11: ='Intermédiaire_Prod-Résultats'!T25 -> 576.7057 | Z11: ='Intermédiaire_Prod-Résultats'!AC25 -> 8.8187 | AA11: ='Intermédiaire_Prod-Résultats'!AC25 -> 8.8187 | AB11: ='Intermédiaire_Prod-Résultats'!AR25 -> 991.79751 | AC11: ='Intermédiaire_Prod-Résultats'!AO25 -> -56.1676 | AD11: ='Intermédiaire_Prod-Résultats'!AU25 -> 576.7057 | AE11: ='Intermédiaire_Prod-Résultats'!BD25 -> 26.3187 | AF11: ='Intermédiaire_Prod-Résultats'!BD25 -> 26.3187 | AG11: ='Intermédiaire_Prod-Résultats'!BS25 -> 991.79751 | AH11: ='Intermédiaire_Prod-Résultats'!BP25 -> -56.1676 | AI11: ='Intermédiaire_Prod-Résultats'!BV25 -> 576.7057 | AJ11: ='Intermédiaire_Prod-Résultats'!CE25 -> 43.8187 | AK11: ='Intermédiaire_Prod-Résultats'!CE25 -> 43.8187 | AL11: - | AM11: - | AN11: - | AO11: =AVERAGE(W11:AN11) -> 312.9946
A12: ORGE - AVOINE - BLÉ DE PRINTEMPS PANIFIABLE - PRAIRIES (2 ANS) | B12: ='Intermédiaire_Prod-Résultats'!J25 -> 418.3101 | C12: ='Intermédiaire_Prod-Résultats'!M25 -> -56.1676 | D12: ='Intermédiaire_Prod-Résultats'!S25 -> 576.7057 | E12: ='Intermédiaire_Prod-Résultats'!AB25 -> 8.8187 | F12: ='Intermédiaire_Prod-Résultats'!AB25 -> 8.8187 | G12: ='Intermédiaire_Prod-Résultats'!AK25 -> 418.3101 | H12: ='Intermédiaire_Prod-Résultats'!AN25 -> -56.1676 | I12: ='Intermédiaire_Prod-Résultats'!AT25 -> 576.7057 | J12: ='Intermédiaire_Prod-Résultats'!BC25 -> 26.3187 | K12: ='Intermédiaire_Prod-Résultats'!BC25 -> 26.3187 | L12: ='Intermédiaire_Prod-Résultats'!BL25 -> 418.3101 | M12: ='Intermédiaire_Prod-Résultats'!BO25 -> -56.1676 | N12: ='Intermédiaire_Prod-Résultats'!BU25 -> 576.7057 | O12: ='Intermédiaire_Prod-Résultats'!CD25 -> 43.8187 | P12: ='Intermédiaire_Prod-Résultats'!CD25 -> 43.8187 | Q12: - | R12: - | S12: - | T12: =AVERAGE(B12:S12) -> 198.29712 | V12: =A12 -> ORGE - AVOINE - BLÉ DE PRINTEMPS PANIFIABLE - PRAIRIES (2 ANS) | W12: ='Intermédiaire_Prod-Résultats'!K25 -> 418.3101 | X12: ='Intermédiaire_Prod-Résultats'!N25 -> -56.1676 | Y12: ='Intermédiaire_Prod-Résultats'!T25 -> 576.7057 | Z12: ='Intermédiaire_Prod-Résultats'!AC25 -> 8.8187 | AA12: ='Intermédiaire_Prod-Résultats'!AC25 -> 8.8187 | AB12: ='Intermédiaire_Prod-Résultats'!AL25 -> 418.3101 | AC12: ='Intermédiaire_Prod-Résultats'!AO25 -> -56.1676 | AD12: ='Intermédiaire_Prod-Résultats'!AU25 -> 576.7057 | AE12: ='Intermédiaire_Prod-Résultats'!BD25 -> 26.3187 | AF12: ='Intermédiaire_Prod-Résultats'!BD25 -> 26.3187 | AG12: ='Intermédiaire_Prod-Résultats'!BM25 -> 418.3101 | AH12: ='Intermédiaire_Prod-Résultats'!BP25 -> -56.1676 | AI12: ='Intermédiaire_Prod-Résultats'!BV25 -> 576.7057 | AJ12: ='Intermédiaire_Prod-Résultats'!CE25 -> 43.8187 | AK12: ='Intermédiaire_Prod-Résultats'!CE25 -> 43.8187 | AL12: - | AM12: - | AN12: - | AO12: =AVERAGE(W12:AN12) -> 198.29712
A13: SEIGLE - AVOINE - BLÉ DE PRINTEMPS PANIFIABLE - PRAIRIES (2 ANS) | B13: ='Intermédiaire_Prod-Résultats'!V25 -> 329.6294 | C13: ='Intermédiaire_Prod-Résultats'!M25 -> -56.1676 | D13: ='Intermédiaire_Prod-Résultats'!S25 -> 576.7057 | E13: ='Intermédiaire_Prod-Résultats'!AB25 -> 8.8187 | F13: ='Intermédiaire_Prod-Résultats'!AB25 -> 8.8187 | G13: ='Intermédiaire_Prod-Résultats'!AW25 -> 329.6294 | H13: ='Intermédiaire_Prod-Résultats'!AN25 -> -56.1676 | I13: ='Intermédiaire_Prod-Résultats'!AT25 -> 576.7057 | J13: ='Intermédiaire_Prod-Résultats'!BC25 -> 26.3187 | K13: ='Intermédiaire_Prod-Résultats'!BC25 -> 26.3187 | L13: ='Intermédiaire_Prod-Résultats'!BX25 -> 329.6294 | M13: ='Intermédiaire_Prod-Résultats'!BO25 -> -56.1676 | N13: ='Intermédiaire_Prod-Résultats'!BU25 -> 576.7057 | O13: ='Intermédiaire_Prod-Résultats'!CD25 -> 43.8187 | P13: ='Intermédiaire_Prod-Résultats'!CD25 -> 43.8187 | Q13: - | R13: - | S13: - | T13: =AVERAGE(B13:S13) -> 180.56098 | V13: =A13 -> SEIGLE - AVOINE - BLÉ DE PRINTEMPS PANIFIABLE - PRAIRIES (2 ANS) | W13: ='Intermédiaire_Prod-Résultats'!W25 -> 329.6294 | X13: ='Intermédiaire_Prod-Résultats'!N25 -> -56.1676 | Y13: ='Intermédiaire_Prod-Résultats'!T25 -> 576.7057 | Z13: ='Intermédiaire_Prod-Résultats'!AC25 -> 8.8187 | AA13: ='Intermédiaire_Prod-Résultats'!AC25 -> 8.8187 | AB13: ='Intermédiaire_Prod-Résultats'!AX25 -> 329.6294 | AC13: ='Intermédiaire_Prod-Résultats'!AO25 -> -56.1676 | AD13: ='Intermédiaire_Prod-Résultats'!AU25 -> 576.7057 | AE13: ='Intermédiaire_Prod-Résultats'!BD25 -> 26.3187 | AF13: ='Intermédiaire_Prod-Résultats'!BD25 -> 26.3187 | AG13: ='Intermédiaire_Prod-Résultats'!BY25 -> 329.6294 | AH13: ='Intermédiaire_Prod-Résultats'!BP25 -> -56.1676 | AI13: ='Intermédiaire_Prod-Résultats'!BV25 -> 576.7057 | AJ13: ='Intermédiaire_Prod-Résultats'!CE25 -> 43.8187 | AK13: ='Intermédiaire_Prod-Résultats'!CE25 -> 43.8187 | AL13: - | AM13: - | AN13: - | AO13: =AVERAGE(W13:AN13) -> 180.56098
A14: SEIGLE HYBRIDE D'AUTOMNE- AVOINE - BLÉ DE PRINTEMPS PANIFIABLE - PRAIRIES (2 ANS) | B14: ='Intermédiaire_Prod-Résultats'!Y25 -> 1275.0663 | C14: ='Intermédiaire_Prod-Résultats'!M25 -> -56.1676 | D14: ='Intermédiaire_Prod-Résultats'!S25 -> 576.7057 | E14: ='Intermédiaire_Prod-Résultats'!AB25 -> 8.8187 | F14: ='Intermédiaire_Prod-Résultats'!AB25 -> 8.8187 | G14: ='Intermédiaire_Prod-Résultats'!AZ25 -> 1275.0663 | H14: ='Intermédiaire_Prod-Résultats'!AN25 -> -56.1676 | I14: ='Intermédiaire_Prod-Résultats'!AT25 -> 576.7057 | J14: ='Intermédiaire_Prod-Résultats'!BC25 -> 26.3187 | K14: ='Intermédiaire_Prod-Résultats'!BC25 -> 26.3187 | L14: ='Intermédiaire_Prod-Résultats'!CA25 -> 1275.0663 | M14: ='Intermédiaire_Prod-Résultats'!BO25 -> -56.1676 | N14: ='Intermédiaire_Prod-Résultats'!BU25 -> 576.7057 | O14: ='Intermédiaire_Prod-Résultats'!CD25 -> 43.8187 | P14: ='Intermédiaire_Prod-Résultats'!CD25 -> 43.8187 | Q14: - | R14: - | S14: - | T14: =AVERAGE(B14:S14) -> 369.64836 | V14: =A14 -> SEIGLE HYBRIDE D'AUTOMNE- AVOINE - BLÉ DE PRINTEMPS PANIFIABLE - PRAIRIES (2 ANS) | W14: ='Intermédiaire_Prod-Résultats'!Z25 -> 1275.0663 | X14: ='Intermédiaire_Prod-Résultats'!N25 -> -56.1676 | Y14: ='Intermédiaire_Prod-Résultats'!T25 -> 576.7057 | Z14: ='Intermédiaire_Prod-Résultats'!AC25 -> 8.8187 | AA14: ='Intermédiaire_Prod-Résultats'!AC25 -> 8.8187 | AB14: ='Intermédiaire_Prod-Résultats'!BA25 -> 1275.0663 | AC14: ='Intermédiaire_Prod-Résultats'!AO25 -> -56.1676 | AD14: ='Intermédiaire_Prod-Résultats'!AU25 -> 576.7057 | AE14: ='Intermédiaire_Prod-Résultats'!BD25 -> 26.3187 | AF14: ='Intermédiaire_Prod-Résultats'!BD25 -> 26.3187 | AG14: ='Intermédiaire_Prod-Résultats'!CB25 -> 1275.0663 | AH14: ='Intermédiaire_Prod-Résultats'!BP25 -> -56.1676 | AI14: ='Intermédiaire_Prod-Résultats'!BV25 -> 576.7057 | AJ14: ='Intermédiaire_Prod-Résultats'!CE25 -> 43.8187 | AK14: ='Intermédiaire_Prod-Résultats'!CE25 -> 43.8187 | AL14: - | AM14: - | AN14: - | AO14: =AVERAGE(W14:AN14) -> 369.64836
A15: CHANVRE - BLÉ D'AUTOMNE PANIFIABLE - SARRASIN - BLÉ DE PRINTEMPS PANIFIABLE - PRAIRIES (2 ANS) | B15: ='Intermédiaire_Prod-Résultats'!D25 -> 1614.3938 | C15: ='Intermédiaire_Prod-Résultats'!P25 -> 991.79751 | D15: ='Intermédiaire_Prod-Résultats'!G25 -> 873.8887 | E15: ='Intermédiaire_Prod-Résultats'!S25 -> 576.7057 | F15: ='Intermédiaire_Prod-Résultats'!AB25 -> 8.8187 | G15: ='Intermédiaire_Prod-Résultats'!AB25 -> 8.8187 | H15: ='Intermédiaire_Prod-Résultats'!AE25 -> 1614.3938 | I15: ='Intermédiaire_Prod-Résultats'!AQ25 -> 991.79751 | J15: ='Intermédiaire_Prod-Résultats'!AH25 -> 873.8887 | K15: ='Intermédiaire_Prod-Résultats'!AT25 -> 576.7057 | L15: ='Intermédiaire_Prod-Résultats'!BC25 -> 26.3187 | M15: ='Intermédiaire_Prod-Résultats'!BC25 -> 26.3187 | N15: ='Intermédiaire_Prod-Résultats'!BF25 -> 1614.3938 | O15: ='Intermédiaire_Prod-Résultats'!BR25 -> 991.79751 | P15: ='Intermédiaire_Prod-Résultats'!BI25 -> 873.8887 | Q15: ='Intermédiaire_Prod-Résultats'!BU25 -> 576.7057 | R15: ='Intermédiaire_Prod-Résultats'!CD25 -> 43.8187 | S15: ='Intermédiaire_Prod-Résultats'!CD25 -> 43.8187 | T15: =AVERAGE(B15:S15) -> 684.90385 | V15: =A15 -> CHANVRE - BLÉ D'AUTOMNE PANIFIABLE - SARRASIN - BLÉ DE PRINTEMPS PANIFIABLE - PRAIRIES (2 ANS) | W15: ='Intermédiaire_Prod-Résultats'!E25 -> 1614.3938 | X15: ='Intermédiaire_Prod-Résultats'!Q25 -> 991.79751 | Y15: ='Intermédiaire_Prod-Résultats'!H25 -> 873.8887 | Z15: ='Intermédiaire_Prod-Résultats'!T25 -> 576.7057 | AA15: ='Intermédiaire_Prod-Résultats'!AC25 -> 8.8187 | AB15: ='Intermédiaire_Prod-Résultats'!AC25 -> 8.8187 | AC15: ='Intermédiaire_Prod-Résultats'!AF25 -> 1614.3938 | AD15: ='Intermédiaire_Prod-Résultats'!AR25 -> 991.79751 | AE15: ='Intermédiaire_Prod-Résultats'!AI25 -> 873.8887 | AF15: ='Intermédiaire_Prod-Résultats'!AU25 -> 576.7057 | AG15: ='Intermédiaire_Prod-Résultats'!BD25 -> 26.3187 | AH15: ='Intermédiaire_Prod-Résultats'!BD25 -> 26.3187 | AI15: ='Intermédiaire_Prod-Résultats'!BG25 -> 1614.3938 | AJ15: ='Intermédiaire_Prod-Résultats'!BS25 -> 991.79751 | AK15: ='Intermédiaire_Prod-Résultats'!BJ25 -> 873.8887 | AL15: ='Intermédiaire_Prod-Résultats'!BV25 -> 576.7057 | AM15: ='Intermédiaire_Prod-Résultats'!CE25 -> 43.8187 | AN15: ='Intermédiaire_Prod-Résultats'!CE25 -> 43.8187 | AO15: =AVERAGE(W15:AN15) -> 684.90385
A16: CHANVRE - BLÉ DE PRINTEMPS PANIFIABLE - SARRASIN - BLÉ DE PRINTEMPS PANIFIABLE - PRAIRIES (2 ANS) | B16: ='Intermédiaire_Prod-Résultats'!D25 -> 1614.3938 | C16: ='Intermédiaire_Prod-Résultats'!S25 -> 576.7057 | D16: ='Intermédiaire_Prod-Résultats'!G25 -> 873.8887 | E16: ='Intermédiaire_Prod-Résultats'!S25 -> 576.7057 | F16: ='Intermédiaire_Prod-Résultats'!AB25 -> 8.8187 | G16: ='Intermédiaire_Prod-Résultats'!AB25 -> 8.8187 | H16: ='Intermédiaire_Prod-Résultats'!AE25 -> 1614.3938 | I16: ='Intermédiaire_Prod-Résultats'!AT25 -> 576.7057 | J16: ='Intermédiaire_Prod-Résultats'!AH25 -> 873.8887 | K16: ='Intermédiaire_Prod-Résultats'!AT25 -> 576.7057 | L16: ='Intermédiaire_Prod-Résultats'!BC25 -> 26.3187 | M16: ='Intermédiaire_Prod-Résultats'!BC25 -> 26.3187 | N16: ='Intermédiaire_Prod-Résultats'!BF25 -> 1614.3938 | O16: ='Intermédiaire_Prod-Résultats'!BU25 -> 576.7057 | P16: ='Intermédiaire_Prod-Résultats'!BI25 -> 873.8887 | Q16: ='Intermédiaire_Prod-Résultats'!BU25 -> 576.7057 | R16: ='Intermédiaire_Prod-Résultats'!CD25 -> 43.8187 | S16: ='Intermédiaire_Prod-Résultats'!CD25 -> 43.8187 | T16: =AVERAGE(B16:S16) -> 615.72189 | V16: =A16 -> CHANVRE - BLÉ DE PRINTEMPS PANIFIABLE - SARRASIN - BLÉ DE PRINTEMPS PANIFIABLE - PRAIRIES (2 ANS) | W16: ='Intermédiaire_Prod-Résultats'!E25 -> 1614.3938 | X16: ='Intermédiaire_Prod-Résultats'!T25 -> 576.7057 | Y16: ='Intermédiaire_Prod-Résultats'!H25 -> 873.8887 | Z16: ='Intermédiaire_Prod-Résultats'!T25 -> 576.7057 | AA16: ='Intermédiaire_Prod-Résultats'!AC25 -> 8.8187 | AB16: ='Intermédiaire_Prod-Résultats'!AC25 -> 8.8187 | AC16: ='Intermédiaire_Prod-Résultats'!AF25 -> 1614.3938 | AD16: ='Intermédiaire_Prod-Résultats'!AU25 -> 576.7057 | AE16: ='Intermédiaire_Prod-Résultats'!AI25 -> 873.8887 | AF16: ='Intermédiaire_Prod-Résultats'!AU25 -> 576.7057 | AG16: ='Intermédiaire_Prod-Résultats'!BD25 -> 26.3187 | AH16: ='Intermédiaire_Prod-Résultats'!BD25 -> 26.3187 | AI16: ='Intermédiaire_Prod-Résultats'!BG25 -> 1614.3938 | AJ16: ='Intermédiaire_Prod-Résultats'!BV25 -> 576.7057 | AK16: ='Intermédiaire_Prod-Résultats'!BJ25 -> 873.8887 | AL16: ='Intermédiaire_Prod-Résultats'!BV25 -> 576.7057 | AM16: ='Intermédiaire_Prod-Résultats'!CE25 -> 43.8187 | AN16: ='Intermédiaire_Prod-Résultats'!CE25 -> 43.8187 | AO16: =AVERAGE(W16:AN16) -> 615.72189
A17: CHANVRE - ORGE - SARRASIN - BLÉ DE PRINTEMPS PANIFIABLE - PRAIRIES (2 ANS) | B17: ='Intermédiaire_Prod-Résultats'!D25 -> 1614.3938 | C17: ='Intermédiaire_Prod-Résultats'!J25 -> 418.3101 | D17: ='Intermédiaire_Prod-Résultats'!G25 -> 873.8887 | E17: ='Intermédiaire_Prod-Résultats'!S25 -> 576.7057 | F17: ='Intermédiaire_Prod-Résultats'!AB25 -> 8.8187 | G17: ='Intermédiaire_Prod-Résultats'!AB25 -> 8.8187 | H17: ='Intermédiaire_Prod-Résultats'!AE25 -> 1614.3938 | I17: ='Intermédiaire_Prod-Résultats'!AK25 -> 418.3101 | J17: ='Intermédiaire_Prod-Résultats'!AH25 -> 873.8887 | K17: ='Intermédiaire_Prod-Résultats'!AT25 -> 576.7057 | L17: ='Intermédiaire_Prod-Résultats'!BC25 -> 26.3187 | M17: ='Intermédiaire_Prod-Résultats'!BC25 -> 26.3187 | N17: ='Intermédiaire_Prod-Résultats'!BF25 -> 1614.3938 | O17: ='Intermédiaire_Prod-Résultats'!BL25 -> 418.3101 | P17: ='Intermédiaire_Prod-Résultats'!BI25 -> 873.8887 | Q17: ='Intermédiaire_Prod-Résultats'!BU25 -> 576.7057 | R17: ='Intermédiaire_Prod-Résultats'!CD25 -> 43.8187 | S17: ='Intermédiaire_Prod-Résultats'!CD25 -> 43.8187 | T17: =AVERAGE(B17:S17) -> 589.32262 | V17: =A17 -> CHANVRE - ORGE - SARRASIN - BLÉ DE PRINTEMPS PANIFIABLE - PRAIRIES (2 ANS) | W17: ='Intermédiaire_Prod-Résultats'!E25 -> 1614.3938 | X17: ='Intermédiaire_Prod-Résultats'!K25 -> 418.3101 | Y17: ='Intermédiaire_Prod-Résultats'!H25 -> 873.8887 | Z17: ='Intermédiaire_Prod-Résultats'!T25 -> 576.7057 | AA17: ='Intermédiaire_Prod-Résultats'!AC25 -> 8.8187 | AB17: ='Intermédiaire_Prod-Résultats'!AC25 -> 8.8187 | AC17: ='Intermédiaire_Prod-Résultats'!AF25 -> 1614.3938 | AD17: ='Intermédiaire_Prod-Résultats'!AL25 -> 418.3101 | AE17: ='Intermédiaire_Prod-Résultats'!AI25 -> 873.8887 | AF17: ='Intermédiaire_Prod-Résultats'!AU25 -> 576.7057 | AG17: ='Intermédiaire_Prod-Résultats'!BD25 -> 26.3187 | AH17: ='Intermédiaire_Prod-Résultats'!BD25 -> 26.3187 | AI17: ='Intermédiaire_Prod-Résultats'!BG25 -> 1614.3938 | AJ17: ='Intermédiaire_Prod-Résultats'!BM25 -> 418.3101 | AK17: ='Intermédiaire_Prod-Résultats'!BJ25 -> 873.8887 | AL17: ='Intermédiaire_Prod-Résultats'!BV25 -> 576.7057 | AM17: ='Intermédiaire_Prod-Résultats'!CE25 -> 43.8187 | AN17: ='Intermédiaire_Prod-Résultats'!CE25 -> 43.8187 | AO17: =AVERAGE(W17:AN17) -> 589.32262
A18: CHANVRE - AVOINE - SARRASIN - BLÉ DE PRINTEMPS PANIFIABLE - PRAIRIES (2 ANS) | B18: ='Intermédiaire_Prod-Résultats'!D25 -> 1614.3938 | C18: ='Intermédiaire_Prod-Résultats'!M25 -> -56.1676 | D18: ='Intermédiaire_Prod-Résultats'!G25 -> 873.8887 | E18: ='Intermédiaire_Prod-Résultats'!S25 -> 576.7057 | F18: ='Intermédiaire_Prod-Résultats'!AB25 -> 8.8187 | G18: ='Intermédiaire_Prod-Résultats'!AB25 -> 8.8187 | H18: ='Intermédiaire_Prod-Résultats'!AE25 -> 1614.3938 | I18: ='Intermédiaire_Prod-Résultats'!AN25 -> -56.1676 | J18: ='Intermédiaire_Prod-Résultats'!AH25 -> 873.8887 | K18: ='Intermédiaire_Prod-Résultats'!AT25 -> 576.7057 | L18: ='Intermédiaire_Prod-Résultats'!BC25 -> 26.3187 | M18: ='Intermédiaire_Prod-Résultats'!BC25 -> 26.3187 | N18: ='Intermédiaire_Prod-Résultats'!BF25 -> 1614.3938 | O18: ='Intermédiaire_Prod-Résultats'!BO25 -> -56.1676 | P18: ='Intermédiaire_Prod-Résultats'!BI25 -> 873.8887 | Q18: ='Intermédiaire_Prod-Résultats'!BU25 -> 576.7057 | R18: ='Intermédiaire_Prod-Résultats'!CD25 -> 43.8187 | S18: ='Intermédiaire_Prod-Résultats'!CD25 -> 43.8187 | T18: =AVERAGE(B18:S18) -> 510.243 | V18: =A18 -> CHANVRE - AVOINE - SARRASIN - BLÉ DE PRINTEMPS PANIFIABLE - PRAIRIES (2 ANS) | W18: ='Intermédiaire_Prod-Résultats'!E25 -> 1614.3938 | X18: ='Intermédiaire_Prod-Résultats'!N25 -> -56.1676 | Y18: ='Intermédiaire_Prod-Résultats'!H25 -> 873.8887 | Z18: ='Intermédiaire_Prod-Résultats'!T25 -> 576.7057 | AA18: ='Intermédiaire_Prod-Résultats'!AC25 -> 8.8187 | AB18: ='Intermédiaire_Prod-Résultats'!AC25 -> 8.8187 | AC18: ='Intermédiaire_Prod-Résultats'!AF25 -> 1614.3938 | AD18: ='Intermédiaire_Prod-Résultats'!AO25 -> -56.1676 | AE18: ='Intermédiaire_Prod-Résultats'!AI25 -> 873.8887 | AF18: ='Intermédiaire_Prod-Résultats'!AU25 -> 576.7057 | AG18: ='Intermédiaire_Prod-Résultats'!BD25 -> 26.3187 | AH18: ='Intermédiaire_Prod-Résultats'!BD25 -> 26.3187 | AI18: ='Intermédiaire_Prod-Résultats'!BG25 -> 1614.3938 | AJ18: ='Intermédiaire_Prod-Résultats'!BP25 -> -56.1676 | AK18: ='Intermédiaire_Prod-Résultats'!BJ25 -> 873.8887 | AL18: ='Intermédiaire_Prod-Résultats'!BV25 -> 576.7057 | AM18: ='Intermédiaire_Prod-Résultats'!CE25 -> 43.8187 | AN18: ='Intermédiaire_Prod-Résultats'!CE25 -> 43.8187 | AO18: =AVERAGE(W18:AN18) -> 510.243
A19: CHANVRE - SEIGLE - SARRASIN - BLÉ DE PRINTEMPS PANIFIABLE - PRAIRIES (2 ANS) | B19: ='Intermédiaire_Prod-Résultats'!D25 -> 1614.3938 | C19: ='Intermédiaire_Prod-Résultats'!V25 -> 329.6294 | D19: ='Intermédiaire_Prod-Résultats'!G25 -> 873.8887 | E19: ='Intermédiaire_Prod-Résultats'!S25 -> 576.7057 | F19: ='Intermédiaire_Prod-Résultats'!AB25 -> 8.8187 | G19: ='Intermédiaire_Prod-Résultats'!AB25 -> 8.8187 | H19: ='Intermédiaire_Prod-Résultats'!AE25 -> 1614.3938 | I19: ='Intermédiaire_Prod-Résultats'!AW25 -> 329.6294 | J19: ='Intermédiaire_Prod-Résultats'!AH25 -> 873.8887 | K19: ='Intermédiaire_Prod-Résultats'!AT25 -> 576.7057 | L19: ='Intermédiaire_Prod-Résultats'!BC25 -> 26.3187 | M19: ='Intermédiaire_Prod-Résultats'!BC25 -> 26.3187 | N19: ='Intermédiaire_Prod-Résultats'!BF25 -> 1614.3938 | O19: ='Intermédiaire_Prod-Résultats'!BX25 -> 329.6294 | P19: ='Intermédiaire_Prod-Résultats'!BI25 -> 873.8887 | Q19: ='Intermédiaire_Prod-Résultats'!BU25 -> 576.7057 | R19: ='Intermédiaire_Prod-Résultats'!CD25 -> 43.8187 | S19: ='Intermédiaire_Prod-Résultats'!CD25 -> 43.8187 | T19: =AVERAGE(B19:S19) -> 574.5425 | V19: =A19 -> CHANVRE - SEIGLE - SARRASIN - BLÉ DE PRINTEMPS PANIFIABLE - PRAIRIES (2 ANS) | W19: ='Intermédiaire_Prod-Résultats'!E25 -> 1614.3938 | X19: ='Intermédiaire_Prod-Résultats'!W25 -> 329.6294 | Y19: ='Intermédiaire_Prod-Résultats'!H25 -> 873.8887 | Z19: ='Intermédiaire_Prod-Résultats'!T25 -> 576.7057 | AA19: ='Intermédiaire_Prod-Résultats'!AC25 -> 8.8187 | AB19: ='Intermédiaire_Prod-Résultats'!AC25 -> 8.8187 | AC19: ='Intermédiaire_Prod-Résultats'!AF25 -> 1614.3938 | AD19: ='Intermédiaire_Prod-Résultats'!AX25 -> 329.6294 | AE19: ='Intermédiaire_Prod-Résultats'!AI25 -> 873.8887 | AF19: ='Intermédiaire_Prod-Résultats'!AU25 -> 576.7057 | AG19: ='Intermédiaire_Prod-Résultats'!BD25 -> 26.3187 | AH19: ='Intermédiaire_Prod-Résultats'!BD25 -> 26.3187 | AI19: ='Intermédiaire_Prod-Résultats'!BG25 -> 1614.3938 | AJ19: ='Intermédiaire_Prod-Résultats'!BY25 -> 329.6294 | AK19: ='Intermédiaire_Prod-Résultats'!BJ25 -> 873.8887 | AL19: ='Intermédiaire_Prod-Résultats'!BV25 -> 576.7057 | AM19: ='Intermédiaire_Prod-Résultats'!CE25 -> 43.8187 | AN19: ='Intermédiaire_Prod-Résultats'!CE25 -> 43.8187 | AO19: =AVERAGE(W19:AN19) -> 574.5425
A20: CHANVRE - SEIGLE HYBRIDE D'AUTOMNE - SARRASIN - BLÉ DE PRINTEMPS PANIFIABLE - PRAIRIES (2 ANS) | B20: ='Intermédiaire_Prod-Résultats'!D25 -> 1614.3938 | C20: ='Intermédiaire_Prod-Résultats'!Y25 -> 1275.0663 | D20: ='Intermédiaire_Prod-Résultats'!G25 -> 873.8887 | E20: ='Intermédiaire_Prod-Résultats'!S25 -> 576.7057 | F20: ='Intermédiaire_Prod-Résultats'!AB25 -> 8.8187 | G20: ='Intermédiaire_Prod-Résultats'!AB25 -> 8.8187 | H20: ='Intermédiaire_Prod-Résultats'!AE25 -> 1614.3938 | I20: ='Intermédiaire_Prod-Résultats'!AZ25 -> 1275.0663 | J20: ='Intermédiaire_Prod-Résultats'!AH25 -> 873.8887 | K20: ='Intermédiaire_Prod-Résultats'!AT25 -> 576.7057 | L20: ='Intermédiaire_Prod-Résultats'!BC25 -> 26.3187 | M20: ='Intermédiaire_Prod-Résultats'!BC25 -> 26.3187 | N20: ='Intermédiaire_Prod-Résultats'!BF25 -> 1614.3938 | O20: ='Intermédiaire_Prod-Résultats'!CA25 -> 1275.0663 | P20: ='Intermédiaire_Prod-Résultats'!BI25 -> 873.8887 | Q20: ='Intermédiaire_Prod-Résultats'!BU25 -> 576.7057 | R20: ='Intermédiaire_Prod-Résultats'!CD25 -> 43.8187 | S20: ='Intermédiaire_Prod-Résultats'!CD25 -> 43.8187 | T20: =AVERAGE(B20:S20) -> 732.11532 | V20: =A20 -> CHANVRE - SEIGLE HYBRIDE D'AUTOMNE - SARRASIN - BLÉ DE PRINTEMPS PANIFIABLE - PRAIRIES (2 ANS) | W20: ='Intermédiaire_Prod-Résultats'!E25 -> 1614.3938 | X20: ='Intermédiaire_Prod-Résultats'!Z25 -> 1275.0663 | Y20: ='Intermédiaire_Prod-Résultats'!H25 -> 873.8887 | Z20: ='Intermédiaire_Prod-Résultats'!T25 -> 576.7057 | AA20: ='Intermédiaire_Prod-Résultats'!AC25 -> 8.8187 | AB20: ='Intermédiaire_Prod-Résultats'!AC25 -> 8.8187 | AC20: ='Intermédiaire_Prod-Résultats'!AF25 -> 1614.3938 | AD20: ='Intermédiaire_Prod-Résultats'!BA25 -> 1275.0663 | AE20: ='Intermédiaire_Prod-Résultats'!AI25 -> 873.8887 | AF20: ='Intermédiaire_Prod-Résultats'!AU25 -> 576.7057 | AG20: ='Intermédiaire_Prod-Résultats'!BD25 -> 26.3187 | AH20: ='Intermédiaire_Prod-Résultats'!BD25 -> 26.3187 | AI20: ='Intermédiaire_Prod-Résultats'!BG25 -> 1614.3938 | AJ20: ='Intermédiaire_Prod-Résultats'!CB25 -> 1275.0663 | AK20: ='Intermédiaire_Prod-Résultats'!BJ25 -> 873.8887 | AL20: ='Intermédiaire_Prod-Résultats'!BV25 -> 576.7057 | AM20: ='Intermédiaire_Prod-Résultats'!CE25 -> 43.8187 | AN20: ='Intermédiaire_Prod-Résultats'!CE25 -> 43.8187 | AO20: =AVERAGE(W20:AN20) -> 732.11532
A22: Résultats du modèle | V22: Résultats de votre ferme
A23: Marge bénéficiaire après les amortissements et la rémunération du travail (marge nette) | V23: Marge bénéficiaire après les amortissements et la rémunération du travail (marge nette)
B24: Cycle 1 | G24: Cycle 2 | L24: Cycle 3 | W24: Cycle 1 | AB24: Cycle 2 | AG24: Cycle 3
A25: ROTATIONS | B25: An 1 | C25: An 2 | D25: An 3 | E25: An 4 | F25: An 5 | G25: An 6 | H25: An 7 | I25: An 8 | J25: An 9 | K25: An 10 | L25: An 11 | M25: An 12 | N25: An 13 | O25: An 14 | P25: An 15 | Q25: An 16 | R25: An 17 | S25: An 18 | T25: Moyenne annuelle | V25: ROTATIONS | W25: An 1 | X25: An 2 | Y25: An 3 | Z25: An 4 | AA25: An 5 | AB25: An 6 | AC25: An 7 | AD25: An 8 | AE25: An 9 | AF25: An 10 | AG25: An 11 | AH25: An 12 | AI25: An 13 | AJ25: An 14 | AK25: An 15 | AL25: An 16 | AM25: An 17 | AN25: An 18 | AO25: Moyenne annuelle
A26: =A5 -> CHANVRE - BLÉ DE PRINTEMPS PANIFIABLE - AVOINE - SARRASIN - ENGRAIS VERTS | B26: ='Intermédiaire_Prod-Résultats'!D32 -> 820.62382 | C26: ='Intermédiaire_Prod-Résultats'!S32 -> -35.7543 | D26: ='Intermédiaire_Prod-Résultats'!M32 -> -573.3776 | E26: ='Intermédiaire_Prod-Résultats'!G32 -> 130.1187 | F26: =-'Cultures de couverture'!E9+Saisies!B53*Saisies!B54+Saisies!B70 -> -251.46 | G26: ='Intermédiaire_Prod-Résultats'!AE32 -> 820.62382 | H26: ='Intermédiaire_Prod-Résultats'!AT32 -> -35.7543 | I26: ='Intermédiaire_Prod-Résultats'!AN32 -> -573.3776 | J26: ='Intermédiaire_Prod-Résultats'!AH32 -> 130.1187 | K26: =-'Cultures de couverture'!E9+Saisies!B53*Saisies!B54+Saisies!B70 -> -251.46 | L26: ='Intermédiaire_Prod-Résultats'!BF32 -> 820.62382 | M26: ='Intermédiaire_Prod-Résultats'!BU32 -> -35.7543 | N26: ='Intermédiaire_Prod-Résultats'!BO32 -> -573.3776 | O26: ='Intermédiaire_Prod-Résultats'!BI32 -> 130.1187 | P26: =-'Cultures de couverture'!E9+Saisies!B53*Saisies!B54+Saisies!B70 -> -251.46 | Q26: - | R26: - | S26: - | T26: =AVERAGE(B26:S26) -> 18.030124 | V26: =A26 -> CHANVRE - BLÉ DE PRINTEMPS PANIFIABLE - AVOINE - SARRASIN - ENGRAIS VERTS | W26: ='Intermédiaire_Prod-Résultats'!E32 -> 820.62382 | X26: ='Intermédiaire_Prod-Résultats'!T32 -> -35.7543 | Y26: ='Intermédiaire_Prod-Résultats'!N32 -> -573.3776 | Z26: ='Intermédiaire_Prod-Résultats'!H32 -> 130.1187 | AA26: =-'Cultures de couverture'!$E$9+(IF(Saisies!$C$53="",Saisies!$B$53,Saisies!$C$53)*IF(Saisies!$C$54="",Saisies!$B$54,Saisies!$C$54))+IF(Saisies!$C$70="",Saisies!$B$70,Saisies!$C$70) -> -251.46 | AB26: ='Intermédiaire_Prod-Résultats'!AF32 -> 820.62382 | AC26: ='Intermédiaire_Prod-Résultats'!AU32 -> -35.7543 | AD26: ='Intermédiaire_Prod-Résultats'!AO32 -> -573.3776 | AE26: ='Intermédiaire_Prod-Résultats'!AI32 -> 130.1187 | AF26: =-'Cultures de couverture'!$E$9+(IF(Saisies!$C$53="",Saisies!$B$53,Saisies!$C$53)*IF(Saisies!$C$54="",Saisies!$B$54,Saisies!$C$54))+IF(Saisies!$C$70="",Saisies!$B$70,Saisies!$C$70) -> -251.46 | AG26: ='Intermédiaire_Prod-Résultats'!BG32 -> 820.62382 | AH26: ='Intermédiaire_Prod-Résultats'!BV32 -> -35.7543 | AI26: ='Intermédiaire_Prod-Résultats'!BP32 -> -573.3776 | AJ26: ='Intermédiaire_Prod-Résultats'!BJ32 -> 130.1187 | AK26: =-'Cultures de couverture'!$E$9+(IF(Saisies!$C$53="",Saisies!$B$53,Saisies!$C$53)*IF(Saisies!$C$54="",Saisies!$B$54,Saisies!$C$54))+IF(Saisies!$C$70="",Saisies!$B$70,Saisies!$C$70) -> -251.46 | AL26: - | AM26: - | AN26: - | AO26: =AVERAGE(W26:AN26) -> 18.030124
A27: =A6 -> CHANVRE - BLÉ D'AUTOMNE PANIFIABLE - AVOINE - SARRASIN - ENGRAIS VERTS | B27: ='Intermédiaire_Prod-Résultats'!D32 -> 820.62382 | C27: ='Intermédiaire_Prod-Résultats'!P32 -> 379.33751 | D27: ='Intermédiaire_Prod-Résultats'!M32 -> -573.3776 | E27: ='Intermédiaire_Prod-Résultats'!G32 -> 130.1187 | F27: =-'Cultures de couverture'!E9+Saisies!B53*Saisies!B54+Saisies!B70 -> -251.46 | G27: ='Intermédiaire_Prod-Résultats'!AE32 -> 820.62382 | H27: ='Intermédiaire_Prod-Résultats'!AQ32 -> 379.33751 | I27: ='Intermédiaire_Prod-Résultats'!AN32 -> -573.3776 | J27: ='Intermédiaire_Prod-Résultats'!AH32 -> 130.1187 | K27: =-'Cultures de couverture'!E9+Saisies!B53*Saisies!B54+Saisies!B70 -> -251.46 | L27: ='Intermédiaire_Prod-Résultats'!BF32 -> 820.62382 | M27: ='Intermédiaire_Prod-Résultats'!BR32 -> 379.33751 | N27: ='Intermédiaire_Prod-Résultats'!BO32 -> -573.3776 | O27: ='Intermédiaire_Prod-Résultats'!BI32 -> 130.1187 | P27: =-'Cultures de couverture'!E9+Saisies!B53*Saisies!B54+Saisies!B70 -> -251.46 | Q27: - | R27: - | S27: - | T27: =AVERAGE(B27:S27) -> 101.04849 | V27: =A27 -> CHANVRE - BLÉ D'AUTOMNE PANIFIABLE - AVOINE - SARRASIN - ENGRAIS VERTS | W27: ='Intermédiaire_Prod-Résultats'!E32 -> 820.62382 | X27: ='Intermédiaire_Prod-Résultats'!Q32 -> 379.33751 | Y27: ='Intermédiaire_Prod-Résultats'!N32 -> -573.3776 | Z27: ='Intermédiaire_Prod-Résultats'!H32 -> 130.1187 | AA27: =-'Cultures de couverture'!$E$9+(IF(Saisies!$C$53="",Saisies!$B$53,Saisies!$C$53)*IF(Saisies!$C$54="",Saisies!$B$54,Saisies!$C$54))+IF(Saisies!$C$70="",Saisies!$B$70,Saisies!$C$70) -> -251.46 | AB27: ='Intermédiaire_Prod-Résultats'!AF32 -> 820.62382 | AC27: ='Intermédiaire_Prod-Résultats'!AR32 -> 379.33751 | AD27: ='Intermédiaire_Prod-Résultats'!AO32 -> -573.3776 | AE27: ='Intermédiaire_Prod-Résultats'!AI32 -> 130.1187 | AF27: =-'Cultures de couverture'!$E$9+(IF(Saisies!$C$53="",Saisies!$B$53,Saisies!$C$53)*IF(Saisies!$C$54="",Saisies!$B$54,Saisies!$C$54))+IF(Saisies!$C$70="",Saisies!$B$70,Saisies!$C$70) -> -251.46 | AG27: ='Intermédiaire_Prod-Résultats'!BG32 -> 820.62382 | AH27: ='Intermédiaire_Prod-Résultats'!BS32 -> 379.33751 | AI27: ='Intermédiaire_Prod-Résultats'!BP32 -> -573.3776 | AJ27: ='Intermédiaire_Prod-Résultats'!BJ32 -> 130.1187 | AK27: =-'Cultures de couverture'!$E$9+(IF(Saisies!$C$53="",Saisies!$B$53,Saisies!$C$53)*IF(Saisies!$C$54="",Saisies!$B$54,Saisies!$C$54))+IF(Saisies!$C$70="",Saisies!$B$70,Saisies!$C$70) -> -251.46 | AL27: - | AM27: - | AN27: - | AO27: =AVERAGE(W27:AN27) -> 101.04849
A28: =A7 -> CHANVRE - ORGE - AVOINE - SARRASIN - ENGRAIS VERTS | B28: ='Intermédiaire_Prod-Résultats'!D32 -> 820.62382 | C28: ='Intermédiaire_Prod-Résultats'!J32 -> -196.5999 | D28: ='Intermédiaire_Prod-Résultats'!M32 -> -573.3776 | E28: ='Intermédiaire_Prod-Résultats'!G32 -> 130.1187 | F28: =-'Cultures de couverture'!E9+Saisies!B53*Saisies!B54+Saisies!B70 -> -251.46 | G28: ='Intermédiaire_Prod-Résultats'!AE32 -> 820.62382 | H28: ='Intermédiaire_Prod-Résultats'!AK32 -> -196.5999 | I28: ='Intermédiaire_Prod-Résultats'!AN32 -> -573.3776 | J28: ='Intermédiaire_Prod-Résultats'!AH32 -> 130.1187 | K28: =-'Cultures de couverture'!E9+Saisies!B53*Saisies!B54+Saisies!B70 -> -251.46 | L28: ='Intermédiaire_Prod-Résultats'!BF32 -> 820.62382 | M28: ='Intermédiaire_Prod-Résultats'!BL32 -> -196.5999 | N28: ='Intermédiaire_Prod-Résultats'!BO32 -> -573.3776 | O28: ='Intermédiaire_Prod-Résultats'!BI32 -> 130.1187 | P28: =-'Cultures de couverture'!E9+Saisies!B53*Saisies!B54+Saisies!B70 -> -251.46 | Q28: - | R28: - | S28: - | T28: =AVERAGE(B28:S28) -> -14.138996 | V28: =A28 -> CHANVRE - ORGE - AVOINE - SARRASIN - ENGRAIS VERTS | W28: ='Intermédiaire_Prod-Résultats'!E32 -> 820.62382 | X28: ='Intermédiaire_Prod-Résultats'!K32 -> -196.5999 | Y28: ='Intermédiaire_Prod-Résultats'!N32 -> -573.3776 | Z28: ='Intermédiaire_Prod-Résultats'!H32 -> 130.1187 | AA28: =-'Cultures de couverture'!$E$9+(IF(Saisies!$C$53="",Saisies!$B$53,Saisies!$C$53)*IF(Saisies!$C$54="",Saisies!$B$54,Saisies!$C$54))+IF(Saisies!$C$70="",Saisies!$B$70,Saisies!$C$70) -> -251.46 | AB28: ='Intermédiaire_Prod-Résultats'!AF32 -> 820.62382 | AC28: ='Intermédiaire_Prod-Résultats'!AL32 -> -196.5999 | AD28: ='Intermédiaire_Prod-Résultats'!AO32 -> -573.3776 | AE28: ='Intermédiaire_Prod-Résultats'!AI32 -> 130.1187 | AF28: =-'Cultures de couverture'!$E$9+(IF(Saisies!$C$53="",Saisies!$B$53,Saisies!$C$53)*IF(Saisies!$C$54="",Saisies!$B$54,Saisies!$C$54))+IF(Saisies!$C$70="",Saisies!$B$70,Saisies!$C$70) -> -251.46 | AG28: ='Intermédiaire_Prod-Résultats'!BG32 -> 820.62382 | AH28: ='Intermédiaire_Prod-Résultats'!BM32 -> -196.5999 | AI28: ='Intermédiaire_Prod-Résultats'!BP32 -> -573.3776 | AJ28: ='Intermédiaire_Prod-Résultats'!BJ32 -> 130.1187 | AK28: =-'Cultures de couverture'!$E$9+(IF(Saisies!$C$53="",Saisies!$B$53,Saisies!$C$53)*IF(Saisies!$C$54="",Saisies!$B$54,Saisies!$C$54))+IF(Saisies!$C$70="",Saisies!$B$70,Saisies!$C$70) -> -251.46 | AL28: - | AM28: - | AN28: - | AO28: =AVERAGE(W28:AN28) -> -14.138996
A29: =A8 -> CHANVRE - SEIGLE - AVOINE - SARRASIN - ENGRAIS VERTS | B29: ='Intermédiaire_Prod-Résultats'!D32 -> 820.62382 | C29: ='Intermédiaire_Prod-Résultats'!V32 -> -249.5906 | D29: ='Intermédiaire_Prod-Résultats'!M32 -> -573.3776 | E29: ='Intermédiaire_Prod-Résultats'!G32 -> 130.1187 | F29: =-'Cultures de couverture'!E9+Saisies!B53*Saisies!B54+Saisies!B70 -> -251.46 | G29: ='Intermédiaire_Prod-Résultats'!AE32 -> 820.62382 | H29: ='Intermédiaire_Prod-Résultats'!AW32 -> -249.5906 | I29: ='Intermédiaire_Prod-Résultats'!AN32 -> -573.3776 | J29: ='Intermédiaire_Prod-Résultats'!AH32 -> 130.1187 | K29: =-'Cultures de couverture'!E9+Saisies!B53*Saisies!B54+Saisies!B70 -> -251.46 | L29: ='Intermédiaire_Prod-Résultats'!BF32 -> 820.62382 | M29: ='Intermédiaire_Prod-Résultats'!BX32 -> -249.5906 | N29: ='Intermédiaire_Prod-Résultats'!BO32 -> -573.3776 | O29: ='Intermédiaire_Prod-Résultats'!BI32 -> 130.1187 | P29: =-'Cultures de couverture'!E9+Saisies!B53*Saisies!B54+Saisies!B70 -> -251.46 | Q29: - | R29: - | S29: - | T29: =AVERAGE(B29:S29) -> -24.737136 | V29: =A29 -> CHANVRE - SEIGLE - AVOINE - SARRASIN - ENGRAIS VERTS | W29: ='Intermédiaire_Prod-Résultats'!E32 -> 820.62382 | X29: ='Intermédiaire_Prod-Résultats'!W32 -> -249.5906 | Y29: ='Intermédiaire_Prod-Résultats'!N32 -> -573.3776 | Z29: ='Intermédiaire_Prod-Résultats'!H32 -> 130.1187 | AA29: =-'Cultures de couverture'!$E$9+(IF(Saisies!$C$53="",Saisies!$B$53,Saisies!$C$53)*IF(Saisies!$C$54="",Saisies!$B$54,Saisies!$C$54))+IF(Saisies!$C$70="",Saisies!$B$70,Saisies!$C$70) -> -251.46 | AB29: ='Intermédiaire_Prod-Résultats'!AF32 -> 820.62382 | AC29: ='Intermédiaire_Prod-Résultats'!AX32 -> -249.5906 | AD29: ='Intermédiaire_Prod-Résultats'!AO32 -> -573.3776 | AE29: ='Intermédiaire_Prod-Résultats'!AI32 -> 130.1187 | AF29: =-'Cultures de couverture'!$E$9+(IF(Saisies!$C$53="",Saisies!$B$53,Saisies!$C$53)*IF(Saisies!$C$54="",Saisies!$B$54,Saisies!$C$54))+IF(Saisies!$C$70="",Saisies!$B$70,Saisies!$C$70) -> -251.46 | AG29: ='Intermédiaire_Prod-Résultats'!BG32 -> 820.62382 | AH29: ='Intermédiaire_Prod-Résultats'!BY32 -> -249.5906 | AI29: ='Intermédiaire_Prod-Résultats'!BP32 -> -573.3776 | AJ29: ='Intermédiaire_Prod-Résultats'!BJ32 -> 130.1187 | AK29: =-'Cultures de couverture'!$E$9+(IF(Saisies!$C$53="",Saisies!$B$53,Saisies!$C$53)*IF(Saisies!$C$54="",Saisies!$B$54,Saisies!$C$54))+IF(Saisies!$C$70="",Saisies!$B$70,Saisies!$C$70) -> -251.46 | AL29: - | AM29: - | AN29: - | AO29: =AVERAGE(W29:AN29) -> -24.737136
A30: =A9 -> CHANVRE - SEIGLE HYBRIDE D'AUTOMNE - AVOINE - SARRASIN - ENGRAIS VERTS | B30: ='Intermédiaire_Prod-Résultats'!D32 -> 820.62382 | C30: ='Intermédiaire_Prod-Résultats'!Y32 -> 695.8463 | D30: ='Intermédiaire_Prod-Résultats'!M32 -> -573.3776 | E30: ='Intermédiaire_Prod-Résultats'!G32 -> 130.1187 | F30: =-'Cultures de couverture'!E9+Saisies!B53*Saisies!B54+Saisies!B70 -> -251.46 | G30: ='Intermédiaire_Prod-Résultats'!AE32 -> 820.62382 | H30: ='Intermédiaire_Prod-Résultats'!AZ32 -> 695.8463 | I30: ='Intermédiaire_Prod-Résultats'!AN32 -> -573.3776 | J30: ='Intermédiaire_Prod-Résultats'!AH32 -> 130.1187 | K30: =-'Cultures de couverture'!E9+Saisies!B53*Saisies!B54+Saisies!B70 -> -251.46 | L30: ='Intermédiaire_Prod-Résultats'!BF32 -> 820.62382 | M30: ='Intermédiaire_Prod-Résultats'!CA32 -> 695.8463 | N30: ='Intermédiaire_Prod-Résultats'!BO32 -> -573.3776 | O30: ='Intermédiaire_Prod-Résultats'!BI32 -> 130.1187 | P30: =-'Cultures de couverture'!E9+Saisies!B53*Saisies!B54+Saisies!B70 -> -251.46 | Q30: - | R30: - | S30: - | T30: =AVERAGE(B30:S30) -> 164.35024 | V30: =A30 -> CHANVRE - SEIGLE HYBRIDE D'AUTOMNE - AVOINE - SARRASIN - ENGRAIS VERTS | W30: ='Intermédiaire_Prod-Résultats'!E32 -> 820.62382 | X30: ='Intermédiaire_Prod-Résultats'!Z32 -> 695.8463 | Y30: ='Intermédiaire_Prod-Résultats'!N32 -> -573.3776 | Z30: ='Intermédiaire_Prod-Résultats'!H32 -> 130.1187 | AA30: =-'Cultures de couverture'!$E$9+(IF(Saisies!$C$53="",Saisies!$B$53,Saisies!$C$53)*IF(Saisies!$C$54="",Saisies!$B$54,Saisies!$C$54))+IF(Saisies!$C$70="",Saisies!$B$70,Saisies!$C$70) -> -251.46 | AB30: ='Intermédiaire_Prod-Résultats'!AF32 -> 820.62382 | AC30: ='Intermédiaire_Prod-Résultats'!BA32 -> 695.8463 | AD30: ='Intermédiaire_Prod-Résultats'!AO32 -> -573.3776 | AE30: ='Intermédiaire_Prod-Résultats'!AI32 -> 130.1187 | AF30: =-'Cultures de couverture'!$E$9+(IF(Saisies!$C$53="",Saisies!$B$53,Saisies!$C$53)*IF(Saisies!$C$54="",Saisies!$B$54,Saisies!$C$54))+IF(Saisies!$C$70="",Saisies!$B$70,Saisies!$C$70) -> -251.46 | AG30: ='Intermédiaire_Prod-Résultats'!BG32 -> 820.62382 | AH30: ='Intermédiaire_Prod-Résultats'!CB32 -> 695.8463 | AI30: ='Intermédiaire_Prod-Résultats'!BP32 -> -573.3776 | AJ30: ='Intermédiaire_Prod-Résultats'!BJ32 -> 130.1187 | AK30: =-'Cultures de couverture'!$E$9+(IF(Saisies!$C$53="",Saisies!$B$53,Saisies!$C$53)*IF(Saisies!$C$54="",Saisies!$B$54,Saisies!$C$54))+IF(Saisies!$C$70="",Saisies!$B$70,Saisies!$C$70) -> -251.46 | AL30: - | AM30: - | AN30: - | AO30: =AVERAGE(W30:AN30) -> 164.35024
A31: =A10 -> BLÉ DE PRINTEMPS PANIFIABLE - AVOINE - BLÉ DE PRINTEMPS PANIFIABLE - PRAIRIE (2 ANS) | B31: ='Intermédiaire_Prod-Résultats'!S32 -> -35.7543 | C31: ='Intermédiaire_Prod-Résultats'!M32 -> -573.3776 | D31: ='Intermédiaire_Prod-Résultats'!S32 -> -35.7543 | E31: ='Intermédiaire_Prod-Résultats'!AB32 -> -552.1813 | F31: ='Intermédiaire_Prod-Résultats'!AB32 -> -552.1813 | G31: ='Intermédiaire_Prod-Résultats'!AT32 -> -35.7543 | H31: ='Intermédiaire_Prod-Résultats'!AN32 -> -573.3776 | I31: ='Intermédiaire_Prod-Résultats'!AT32 -> -35.7543 | J31: ='Intermédiaire_Prod-Résultats'!BC32 -> -534.6813 | K31: ='Intermédiaire_Prod-Résultats'!BC32 -> -534.6813 | L31: ='Intermédiaire_Prod-Résultats'!BU32 -> -35.7543 | M31: ='Intermédiaire_Prod-Résultats'!BO32 -> -573.3776 | N31: ='Intermédiaire_Prod-Résultats'!BU32 -> -35.7543 | O31: ='Intermédiaire_Prod-Résultats'!CD32 -> -517.1813 | P31: ='Intermédiaire_Prod-Résultats'!CD32 -> -517.1813 | Q31: - | R31: - | S31: - | T31: =AVERAGE(B31:S31) -> -342.84976 | V31: =A31 -> BLÉ DE PRINTEMPS PANIFIABLE - AVOINE - BLÉ DE PRINTEMPS PANIFIABLE - PRAIRIE (2 ANS) | W31: ='Intermédiaire_Prod-Résultats'!T32 -> -35.7543 | X31: ='Intermédiaire_Prod-Résultats'!N32 -> -573.3776 | Y31: ='Intermédiaire_Prod-Résultats'!T32 -> -35.7543 | Z31: ='Intermédiaire_Prod-Résultats'!AC32 -> -552.1813 | AA31: ='Intermédiaire_Prod-Résultats'!AC32 -> -552.1813 | AB31: ='Intermédiaire_Prod-Résultats'!AU32 -> -35.7543 | AC31: ='Intermédiaire_Prod-Résultats'!AO32 -> -573.3776 | AD31: ='Intermédiaire_Prod-Résultats'!AU32 -> -35.7543 | AE31: ='Intermédiaire_Prod-Résultats'!BD32 -> -534.6813 | AF31: ='Intermédiaire_Prod-Résultats'!BD32 -> -534.6813 | AG31: ='Intermédiaire_Prod-Résultats'!BV32 -> -35.7543 | AH31: ='Intermédiaire_Prod-Résultats'!BP32 -> -573.3776 | AI31: ='Intermédiaire_Prod-Résultats'!BV32 -> -35.7543 | AJ31: ='Intermédiaire_Prod-Résultats'!CE32 -> -517.1813 | AK31: ='Intermédiaire_Prod-Résultats'!CE32 -> -517.1813 | AL31: - | AM31: - | AN31: - | AO31: =AVERAGE(W31:AN31) -> -342.84976
A32: =A11 -> BLÉ D'AUTOMNE PANIFIABLE - AVOINE - BLÉ DE PRINTEMPS PANIFIABLE- PRAIRIES (2 ANS) | B32: ='Intermédiaire_Prod-Résultats'!P32 -> 379.33751 | C32: ='Intermédiaire_Prod-Résultats'!M32 -> -573.3776 | D32: ='Intermédiaire_Prod-Résultats'!S32 -> -35.7543 | E32: ='Intermédiaire_Prod-Résultats'!AB32 -> -552.1813 | F32: ='Intermédiaire_Prod-Résultats'!AB32 -> -552.1813 | G32: ='Intermédiaire_Prod-Résultats'!AQ32 -> 379.33751 | H32: ='Intermédiaire_Prod-Résultats'!AN32 -> -573.3776 | I32: ='Intermédiaire_Prod-Résultats'!AT32 -> -35.7543 | J32: ='Intermédiaire_Prod-Résultats'!BC32 -> -534.6813 | K32: ='Intermédiaire_Prod-Résultats'!BC32 -> -534.6813 | L32: ='Intermédiaire_Prod-Résultats'!BR32 -> 379.33751 | M32: ='Intermédiaire_Prod-Résultats'!BO32 -> -573.3776 | N32: ='Intermédiaire_Prod-Résultats'!BU32 -> -35.7543 | O32: ='Intermédiaire_Prod-Résultats'!CD32 -> -517.1813 | P32: ='Intermédiaire_Prod-Résultats'!CD32 -> -517.1813 | Q32: - | R32: - | S32: - | T32: =AVERAGE(B32:S32) -> -259.8314 | V32: =A32 -> BLÉ D'AUTOMNE PANIFIABLE - AVOINE - BLÉ DE PRINTEMPS PANIFIABLE- PRAIRIES (2 ANS) | W32: ='Intermédiaire_Prod-Résultats'!Q32 -> 379.33751 | X32: ='Intermédiaire_Prod-Résultats'!N32 -> -573.3776 | Y32: ='Intermédiaire_Prod-Résultats'!T32 -> -35.7543 | Z32: ='Intermédiaire_Prod-Résultats'!AC32 -> -552.1813 | AA32: ='Intermédiaire_Prod-Résultats'!AC32 -> -552.1813 | AB32: ='Intermédiaire_Prod-Résultats'!AR32 -> 379.33751 | AC32: ='Intermédiaire_Prod-Résultats'!AO32 -> -573.3776 | AD32: ='Intermédiaire_Prod-Résultats'!AU32 -> -35.7543 | AE32: ='Intermédiaire_Prod-Résultats'!BD32 -> -534.6813 | AF32: ='Intermédiaire_Prod-Résultats'!BD32 -> -534.6813 | AG32: ='Intermédiaire_Prod-Résultats'!BS32 -> 379.33751 | AH32: ='Intermédiaire_Prod-Résultats'!BP32 -> -573.3776 | AI32: ='Intermédiaire_Prod-Résultats'!BV32 -> -35.7543 | AJ32: ='Intermédiaire_Prod-Résultats'!CE32 -> -517.1813 | AK32: ='Intermédiaire_Prod-Résultats'!CE32 -> -517.1813 | AL32: - | AM32: - | AN32: - | AO32: =AVERAGE(W32:AN32) -> -259.8314
A33: =A12 -> ORGE - AVOINE - BLÉ DE PRINTEMPS PANIFIABLE - PRAIRIES (2 ANS) | B33: ='Intermédiaire_Prod-Résultats'!J32 -> -196.5999 | C33: ='Intermédiaire_Prod-Résultats'!M32 -> -573.3776 | D33: ='Intermédiaire_Prod-Résultats'!S32 -> -35.7543 | E33: ='Intermédiaire_Prod-Résultats'!AB32 -> -552.1813 | F33: ='Intermédiaire_Prod-Résultats'!AB32 -> -552.1813 | G33: ='Intermédiaire_Prod-Résultats'!AK32 -> -196.5999 | H33: ='Intermédiaire_Prod-Résultats'!AN32 -> -573.3776 | I33: ='Intermédiaire_Prod-Résultats'!AT32 -> -35.7543 | J33: ='Intermédiaire_Prod-Résultats'!BC32 -> -534.6813 | K33: ='Intermédiaire_Prod-Résultats'!BC32 -> -534.6813 | L33: ='Intermédiaire_Prod-Résultats'!BL32 -> -196.5999 | M33: ='Intermédiaire_Prod-Résultats'!BO32 -> -573.3776 | N33: ='Intermédiaire_Prod-Résultats'!BU32 -> -35.7543 | O33: ='Intermédiaire_Prod-Résultats'!CD32 -> -517.1813 | P33: ='Intermédiaire_Prod-Résultats'!CD32 -> -517.1813 | Q33: - | R33: - | S33: - | T33: =AVERAGE(B33:S33) -> -375.01888 | V33: =A33 -> ORGE - AVOINE - BLÉ DE PRINTEMPS PANIFIABLE - PRAIRIES (2 ANS) | W33: ='Intermédiaire_Prod-Résultats'!K32 -> -196.5999 | X33: ='Intermédiaire_Prod-Résultats'!N32 -> -573.3776 | Y33: ='Intermédiaire_Prod-Résultats'!T32 -> -35.7543 | Z33: ='Intermédiaire_Prod-Résultats'!AC32 -> -552.1813 | AA33: ='Intermédiaire_Prod-Résultats'!AC32 -> -552.1813 | AB33: ='Intermédiaire_Prod-Résultats'!AL32 -> -196.5999 | AC33: ='Intermédiaire_Prod-Résultats'!AO32 -> -573.3776 | AD33: ='Intermédiaire_Prod-Résultats'!AU32 -> -35.7543 | AE33: ='Intermédiaire_Prod-Résultats'!BD32 -> -534.6813 | AF33: ='Intermédiaire_Prod-Résultats'!BD32 -> -534.6813 | AG33: ='Intermédiaire_Prod-Résultats'!BM32 -> -196.5999 | AH33: ='Intermédiaire_Prod-Résultats'!BP32 -> -573.3776 | AI33: ='Intermédiaire_Prod-Résultats'!BV32 -> -35.7543 | AJ33: ='Intermédiaire_Prod-Résultats'!CE32 -> -517.1813 | AK33: ='Intermédiaire_Prod-Résultats'!CE32 -> -517.1813 | AL33: - | AM33: - | AN33: - | AO33: =AVERAGE(W33:AN33) -> -375.01888
A34: =A13 -> SEIGLE - AVOINE - BLÉ DE PRINTEMPS PANIFIABLE - PRAIRIES (2 ANS) | B34: ='Intermédiaire_Prod-Résultats'!V32 -> -249.5906 | C34: ='Intermédiaire_Prod-Résultats'!M32 -> -573.3776 | D34: ='Intermédiaire_Prod-Résultats'!S32 -> -35.7543 | E34: ='Intermédiaire_Prod-Résultats'!AB32 -> -552.1813 | F34: ='Intermédiaire_Prod-Résultats'!AB32 -> -552.1813 | G34: ='Intermédiaire_Prod-Résultats'!AW32 -> -249.5906 | H34: ='Intermédiaire_Prod-Résultats'!AN32 -> -573.3776 | I34: ='Intermédiaire_Prod-Résultats'!AT32 -> -35.7543 | J34: ='Intermédiaire_Prod-Résultats'!BC32 -> -534.6813 | K34: ='Intermédiaire_Prod-Résultats'!BC32 -> -534.6813 | L34: ='Intermédiaire_Prod-Résultats'!BX32 -> -249.5906 | M34: ='Intermédiaire_Prod-Résultats'!BO32 -> -573.3776 | N34: ='Intermédiaire_Prod-Résultats'!BU32 -> -35.7543 | O34: ='Intermédiaire_Prod-Résultats'!CD32 -> -517.1813 | P34: ='Intermédiaire_Prod-Résultats'!CD32 -> -517.1813 | Q34: - | R34: - | S34: - | T34: =AVERAGE(B34:S34) -> -385.61702 | V34: =A34 -> SEIGLE - AVOINE - BLÉ DE PRINTEMPS PANIFIABLE - PRAIRIES (2 ANS) | W34: ='Intermédiaire_Prod-Résultats'!W32 -> -249.5906 | X34: ='Intermédiaire_Prod-Résultats'!N32 -> -573.3776 | Y34: ='Intermédiaire_Prod-Résultats'!T32 -> -35.7543 | Z34: ='Intermédiaire_Prod-Résultats'!AC32 -> -552.1813 | AA34: ='Intermédiaire_Prod-Résultats'!AC32 -> -552.1813 | AB34: ='Intermédiaire_Prod-Résultats'!AX32 -> -249.5906 | AC34: ='Intermédiaire_Prod-Résultats'!AO32 -> -573.3776 | AD34: ='Intermédiaire_Prod-Résultats'!AU32 -> -35.7543 | AE34: ='Intermédiaire_Prod-Résultats'!BD32 -> -534.6813 | AF34: ='Intermédiaire_Prod-Résultats'!BD32 -> -534.6813 | AG34: ='Intermédiaire_Prod-Résultats'!BY32 -> -249.5906 | AH34: ='Intermédiaire_Prod-Résultats'!BP32 -> -573.3776 | AI34: ='Intermédiaire_Prod-Résultats'!BV32 -> -35.7543 | AJ34: ='Intermédiaire_Prod-Résultats'!CE32 -> -517.1813 | AK34: ='Intermédiaire_Prod-Résultats'!CE32 -> -517.1813 | AL34: - | AM34: - | AN34: - | AO34: =AVERAGE(W34:AN34) -> -385.61702
A35: =A14 -> SEIGLE HYBRIDE D'AUTOMNE- AVOINE - BLÉ DE PRINTEMPS PANIFIABLE - PRAIRIES (2 ANS) | B35: ='Intermédiaire_Prod-Résultats'!Y32 -> 695.8463 | C35: ='Intermédiaire_Prod-Résultats'!M32 -> -573.3776 | D35: ='Intermédiaire_Prod-Résultats'!S32 -> -35.7543 | E35: ='Intermédiaire_Prod-Résultats'!AB32 -> -552.1813 | F35: ='Intermédiaire_Prod-Résultats'!AB32 -> -552.1813 | G35: ='Intermédiaire_Prod-Résultats'!AZ32 -> 695.8463 | H35: ='Intermédiaire_Prod-Résultats'!AN32 -> -573.3776 | I35: ='Intermédiaire_Prod-Résultats'!AT32 -> -35.7543 | J35: ='Intermédiaire_Prod-Résultats'!BC32 -> -534.6813 | K35: ='Intermédiaire_Prod-Résultats'!BC32 -> -534.6813 | L35: ='Intermédiaire_Prod-Résultats'!CA32 -> 695.8463 | M35: ='Intermédiaire_Prod-Résultats'!BO32 -> -573.3776 | N35: ='Intermédiaire_Prod-Résultats'!BU32 -> -35.7543 | O35: ='Intermédiaire_Prod-Résultats'!CD32 -> -517.1813 | P35: ='Intermédiaire_Prod-Résultats'!CD32 -> -517.1813 | Q35: - | R35: - | S35: - | T35: =AVERAGE(B35:S35) -> -196.52964 | V35: =A35 -> SEIGLE HYBRIDE D'AUTOMNE- AVOINE - BLÉ DE PRINTEMPS PANIFIABLE - PRAIRIES (2 ANS) | W35: ='Intermédiaire_Prod-Résultats'!Z32 -> 695.8463 | X35: ='Intermédiaire_Prod-Résultats'!N32 -> -573.3776 | Y35: ='Intermédiaire_Prod-Résultats'!T32 -> -35.7543 | Z35: ='Intermédiaire_Prod-Résultats'!AC32 -> -552.1813 | AA35: ='Intermédiaire_Prod-Résultats'!AC32 -> -552.1813 | AB35: ='Intermédiaire_Prod-Résultats'!BA32 -> 695.8463 | AC35: ='Intermédiaire_Prod-Résultats'!AO32 -> -573.3776 | AD35: ='Intermédiaire_Prod-Résultats'!AU32 -> -35.7543 | AE35: ='Intermédiaire_Prod-Résultats'!BD32 -> -534.6813 | AF35: ='Intermédiaire_Prod-Résultats'!BD32 -> -534.6813 | AG35: ='Intermédiaire_Prod-Résultats'!CB32 -> 695.8463 | AH35: ='Intermédiaire_Prod-Résultats'!BP32 -> -573.3776 | AI35: ='Intermédiaire_Prod-Résultats'!BV32 -> -35.7543 | AJ35: ='Intermédiaire_Prod-Résultats'!CE32 -> -517.1813 | AK35: ='Intermédiaire_Prod-Résultats'!CE32 -> -517.1813 | AL35: - | AM35: - | AN35: - | AO35: =AVERAGE(W35:AN35) -> -196.52964
A36: =A15 -> CHANVRE - BLÉ D'AUTOMNE PANIFIABLE - SARRASIN - BLÉ DE PRINTEMPS PANIFIABLE - PRAIRIES (2 ANS) | B36: ='Intermédiaire_Prod-Résultats'!D32 -> 820.62382 | C36: ='Intermédiaire_Prod-Résultats'!P32 -> 379.33751 | D36: ='Intermédiaire_Prod-Résultats'!G32 -> 130.1187 | E36: ='Intermédiaire_Prod-Résultats'!S32 -> -35.7543 | F36: ='Intermédiaire_Prod-Résultats'!AB32 -> -552.1813 | G36: ='Intermédiaire_Prod-Résultats'!AB32 -> -552.1813 | H36: ='Intermédiaire_Prod-Résultats'!AE32 -> 820.62382 | I36: ='Intermédiaire_Prod-Résultats'!AQ32 -> 379.33751 | J36: ='Intermédiaire_Prod-Résultats'!AH32 -> 130.1187 | K36: ='Intermédiaire_Prod-Résultats'!AT32 -> -35.7543 | L36: ='Intermédiaire_Prod-Résultats'!BC32 -> -534.6813 | M36: ='Intermédiaire_Prod-Résultats'!BC32 -> -534.6813 | N36: ='Intermédiaire_Prod-Résultats'!BF32 -> 820.62382 | O36: ='Intermédiaire_Prod-Résultats'!BR32 -> 379.33751 | P36: ='Intermédiaire_Prod-Résultats'!BI32 -> 130.1187 | Q36: ='Intermédiaire_Prod-Résultats'!BU32 -> -35.7543 | R36: ='Intermédiaire_Prod-Résultats'!CD32 -> -517.1813 | S36: ='Intermédiaire_Prod-Résultats'!CD32 -> -517.1813 | T36: =AVERAGE(B36:S36) -> 37.493855 | V36: =A36 -> CHANVRE - BLÉ D'AUTOMNE PANIFIABLE - SARRASIN - BLÉ DE PRINTEMPS PANIFIABLE - PRAIRIES (2 ANS) | W36: ='Intermédiaire_Prod-Résultats'!E32 -> 820.62382 | X36: ='Intermédiaire_Prod-Résultats'!Q32 -> 379.33751 | Y36: ='Intermédiaire_Prod-Résultats'!H32 -> 130.1187 | Z36: ='Intermédiaire_Prod-Résultats'!T32 -> -35.7543 | AA36: ='Intermédiaire_Prod-Résultats'!AC32 -> -552.1813 | AB36: ='Intermédiaire_Prod-Résultats'!AC32 -> -552.1813 | AC36: ='Intermédiaire_Prod-Résultats'!AF32 -> 820.62382 | AD36: ='Intermédiaire_Prod-Résultats'!AR32 -> 379.33751 | AE36: ='Intermédiaire_Prod-Résultats'!AI32 -> 130.1187 | AF36: ='Intermédiaire_Prod-Résultats'!AU32 -> -35.7543 | AG36: ='Intermédiaire_Prod-Résultats'!BD32 -> -534.6813 | AH36: ='Intermédiaire_Prod-Résultats'!BD32 -> -534.6813 | AI36: ='Intermédiaire_Prod-Résultats'!BG32 -> 820.62382 | AJ36: ='Intermédiaire_Prod-Résultats'!BS32 -> 379.33751 | AK36: ='Intermédiaire_Prod-Résultats'!BJ32 -> 130.1187 | AL36: ='Intermédiaire_Prod-Résultats'!BV32 -> -35.7543 | AM36: ='Intermédiaire_Prod-Résultats'!CE32 -> -517.1813 | AN36: ='Intermédiaire_Prod-Résultats'!CE32 -> -517.1813 | AO36: =AVERAGE(W36:AN36) -> 37.493855
A37: =A16 -> CHANVRE - BLÉ DE PRINTEMPS PANIFIABLE - SARRASIN - BLÉ DE PRINTEMPS PANIFIABLE - PRAIRIES (2 ANS) | B37: ='Intermédiaire_Prod-Résultats'!D32 -> 820.62382 | C37: ='Intermédiaire_Prod-Résultats'!S32 -> -35.7543 | D37: ='Intermédiaire_Prod-Résultats'!G32 -> 130.1187 | E37: ='Intermédiaire_Prod-Résultats'!S32 -> -35.7543 | F37: ='Intermédiaire_Prod-Résultats'!AB32 -> -552.1813 | G37: ='Intermédiaire_Prod-Résultats'!AB32 -> -552.1813 | H37: ='Intermédiaire_Prod-Résultats'!AE32 -> 820.62382 | I37: ='Intermédiaire_Prod-Résultats'!AT32 -> -35.7543 | J37: ='Intermédiaire_Prod-Résultats'!AH32 -> 130.1187 | K37: ='Intermédiaire_Prod-Résultats'!AT32 -> -35.7543 | L37: ='Intermédiaire_Prod-Résultats'!BC32 -> -534.6813 | M37: ='Intermédiaire_Prod-Résultats'!BC32 -> -534.6813 | N37: ='Intermédiaire_Prod-Résultats'!BF32 -> 820.62382 | O37: ='Intermédiaire_Prod-Résultats'!BU32 -> -35.7543 | P37: ='Intermédiaire_Prod-Résultats'!BI32 -> 130.1187 | Q37: ='Intermédiaire_Prod-Résultats'!BU32 -> -35.7543 | R37: ='Intermédiaire_Prod-Résultats'!CD32 -> -517.1813 | S37: ='Intermédiaire_Prod-Résultats'!CD32 -> -517.1813 | T37: =AVERAGE(B37:S37) -> -31.688113 | V37: =A37 -> CHANVRE - BLÉ DE PRINTEMPS PANIFIABLE - SARRASIN - BLÉ DE PRINTEMPS PANIFIABLE - PRAIRIES (2 ANS) | W37: ='Intermédiaire_Prod-Résultats'!E32 -> 820.62382 | X37: ='Intermédiaire_Prod-Résultats'!T32 -> -35.7543 | Y37: ='Intermédiaire_Prod-Résultats'!H32 -> 130.1187 | Z37: ='Intermédiaire_Prod-Résultats'!T32 -> -35.7543 | AA37: ='Intermédiaire_Prod-Résultats'!AC32 -> -552.1813 | AB37: ='Intermédiaire_Prod-Résultats'!AC32 -> -552.1813 | AC37: ='Intermédiaire_Prod-Résultats'!AF32 -> 820.62382 | AD37: ='Intermédiaire_Prod-Résultats'!AU32 -> -35.7543 | AE37: ='Intermédiaire_Prod-Résultats'!AI32 -> 130.1187 | AF37: ='Intermédiaire_Prod-Résultats'!AU32 -> -35.7543 | AG37: ='Intermédiaire_Prod-Résultats'!BD32 -> -534.6813 | AH37: ='Intermédiaire_Prod-Résultats'!BD32 -> -534.6813 | AI37: ='Intermédiaire_Prod-Résultats'!BG32 -> 820.62382 | AJ37: ='Intermédiaire_Prod-Résultats'!BV32 -> -35.7543 | AK37: ='Intermédiaire_Prod-Résultats'!BJ32 -> 130.1187 | AL37: ='Intermédiaire_Prod-Résultats'!BV32 -> -35.7543 | AM37: ='Intermédiaire_Prod-Résultats'!CE32 -> -517.1813 | AN37: ='Intermédiaire_Prod-Résultats'!CE32 -> -517.1813 | AO37: =AVERAGE(W37:AN37) -> -31.688113
A38: =A17 -> CHANVRE - ORGE - SARRASIN - BLÉ DE PRINTEMPS PANIFIABLE - PRAIRIES (2 ANS) | B38: ='Intermédiaire_Prod-Résultats'!D32 -> 820.62382 | C38: ='Intermédiaire_Prod-Résultats'!J32 -> -196.5999 | D38: ='Intermédiaire_Prod-Résultats'!G32 -> 130.1187 | E38: ='Intermédiaire_Prod-Résultats'!S32 -> -35.7543 | F38: ='Intermédiaire_Prod-Résultats'!AB32 -> -552.1813 | G38: ='Intermédiaire_Prod-Résultats'!AB32 -> -552.1813 | H38: ='Intermédiaire_Prod-Résultats'!AE32 -> 820.62382 | I38: ='Intermédiaire_Prod-Résultats'!AK32 -> -196.5999 | J38: ='Intermédiaire_Prod-Résultats'!AH32 -> 130.1187 | K38: ='Intermédiaire_Prod-Résultats'!AT32 -> -35.7543 | L38: ='Intermédiaire_Prod-Résultats'!BC32 -> -534.6813 | M38: ='Intermédiaire_Prod-Résultats'!BC32 -> -534.6813 | N38: ='Intermédiaire_Prod-Résultats'!BF32 -> 820.62382 | O38: ='Intermédiaire_Prod-Résultats'!BL32 -> -196.5999 | P38: ='Intermédiaire_Prod-Résultats'!BI32 -> 130.1187 | Q38: ='Intermédiaire_Prod-Résultats'!BU32 -> -35.7543 | R38: ='Intermédiaire_Prod-Résultats'!CD32 -> -517.1813 | S38: ='Intermédiaire_Prod-Résultats'!CD32 -> -517.1813 | T38: =AVERAGE(B38:S38) -> -58.495713 | V38: =A38 -> CHANVRE - ORGE - SARRASIN - BLÉ DE PRINTEMPS PANIFIABLE - PRAIRIES (2 ANS) | W38: ='Intermédiaire_Prod-Résultats'!E32 -> 820.62382 | X38: ='Intermédiaire_Prod-Résultats'!K32 -> -196.5999 | Y38: ='Intermédiaire_Prod-Résultats'!H32 -> 130.1187 | Z38: ='Intermédiaire_Prod-Résultats'!T32 -> -35.7543 | AA38: ='Intermédiaire_Prod-Résultats'!AC32 -> -552.1813 | AB38: ='Intermédiaire_Prod-Résultats'!AC32 -> -552.1813 | AC38: ='Intermédiaire_Prod-Résultats'!AF32 -> 820.62382 | AD38: ='Intermédiaire_Prod-Résultats'!AL32 -> -196.5999 | AE38: ='Intermédiaire_Prod-Résultats'!AI32 -> 130.1187 | AF38: ='Intermédiaire_Prod-Résultats'!AU32 -> -35.7543 | AG38: ='Intermédiaire_Prod-Résultats'!BD32 -> -534.6813 | AH38: ='Intermédiaire_Prod-Résultats'!BD32 -> -534.6813 | AI38: ='Intermédiaire_Prod-Résultats'!BG32 -> 820.62382 | AJ38: ='Intermédiaire_Prod-Résultats'!BM32 -> -196.5999 | AK38: ='Intermédiaire_Prod-Résultats'!BJ32 -> 130.1187 | AL38: ='Intermédiaire_Prod-Résultats'!BV32 -> -35.7543 | AM38: ='Intermédiaire_Prod-Résultats'!CE32 -> -517.1813 | AN38: ='Intermédiaire_Prod-Résultats'!CE32 -> -517.1813 | AO38: =AVERAGE(W38:AN38) -> -58.495713
A39: =A18 -> CHANVRE - AVOINE - SARRASIN - BLÉ DE PRINTEMPS PANIFIABLE - PRAIRIES (2 ANS) | B39: ='Intermédiaire_Prod-Résultats'!D32 -> 820.62382 | C39: ='Intermédiaire_Prod-Résultats'!M32 -> -573.3776 | D39: ='Intermédiaire_Prod-Résultats'!G32 -> 130.1187 | E39: ='Intermédiaire_Prod-Résultats'!S32 -> -35.7543 | F39: ='Intermédiaire_Prod-Résultats'!AB32 -> -552.1813 | G39: ='Intermédiaire_Prod-Résultats'!AB32 -> -552.1813 | H39: ='Intermédiaire_Prod-Résultats'!AE32 -> 820.62382 | I39: ='Intermédiaire_Prod-Résultats'!AN32 -> -573.3776 | J39: ='Intermédiaire_Prod-Résultats'!AH32 -> 130.1187 | K39: ='Intermédiaire_Prod-Résultats'!AT32 -> -35.7543 | L39: ='Intermédiaire_Prod-Résultats'!BC32 -> -534.6813 | M39: ='Intermédiaire_Prod-Résultats'!BC32 -> -534.6813 | N39: ='Intermédiaire_Prod-Résultats'!BF32 -> 820.62382 | O39: ='Intermédiaire_Prod-Résultats'!BO32 -> -573.3776 | P39: ='Intermédiaire_Prod-Résultats'!BI32 -> 130.1187 | Q39: ='Intermédiaire_Prod-Résultats'!BU32 -> -35.7543 | R39: ='Intermédiaire_Prod-Résultats'!CD32 -> -517.1813 | S39: ='Intermédiaire_Prod-Résultats'!CD32 -> -517.1813 | T39: =AVERAGE(B39:S39) -> -121.292 | V39: =A39 -> CHANVRE - AVOINE - SARRASIN - BLÉ DE PRINTEMPS PANIFIABLE - PRAIRIES (2 ANS) | W39: ='Intermédiaire_Prod-Résultats'!E32 -> 820.62382 | X39: ='Intermédiaire_Prod-Résultats'!N32 -> -573.3776 | Y39: ='Intermédiaire_Prod-Résultats'!H32 -> 130.1187 | Z39: ='Intermédiaire_Prod-Résultats'!T32 -> -35.7543 | AA39: ='Intermédiaire_Prod-Résultats'!AC32 -> -552.1813 | AB39: ='Intermédiaire_Prod-Résultats'!AC32 -> -552.1813 | AC39: ='Intermédiaire_Prod-Résultats'!AF32 -> 820.62382 | AD39: ='Intermédiaire_Prod-Résultats'!AO32 -> -573.3776 | AE39: ='Intermédiaire_Prod-Résultats'!AI32 -> 130.1187 | AF39: ='Intermédiaire_Prod-Résultats'!AU32 -> -35.7543 | AG39: ='Intermédiaire_Prod-Résultats'!BD32 -> -534.6813 | AH39: ='Intermédiaire_Prod-Résultats'!BD32 -> -534.6813 | AI39: ='Intermédiaire_Prod-Résultats'!BG32 -> 820.62382 | AJ39: ='Intermédiaire_Prod-Résultats'!BP32 -> -573.3776 | AK39: ='Intermédiaire_Prod-Résultats'!BJ32 -> 130.1187 | AL39: ='Intermédiaire_Prod-Résultats'!BV32 -> -35.7543 | AM39: ='Intermédiaire_Prod-Résultats'!CE32 -> -517.1813 | AN39: ='Intermédiaire_Prod-Résultats'!CE32 -> -517.1813 | AO39: =AVERAGE(W39:AN39) -> -121.292
A40: =A19 -> CHANVRE - SEIGLE - SARRASIN - BLÉ DE PRINTEMPS PANIFIABLE - PRAIRIES (2 ANS) | B40: ='Intermédiaire_Prod-Résultats'!D32 -> 820.62382 | C40: ='Intermédiaire_Prod-Résultats'!V32 -> -249.5906 | D40: ='Intermédiaire_Prod-Résultats'!G32 -> 130.1187 | E40: ='Intermédiaire_Prod-Résultats'!S32 -> -35.7543 | F40: ='Intermédiaire_Prod-Résultats'!AB32 -> -552.1813 | G40: ='Intermédiaire_Prod-Résultats'!AB32 -> -552.1813 | H40: ='Intermédiaire_Prod-Résultats'!AE32 -> 820.62382 | I40: ='Intermédiaire_Prod-Résultats'!AW32 -> -249.5906 | J40: ='Intermédiaire_Prod-Résultats'!AH32 -> 130.1187 | K40: ='Intermédiaire_Prod-Résultats'!AT32 -> -35.7543 | L40: ='Intermédiaire_Prod-Résultats'!BC32 -> -534.6813 | M40: ='Intermédiaire_Prod-Résultats'!BC32 -> -534.6813 | N40: ='Intermédiaire_Prod-Résultats'!BF32 -> 820.62382 | O40: ='Intermédiaire_Prod-Résultats'!BX32 -> -249.5906 | P40: ='Intermédiaire_Prod-Résultats'!BI32 -> 130.1187 | Q40: ='Intermédiaire_Prod-Résultats'!BU32 -> -35.7543 | R40: ='Intermédiaire_Prod-Résultats'!CD32 -> -517.1813 | S40: ='Intermédiaire_Prod-Résultats'!CD32 -> -517.1813 | T40: =AVERAGE(B40:S40) -> -67.327497 | V40: =A40 -> CHANVRE - SEIGLE - SARRASIN - BLÉ DE PRINTEMPS PANIFIABLE - PRAIRIES (2 ANS) | W40: ='Intermédiaire_Prod-Résultats'!E32 -> 820.62382 | X40: ='Intermédiaire_Prod-Résultats'!W32 -> -249.5906 | Y40: ='Intermédiaire_Prod-Résultats'!H32 -> 130.1187 | Z40: ='Intermédiaire_Prod-Résultats'!T32 -> -35.7543 | AA40: ='Intermédiaire_Prod-Résultats'!AC32 -> -552.1813 | AB40: ='Intermédiaire_Prod-Résultats'!AC32 -> -552.1813 | AC40: ='Intermédiaire_Prod-Résultats'!AF32 -> 820.62382 | AD40: ='Intermédiaire_Prod-Résultats'!AX32 -> -249.5906 | AE40: ='Intermédiaire_Prod-Résultats'!AI32 -> 130.1187 | AF40: ='Intermédiaire_Prod-Résultats'!AU32 -> -35.7543 | AG40: ='Intermédiaire_Prod-Résultats'!BD32 -> -534.6813 | AH40: ='Intermédiaire_Prod-Résultats'!BD32 -> -534.6813 | AI40: ='Intermédiaire_Prod-Résultats'!BG32 -> 820.62382 | AJ40: ='Intermédiaire_Prod-Résultats'!BY32 -> -249.5906 | AK40: ='Intermédiaire_Prod-Résultats'!BJ32 -> 130.1187 | AL40: ='Intermédiaire_Prod-Résultats'!BV32 -> -35.7543 | AM40: ='Intermédiaire_Prod-Résultats'!CE32 -> -517.1813 | AN40: ='Intermédiaire_Prod-Résultats'!CE32 -> -517.1813 | AO40: =AVERAGE(W40:AN40) -> -67.327497
A41: =A20 -> CHANVRE - SEIGLE HYBRIDE D'AUTOMNE - SARRASIN - BLÉ DE PRINTEMPS PANIFIABLE - PRAIRIES (2 ANS) | B41: ='Intermédiaire_Prod-Résultats'!D32 -> 820.62382 | C41: ='Intermédiaire_Prod-Résultats'!Y32 -> 695.8463 | D41: ='Intermédiaire_Prod-Résultats'!G32 -> 130.1187 | E41: ='Intermédiaire_Prod-Résultats'!S32 -> -35.7543 | F41: ='Intermédiaire_Prod-Résultats'!AB32 -> -552.1813 | G41: ='Intermédiaire_Prod-Résultats'!AB32 -> -552.1813 | H41: ='Intermédiaire_Prod-Résultats'!AE32 -> 820.62382 | I41: ='Intermédiaire_Prod-Résultats'!AZ32 -> 695.8463 | J41: ='Intermédiaire_Prod-Résultats'!AH32 -> 130.1187 | K41: ='Intermédiaire_Prod-Résultats'!AT32 -> -35.7543 | L41: ='Intermédiaire_Prod-Résultats'!BC32 -> -534.6813 | M41: ='Intermédiaire_Prod-Résultats'!BC32 -> -534.6813 | N41: ='Intermédiaire_Prod-Résultats'!BF32 -> 820.62382 | O41: ='Intermédiaire_Prod-Résultats'!CA32 -> 695.8463 | P41: ='Intermédiaire_Prod-Résultats'!BI32 -> 130.1187 | Q41: ='Intermédiaire_Prod-Résultats'!BU32 -> -35.7543 | R41: ='Intermédiaire_Prod-Résultats'!CD32 -> -517.1813 | S41: ='Intermédiaire_Prod-Résultats'!CD32 -> -517.1813 | T41: =AVERAGE(B41:S41) -> 90.24532 | V41: =A41 -> CHANVRE - SEIGLE HYBRIDE D'AUTOMNE - SARRASIN - BLÉ DE PRINTEMPS PANIFIABLE - PRAIRIES (2 ANS) | W41: ='Intermédiaire_Prod-Résultats'!E32 -> 820.62382 | X41: ='Intermédiaire_Prod-Résultats'!Z32 -> 695.8463 | Y41: ='Intermédiaire_Prod-Résultats'!H32 -> 130.1187 | Z41: ='Intermédiaire_Prod-Résultats'!T32 -> -35.7543 | AA41: ='Intermédiaire_Prod-Résultats'!AC32 -> -552.1813 | AB41: ='Intermédiaire_Prod-Résultats'!AC32 -> -552.1813 | AC41: ='Intermédiaire_Prod-Résultats'!AF32 -> 820.62382 | AD41: ='Intermédiaire_Prod-Résultats'!BA32 -> 695.8463 | AE41: ='Intermédiaire_Prod-Résultats'!AI32 -> 130.1187 | AF41: ='Intermédiaire_Prod-Résultats'!AU32 -> -35.7543 | AG41: ='Intermédiaire_Prod-Résultats'!BD32 -> -534.6813 | AH41: ='Intermédiaire_Prod-Résultats'!BD32 -> -534.6813 | AI41: ='Intermédiaire_Prod-Résultats'!BG32 -> 820.62382 | AJ41: ='Intermédiaire_Prod-Résultats'!CB32 -> 695.8463 | AK41: ='Intermédiaire_Prod-Résultats'!BJ32 -> 130.1187 | AL41: ='Intermédiaire_Prod-Résultats'!BV32 -> -35.7543 | AM41: ='Intermédiaire_Prod-Résultats'!CE32 -> -517.1813 | AN41: ='Intermédiaire_Prod-Résultats'!CE32 -> -517.1813 | AO41: =AVERAGE(W41:AN41) -> 90.24532

Sheet Résultats_sommaires
A1: Marge bénéficiaire après frais monétaires, moyenne annuelle ($/ha) | N1: Marge bénéficiaire après frais monétaires de votre ferme, moyenne annuelle ($/ha)
A2: ROTATIONS | B2: Moyenne annuelle Cycle 1 | C2: Moyenne annuelle Cycle 2 | D2: Moyenne annuelle Cycle 3 | E2: Moyenne annuelle des trois cycles | N2: ROTATIONS | O2: Moyenne annuelle Cycle 1 | P2: Moyenne annuelle Cycle 2 | Q2: Moyenne annuelle Cycle 3 | R2: Moyenne annuelle des trois cycles
A3: =Résultats_détaillés!A5 -> CHANVRE - BLÉ DE PRINTEMPS PANIFIABLE - AVOINE - SARRASIN - ENGRAIS VERTS | B3: =AVERAGE(Résultats_détaillés!B5:F5) -> 551.47212 | C3: =AVERAGE(Résultats_détaillés!G5:K5) -> 551.47212 | D3: =AVERAGE(Résultats_détaillés!L5:P5) -> 551.47212 | E3: =AVERAGE(B3:D3) -> 551.47212 | N3: =A3 -> CHANVRE - BLÉ DE PRINTEMPS PANIFIABLE - AVOINE - SARRASIN - ENGRAIS VERTS | O3: =AVERAGE(Résultats_détaillés!W5:AA5) -> 551.47212 | P3: =AVERAGE(Résultats_détaillés!AB5:AF5) -> 551.47212 | Q3: =AVERAGE(Résultats_détaillés!Y5:AC5) -> 551.47212 | R3: =AVERAGE(O3:Q3) -> 551.47212
A4: =Résultats_détaillés!A6 -> CHANVRE - BLÉ D'AUTOMNE PANIFIABLE - AVOINE - SARRASIN - ENGRAIS VERTS | B4: =AVERAGE(Résultats_détaillés!B6:F6) -> 634.49049 | C4: =AVERAGE(Résultats_détaillés!G6:K6) -> 634.49049 | D4: =AVERAGE(Résultats_détaillés!L6:P6) -> 634.49049 | E4: =AVERAGE(B4:D4) -> 634.49049 | N4: =A4 -> CHANVRE - BLÉ D'AUTOMNE PANIFIABLE - AVOINE - SARRASIN - ENGRAIS VERTS | O4: =AVERAGE(Résultats_détaillés!W6:AA6) -> 634.49049 | P4: =AVERAGE(Résultats_détaillés!AB6:AF6) -> 634.49049 | Q4: =AVERAGE(Résultats_détaillés!Y6:AC6) -> 634.49049 | R4: =AVERAGE(O4:Q4) -> 634.49049
A5: =Résultats_détaillés!A7 -> CHANVRE - ORGE - AVOINE - SARRASIN - ENGRAIS VERTS | B5: =AVERAGE(Résultats_détaillés!B7:F7) -> 519.793 | C5: =AVERAGE(Résultats_détaillés!G7:K7) -> 519.793 | D5: =AVERAGE(Résultats_détaillés!L7:P7) -> 519.793 | E5: =AVERAGE(B5:D5) -> 519.793 | N5: =A5 -> CHANVRE - ORGE - AVOINE - SARRASIN - ENGRAIS VERTS | O5: =AVERAGE(Résultats_détaillés!W7:AA7) -> 519.793 | P5: =AVERAGE(Résultats_détaillés!AB7:AF7) -> 519.793 | Q5: =AVERAGE(Résultats_détaillés!Y7:AC7) -> 519.793 | R5: =AVERAGE(O5:Q5) -> 519.793
A6: =Résultats_détaillés!A8 -> CHANVRE - SEIGLE - AVOINE - SARRASIN - ENGRAIS VERTS | B6: =AVERAGE(Résultats_détaillés!B8:F8) -> 502.05686 | C6: =AVERAGE(Résultats_détaillés!G8:K8) -> 502.05686 | D6: =AVERAGE(Résultats_détaillés!L8:P8) -> 502.05686 | E6: =AVERAGE(B6:D6) -> 502.05686 | N6: =A6 -> CHANVRE - SEIGLE - AVOINE - SARRASIN - ENGRAIS VERTS | O6: =AVERAGE(Résultats_détaillés!W8:AA8) -> 502.05686 | P6: =AVERAGE(Résultats_détaillés!AB8:AF8) -> 502.05686 | Q6: =AVERAGE(Résultats_détaillés!Y8:AC8) -> 502.05686 | R6: =AVERAGE(O6:Q6) -> 502.05686
A7: =Résultats_détaillés!A9 -> CHANVRE - SEIGLE HYBRIDE D'AUTOMNE - AVOINE - SARRASIN - ENGRAIS VERTS | B7: =AVERAGE(Résultats_détaillés!B9:F9) -> 691.14424 | C7: =AVERAGE(Résultats_détaillés!G9:K9) -> 691.14424 | D7: =AVERAGE(Résultats_détaillés!L9:P9) -> 691.14424 | E7: =AVERAGE(B7:D7) -> 691.14424 | N7: =A7 -> CHANVRE - SEIGLE HYBRIDE D'AUTOMNE - AVOINE - SARRASIN - ENGRAIS VERTS | O7: =AVERAGE(Résultats_détaillés!W9:AA9) -> 691.14424 | P7: =AVERAGE(Résultats_détaillés!AB9:AF9) -> 691.14424 | Q7: =AVERAGE(Résultats_détaillés!Y9:AC9) -> 691.14424 | R7: =AVERAGE(O7:Q7) -> 691.14424
N8: =A8 -> 0
A9: =Résultats_détaillés!A10 -> BLÉ DE PRINTEMPS PANIFIABLE - AVOINE - BLÉ DE PRINTEMPS PANIFIABLE - PRAIRIE (2 ANS) | B9: =AVERAGE(Résultats_détaillés!B10:F10) -> 222.97624 | C9: =AVERAGE(Résultats_détaillés!G10:K10) -> 229.97624 | D9: =AVERAGE(Résultats_détaillés!L10:P10) -> 236.97624 | E9: =AVERAGE(B9:D9) -> 229.97624 | N9: =A9 -> BLÉ DE PRINTEMPS PANIFIABLE - AVOINE - BLÉ DE PRINTEMPS PANIFIABLE - PRAIRIE (2 ANS) | O9: =AVERAGE(Résultats_détaillés!W10:AA10) -> 222.97624 | P9: =AVERAGE(Résultats_détaillés!AB10:AF10) -> 229.97624 | Q9: =AVERAGE(Résultats_détaillés!AG10:AK10) -> 236.97624 | R9: =AVERAGE(O9:Q9) -> 229.97624
A10: =Résultats_détaillés!A11 -> BLÉ D'AUTOMNE PANIFIABLE - AVOINE - BLÉ DE PRINTEMPS PANIFIABLE- PRAIRIES (2 ANS) | B10: =AVERAGE(Résultats_détaillés!B11:F11) -> 305.9946 | C10: =AVERAGE(Résultats_détaillés!G11:K11) -> 312.9946 | D10: =AVERAGE(Résultats_détaillés!L11:P11) -> 319.9946 | E10: =AVERAGE(B10:D10) -> 312.9946 | N10: =A10 -> BLÉ D'AUTOMNE PANIFIABLE - AVOINE - BLÉ DE PRINTEMPS PANIFIABLE- PRAIRIES (2 ANS) | O10: =AVERAGE(Résultats_détaillés!W11:AA11) -> 305.9946 | P10: =AVERAGE(Résultats_détaillés!AB11:AF11) -> 312.9946 | Q10: =AVERAGE(Résultats_détaillés!AG11:AK11) -> 319.9946 | R10: =AVERAGE(O10:Q10) -> 312.9946
A11: =Résultats_détaillés!A12 -> ORGE - AVOINE - BLÉ DE PRINTEMPS PANIFIABLE - PRAIRIES (2 ANS) | B11: =AVERAGE(Résultats_détaillés!B12:F12) -> 191.29712 | C11: =AVERAGE(Résultats_détaillés!G12:K12) -> 198.29712 | D11: =AVERAGE(Résultats_détaillés!L12:P12) -> 205.29712 | E11: =AVERAGE(B11:D11) -> 198.29712 | N11: =A11 -> ORGE - AVOINE - BLÉ DE PRINTEMPS PANIFIABLE - PRAIRIES (2 ANS) | O11: =AVERAGE(Résultats_détaillés!W12:AA12) -> 191.29712 | P11: =AVERAGE(Résultats_détaillés!AB12:AF12) -> 198.29712 | Q11: =AVERAGE(Résultats_détaillés!AG12:AK12) -> 205.29712 | R11: =AVERAGE(O11:Q11) -> 198.29712
A12: =Résultats_détaillés!A13 -> SEIGLE - AVOINE - BLÉ DE PRINTEMPS PANIFIABLE - PRAIRIES (2 ANS) | B12: =AVERAGE(Résultats_détaillés!B13:F13) -> 173.56098 | C12: =AVERAGE(Résultats_détaillés!G13:K13) -> 180.56098 | D12: =AVERAGE(Résultats_détaillés!L13:P13) -> 187.56098 | E12: =AVERAGE(B12:D12) -> 180.56098 | N12: =A12 -> SEIGLE - AVOINE - BLÉ DE PRINTEMPS PANIFIABLE - PRAIRIES (2 ANS) | O12: =AVERAGE(Résultats_détaillés!W13:AA13) -> 173.56098 | P12: =AVERAGE(Résultats_détaillés!AB13:AF13) -> 180.56098 | Q12: =AVERAGE(Résultats_détaillés!AG13:AK13) -> 187.56098 | R12: =AVERAGE(O12:Q12) -> 180.56098
A13: =Résultats_détaillés!A14 -> SEIGLE HYBRIDE D'AUTOMNE- AVOINE - BLÉ DE PRINTEMPS PANIFIABLE - PRAIRIES (2 ANS) | B13: =AVERAGE(Résultats_détaillés!B14:F14) -> 362.64836 | C13: =AVERAGE(Résultats_détaillés!G14:K14) -> 369.64836 | D13: =AVERAGE(Résultats_détaillés!L14:P14) -> 376.64836 | E13: =AVERAGE(B13:D13) -> 369.64836 | N13: =A13 -> SEIGLE HYBRIDE D'AUTOMNE- AVOINE - BLÉ DE PRINTEMPS PANIFIABLE - PRAIRIES (2 ANS) | O13: =AVERAGE(Résultats_détaillés!W14:AA14) -> 362.64836 | P13: =AVERAGE(Résultats_détaillés!AB14:AF14) -> 369.64836 | Q13: =AVERAGE(Résultats_détaillés!AG14:AK14) -> 376.64836 | R13: =AVERAGE(O13:Q13) -> 369.64836
N14: =A14 -> 0
A15: =Résultats_détaillés!A15 -> CHANVRE - BLÉ D'AUTOMNE PANIFIABLE - SARRASIN - BLÉ DE PRINTEMPS PANIFIABLE - PRAIRIES (2 ANS) | B15: =AVERAGE(Résultats_détaillés!B15:G15) -> 679.07052 | C15: =AVERAGE(Résultats_détaillés!H15:M15) -> 684.90385 | D15: =AVERAGE(Résultats_détaillés!N15:S15) -> 690.73719 | E15: =AVERAGE(B15:D15) -> 684.90385 | N15: =A15 -> CHANVRE - BLÉ D'AUTOMNE PANIFIABLE - SARRASIN - BLÉ DE PRINTEMPS PANIFIABLE - PRAIRIES (2 ANS) | O15: =AVERAGE(Résultats_détaillés!W15:AB15) -> 679.07052 | P15: =AVERAGE(Résultats_détaillés!AC15:AH15) -> 684.90385 | Q15: =AVERAGE(Résultats_détaillés!AI15:AN15) -> 690.73719 | R15: =AVERAGE(O15:Q15) -> 684.90385
A16: =Résultats_détaillés!A16 -> CHANVRE - BLÉ DE PRINTEMPS PANIFIABLE - SARRASIN - BLÉ DE PRINTEMPS PANIFIABLE - PRAIRIES (2 ANS) | B16: =AVERAGE(Résultats_détaillés!B16:G16) -> 609.88855 | C16: =AVERAGE(Résultats_détaillés!H16:M16) -> 615.72189 | D16: =AVERAGE(Résultats_détaillés!N16:S16) -> 621.55522 | E16: =AVERAGE(B16:D16) -> 615.72189 | N16: =A16 -> CHANVRE - BLÉ DE PRINTEMPS PANIFIABLE - SARRASIN - BLÉ DE PRINTEMPS PANIFIABLE - PRAIRIES (2 ANS) | O16: =AVERAGE(Résultats_détaillés!W16:AB16) -> 609.88855 | P16: =AVERAGE(Résultats_détaillés!AC16:AH16) -> 615.72189 | Q16: =AVERAGE(Résultats_détaillés!AI16:AN16) -> 621.55522 | R16: =AVERAGE(O16:Q16) -> 615.72189
A17: =Résultats_détaillés!A17 -> CHANVRE - ORGE - SARRASIN - BLÉ DE PRINTEMPS PANIFIABLE - PRAIRIES (2 ANS) | B17: =AVERAGE(Résultats_détaillés!B17:G17) -> 583.48929 | C17: =AVERAGE(Résultats_détaillés!H17:M17) -> 589.32262 | D17: =AVERAGE(Résultats_détaillés!N17:S17) -> 595.15595 | E17: =AVERAGE(B17:D17) -> 589.32262 | N17: =A17 -> CHANVRE - ORGE - SARRASIN - BLÉ DE PRINTEMPS PANIFIABLE - PRAIRIES (2 ANS) | O17: =AVERAGE(Résultats_détaillés!W17:AB17) -> 583.48929 | P17: =AVERAGE(Résultats_détaillés!AC17:AH17) -> 589.32262 | Q17: =AVERAGE(Résultats_détaillés!AI17:AN17) -> 595.15595 | R17: =AVERAGE(O17:Q17) -> 589.32262
A18: =Résultats_détaillés!A18 -> CHANVRE - AVOINE - SARRASIN - BLÉ DE PRINTEMPS PANIFIABLE - PRAIRIES (2 ANS) | B18: =AVERAGE(Résultats_détaillés!B18:G18) -> 504.40967 | C18: =AVERAGE(Résultats_détaillés!H18:M18) -> 510.243 | D18: =AVERAGE(Résultats_détaillés!N18:S18) -> 516.07634 | E18: =AVERAGE(B18:D18) -> 510.243 | N18: =A18 -> CHANVRE - AVOINE - SARRASIN - BLÉ DE PRINTEMPS PANIFIABLE - PRAIRIES (2 ANS) | O18: =AVERAGE(Résultats_détaillés!W18:AB18) -> 504.40967 | P18: =AVERAGE(Résultats_détaillés!AC18:AH18) -> 510.243 | Q18: =AVERAGE(Résultats_détaillés!AI18:AN18) -> 516.07634 | R18: =AVERAGE(O18:Q18) -> 510.243
A19: =Résultats_détaillés!A19 -> CHANVRE - SEIGLE - SARRASIN - BLÉ DE PRINTEMPS PANIFIABLE - PRAIRIES (2 ANS) | B19: =AVERAGE(Résultats_détaillés!B19:G19) -> 568.70917 | C19: =AVERAGE(Résultats_détaillés!H19:M19) -> 574.5425 | D19: =AVERAGE(Résultats_détaillés!N19:S19) -> 580.37584 | E19: =AVERAGE(B19:D19) -> 574.5425 | N19: =A19 -> CHANVRE - SEIGLE - SARRASIN - BLÉ DE PRINTEMPS PANIFIABLE - PRAIRIES (2 ANS) | O19: =AVERAGE(Résultats_détaillés!W19:AB19) -> 568.70917 | P19: =AVERAGE(Résultats_détaillés!AC19:AH19) -> 574.5425 | Q19: =AVERAGE(Résultats_détaillés!AI19:AN19) -> 580.37584 | R19: =AVERAGE(O19:Q19) -> 574.5425
A20: =Résultats_détaillés!A20 -> CHANVRE - SEIGLE HYBRIDE D'AUTOMNE - SARRASIN - BLÉ DE PRINTEMPS PANIFIABLE - PRAIRIES (2 ANS) | B20: =AVERAGE(Résultats_détaillés!B20:G20) -> 726.28199 | C20: =AVERAGE(Résultats_détaillés!H20:M20) -> 732.11532 | D20: =AVERAGE(Résultats_détaillés!N20:S20) -> 737.94865 | E20: =AVERAGE(B20:D20) -> 732.11532 | N20: =A20 -> CHANVRE - SEIGLE HYBRIDE D'AUTOMNE - SARRASIN - BLÉ DE PRINTEMPS PANIFIABLE - PRAIRIES (2 ANS) | O20: =AVERAGE(Résultats_détaillés!W20:AB20) -> 726.28199 | P20: =AVERAGE(Résultats_détaillés!AC20:AH20) -> 732.11532 | Q20: =AVERAGE(Résultats_détaillés!AI20:AN20) -> 737.94865 | R20: =AVERAGE(O20:Q20) -> 732.11532
A25: Marge bénéficiaire après amortissement et rémunération du travail, moyenne annuelle ($/ha) | N25: Marge bénéficiaire après amortissement et rémunération du travail de votre ferme, moyenne annuelle ($/ha)
A26: ROTATIONS | B26: Moyenne annuelle Cycle 1 | C26: Moyenne annuelle Cycle 2 | D26: Moyenne annuelle Cycle 3 | E26: Moyenne annuelle des trois cycles | N26: ROTATIONS | O26: Moyenne annuelle Cycle 1 | P26: Moyenne annuelle Cycle 2 | Q26: Moyenne annuelle Cycle 3 | R26: Moyenne annuelle des trois cycles
